Workbook

Sheet CONSOLIDADO
C3: ESTUDIO DEL MERCADO FDLK-SASI-002-2026
C4: OBJETO: SUMINISTRO, ADQUISICIÓN Y DISTRIBUCIÓN A MONTO AGOTABLE DE IMPLEMENTOS, ARTÍCULOS, ACCESORIOS Y BIENES DEPORTIVOS DESTINADOS A LOS COLECTIVOS U ORGANIZACIONES RECREO-DEPORTIVAS, PERSONAS BENEFICIADAS CON ACTIVIDADES RECREO-DEPORTIVAS COMUNITARIAS DE LA LOCALIDAD DE KENNEDY Y LAS UNIDADES OPERATIVAS PRIORIZADAS POR LA SECRETARÍA DE INTEGRACIÓN SOCIAL
F7: RANGO A COTIZAR 1 PRESTIGIO EMPRESARIAL | J7: RANGO a COTIZAR 2 PRESTIGIO EMPRESARIAL | N7: RANGOS A COTIZAR 1 CORSERVICS | R7: RANGO a COTIZAR 2 CORSERVICS | V7: RANGOS A COTIZAR 1 PMOVIL | Z7: RANGO a COTIZAR 2 PMOVIL | AD7: PROMEDIO SIMPLE RANGO DE 1-30 | AF7: PROMEDIO SIMPLE RANGO DE 31-60 | AH7: MEDIA GEOMETRICA RANGO 1-30 | AJ7: MEDIA GEOMETRICA RANGO 31- 60
B8: No. | C8: ITEM | D8: CARACTERISTICAS | E8: UNIDAD DE MEDIDA | F8: UNIDADES | G8: VALOR UNITARIO ANTES DE IVA | H8: PORCENTAJE DE IVA | I8: VALOR TOTAL INCLUIDO IVA | J8: UNIDADES | K8: VALOR UNITARIO ANTES DE IVA | L8: PORCENTAJE DE IVA | M8: VALOR TOTAL INCLUIDO IVA | N8: UNIDADES | O8: VALOR UNITARIO ANTES DE IVA | P8: PORCENTAJE DE IVA | Q8: VALOR TOTAL INCLUIDO IVA | R8: UNIDADES | S8: VALOR UNITARIO ANTES DE IVA | T8: PORCENTAJE DE IVA | U8: VALOR TOTAL INCLUIDO IVA | V8: UNIDADES | W8: VALOR UNITARIO ANTES DE IVA | X8: PORCENTAJE DE IVA | Y8: VALOR TOTAL INCLUIDO IVA | Z8: UNIDADES | AA8: VALOR UNITARIO ANTES DE IVA | AB8: PORCENTAJE DE IVA | AC8: VALOR TOTAL INCLUIDO IVA | AD8: VALOR UNITARIO UNIDAD ANTES DE IVA | AE8: VALOR UNITARIO UND INCLUIDO IVA | AF8: VALOR UNITARIO UNIDAD ANTES DE IVA | AG8: VALOR UNITARIO UND INCLUIDO IVA | AH8: VALOR UNITARIO/ ANTES DE IVA | AI8: VALOR UNITARIO INCLUIDO IVA | AJ8: VALOR UNITARIO UNIDAD ANTES DE IVA | AK8: VALOR UNITARIO UND INCLUIDO IVA
B9: 1 | C9: BALÓN FUTBOL # 5 | D9: Materiales: Cubierta en material sintético laminado y/o cosido; Enmallado en Nailon de alta tenacidad y flexibilidad. Impermeable. Especificaciones : Dimensión / Espesor / Capacidad: Peso entre 0.5kg y 1kg, Tamaño: (L x P x A cm) 21x21x21 Rebote controlado entre 110 a 155 cm Bajo condiciones de temperatura de 20 grados. Alta resistencia al impacto y al desgaste absorción de humedad mínima, excelente calidad Aprobado y/o certificado bajo las normas establecidas oficiales. Aprobado y/o certificado por la federación nacional y/o internacional de la modalidad deportiva (FCF, DIMAYOR, FIFA), evidencia de lo cual será el sello sobre la superficie de cada balón. Diseño: El Balón debe mantener su peso original e impermeabilidad, para uso exterior e interior en diferentes superficies de juego. | E9: UNIDAD | F9: 1 a 30 | G9: =+'PRESTIGIO '!H12 -> 196366 | H9: 0.19 | I9: =ROUND(G9*(1+H9),0) -> 233676 | J9: 31 a 60 | K9: =+'PRESTIGIO '!L12 -> 183808 | L9: 0.19 | M9: =ROUND(K9*(1+L9),0) -> 218732 | N9: 1 a 30 | O9: =+CORSERVICS!I12 -> 163361.34 | P9: =+CORSERVICS!H12 -> 0.19 | Q9: =ROUND(O9*(1+P9),0) -> 194400 | R9: 31 a 60 | S9: =+CORSERVICS!M12 -> 162975.63 | T9: =+CORSERVICS!L12 -> 0.19 | U9: =ROUND(S9*(1+T9),0) -> 193941 | V9: 1 a 30 | W9: =+'PUBLICIDAD MOVIL'!I15 -> 203597 | X9: 0.19 | Y9: =ROUND(W9*(1+X9),0) -> 242280 | Z9: 31 a 60 | AA9: =+'PUBLICIDAD MOVIL'!M15 -> 187420 | AB9: 0.19 | AC9: =ROUND(AA9*(1+AB9),0) -> 223030 | AD9: =ROUND(AVERAGE(G9,O9,W9),0) -> 187775 | AE9: =ROUND(+AD9*(1+$H$9),0) -> 223452 | AF9: =ROUND(AVERAGE(K9,S9,AA9),0) -> 178068 | AG9: =ROUND(+AF9*(1+$H$9),0) -> 211901 | AH9: =ROUND(GEOMEAN(G9,O9,W9),0) -> 186923 | AI9: =ROUND(AH9*(1+$H$9),0) -> 222438 | AJ9: =ROUND(GEOMEAN(K9,S9,AA9),0) -> 177733 | AK9: =ROUND(AJ9*(1+$H$9),0) -> 211502
B10: 2 | C10: BALÓN FUTBOL # 4 | D10: Materiales: Cubierta en material sintético laminado y/o cosido; Enmallado en Nailon de alta tenacidad y flexibilidad. Impermeable. Especificaciones : Dimensión / Espesor / Capacidad: Peso entre 350 a 410g, Circunferencia entre 63cm a 66cm, Rebote entre 110 a 155 cm Bajo condiciones de temperatura de 20 grados. Alta resistencia al impacto y al desgaste absorción de humedad mínima, excelente calidad Aprobado y/o certificado bajo las normas establecidas oficiales. Aprobado y/o certificado por la federación nacional y/o internacional de la modalidad deportiva (FCF, DIMAYOR, FIFA), Evidencia de lo cual será el sello sobre la superficie de cada balón. Diseño: El Balón debe mantener su peso original e impermeabilidad, para uso exterior e interior en diferentes superficies de juego. | E10: UNIDAD | F10: 1 a 30 | G10: =+'PRESTIGIO '!H13 -> 183275 | H10: 0.19 | I10: =ROUND(G10*(1+H10),0) -> 218097 | J10: 31 a 60 | K10: =+'PRESTIGIO '!L13 -> 182130 | L10: 0.19 | M10: =ROUND(K10*(1+L10),0) -> 216735 | N10: 1 a 30 | O10: =+CORSERVICS!I13 -> 154285.71 | P10: =+CORSERVICS!H13 -> 0.19 | Q10: =ROUND(O10*(1+P10),0) -> 183600 | R10: 31 a 60 | S10: =+CORSERVICS!M13 -> 153900 | T10: =+CORSERVICS!L13 -> 0.19 | U10: =ROUND(S10*(1+T10),0) -> 183141 | V10: 1 a 30 | W10: =+'PUBLICIDAD MOVIL'!I16 -> 191602 | X10: 0.19 | Y10: =ROUND(W10*(1+X10),0) -> 228006 | Z10: 31 a 60 | AA10: =+'PUBLICIDAD MOVIL'!M16 -> 178858 | AB10: 0.19 | AC10: =ROUND(AA10*(1+AB10),0) -> 212841 | AD10: =ROUND(AVERAGE(G10,O10,W10),0) -> 176388 | AE10: =ROUND(+AD10*(1+$H$9),0) -> 209902 | AF10: =ROUND(AVERAGE(K10,S10,AA10),0) -> 171629 | AG10: =ROUND(+AF10*(1+$H$9),0) -> 204239 | AH10: =ROUND(GEOMEAN(G10,O10,W10),0) -> 175634 | AI10: =ROUND(AH10*(1+$H$9),0) -> 209004 | AJ10: =ROUND(GEOMEAN(K10,S10,AA10),0) -> 171150 | AK10: =ROUND(AJ10*(1+$H$9),0) -> 203669
B11: 3 | C11: BALÓN FUTBOL #3 | D11: Balón de marca reconocida laminado, con bomba en material butilo, balón No 3. Peso de 270 a 340 grs, circunferencia de 58 a 60 cm, rebote de 95 a 125 cm | E11: UNIDAD | F11: 1 a 30 | G11: =+'PRESTIGIO '!H14 -> 175709 | H11: 0.19 | I11: =ROUND(G11*(1+H11),0) -> 209094 | J11: 31 a 60 | K11: =+'PRESTIGIO '!L14 -> 172070 | L11: 0.19 | M11: =ROUND(K11*(1+L11),0) -> 204763 | N11: 1 a 30 | O11: =+CORSERVICS!I14 -> 145210.08 | P11: =+CORSERVICS!H14 -> 0.19 | Q11: =ROUND(O11*(1+P11),0) -> 172800 | R11: 31 a 60 | S11: =+CORSERVICS!M14 -> 144824.37 | T11: =+CORSERVICS!L14 -> 0.19 | U11: =ROUND(S11*(1+T11),0) -> 172341 | V11: 1 a 30 | W11: =+'PUBLICIDAD MOVIL'!I17 -> 181770 | X11: 0.19 | Y11: =ROUND(W11*(1+X11),0) -> 216306 | Z11: 31 a 60 | AA11: =+'PUBLICIDAD MOVIL'!M17 -> 166452 | AB11: 0.19 | AC11: =ROUND(AA11*(1+AB11),0) -> 198078 | AD11: =ROUND(AVERAGE(G11,O11,W11),0) -> 167563 | AE11: =ROUND(+AD11*(1+$H$9),0) -> 199400 | AF11: =ROUND(AVERAGE(K11,S11,AA11),0) -> 161115 | AG11: =ROUND(+AF11*(1+$H$9),0) -> 191727 | AH11: =ROUND(GEOMEAN(G11,O11,W11),0) -> 166765 | AI11: =ROUND(AH11*(1+$H$9),0) -> 198450 | AJ11: =ROUND(GEOMEAN(K11,S11,AA11),0) -> 160674 | AK11: =ROUND(AJ11*(1+$H$9),0) -> 191202
B12: 4 | C12: BALÓN FUNDAMENTACION FUTBOL / VOLEIBOL | D12: Pelota para fundamentación Inflable elaborada en material a base de PVC, sin cámara de Aire para Fútbol/voleibol con peso de 280 grs, soporta hasta 4 lb de presión de aire, diseño de 32 paneles con pentágonos en color negro e interior de color azul, roja, blanca o amarillo. de superficie Lisa, Diámetro de 21 cm aprox. Importada de marca reconocida en el mercado | E12: UNIDAD | F12: 1 a 30 | G12: =+'PRESTIGIO '!H15 -> 52527 | H12: 0.19 | I12: =ROUND(G12*(1+H12),0) -> 62507 | J12: 31 a 60 | K12: =+'PRESTIGIO '!L15 -> 50899 | L12: 0.19 | M12: =ROUND(K12*(1+L12),0) -> 60570 | N12: 1 a 30 | O12: =+CORSERVICS!I15 -> 40840.336 | P12: =+CORSERVICS!H15 -> 0.19 | Q12: =ROUND(O12*(1+P12),0) -> 48600 | R12: 31 a 60 | S12: =+CORSERVICS!M15 -> 40454.622 | T12: =+CORSERVICS!L15 -> 0.19 | U12: =ROUND(S12*(1+T12),0) -> 48141 | V12: 1 a 30 | W12: =+'PUBLICIDAD MOVIL'!I18 -> 51878 | X12: 0.19 | Y12: =ROUND(W12*(1+X12),0) -> 61735 | Z12: 31 a 60 | AA12: =+'PUBLICIDAD MOVIL'!M18 -> 48717 | AB12: 0.19 | AC12: =ROUND(AA12*(1+AB12),0) -> 57973 | AD12: =ROUND(AVERAGE(G12,O12,W12),0) -> 48415 | AE12: =ROUND(+AD12*(1+$H$9),0) -> 57614 | AF12: =ROUND(AVERAGE(K12,S12,AA12),0) -> 46690 | AG12: =ROUND(+AF12*(1+$H$9),0) -> 55561 | AH12: =ROUND(GEOMEAN(G12,O12,W12),0) -> 48101 | AI12: =ROUND(AH12*(1+$H$9),0) -> 57240 | AJ12: =ROUND(GEOMEAN(K12,S12,AA12),0) -> 46464 | AK12: =ROUND(AJ12*(1+$H$9),0) -> 55292
B13: 5 | C13: TULA BALONERA | D13: Tula en lona, tipo morral, con refuerzo en la parte inferior, con capacidad para 15 balones, nylon reforzado de 65 cm de diámetro y 110 cm de altura ojales metálicos con pin metálico para candado y candado de seguridad mediano incluido, costura reforzada, correas en lona para carga. | E13: UNIDAD | F13: 1 a 30 | G13: =+'PRESTIGIO '!H16 -> 128358 | H13: 0.19 | I13: =ROUND(G13*(1+H13),0) -> 152746 | J13: 31 a 60 | K13: =+'PRESTIGIO '!L16 -> 125149 | L13: 0.19 | M13: =ROUND(K13*(1+L13),0) -> 148927 | N13: 1 a 30 | O13: =+CORSERVICS!I16 -> 99831.933 | P13: =+CORSERVICS!H16 -> 0.19 | Q13: =ROUND(O13*(1+P13),0) -> 118800 | R13: 31 a 60 | S13: =+CORSERVICS!M16 -> 99446.218 | T13: =+CORSERVICS!L16 -> 0.19 | U13: =ROUND(S13*(1+T13),0) -> 118341 | V13: 1 a 30 | W13: =+'PUBLICIDAD MOVIL'!I19 -> 122402 | X13: 0.19 | Y13: =ROUND(W13*(1+X13),0) -> 145658 | Z13: 31 a 60 | AA13: =+'PUBLICIDAD MOVIL'!M19 -> 113355 | AB13: 0.19 | AC13: =ROUND(AA13*(1+AB13),0) -> 134892 | AD13: =ROUND(AVERAGE(G13,O13,W13),0) -> 116864 | AE13: =ROUND(+AD13*(1+$H$9),0) -> 139068 | AF13: =ROUND(AVERAGE(K13,S13,AA13),0) -> 112650 | AG13: =ROUND(+AF13*(1+$H$9),0) -> 134054 | AH13: =ROUND(GEOMEAN(G13,O13,W13),0) -> 116188 | AI13: =ROUND(AH13*(1+$H$9),0) -> 138264 | AJ13: =ROUND(GEOMEAN(K13,S13,AA13),0) -> 112155 | AK13: =ROUND(AJ13*(1+$H$9),0) -> 133464
B14: 6 | C14: BASE PARA ESTACAS | D14: Material Polietileno Base: 22 cm. Altura: 15 cm. Peso : 206 Gramos | E14: UNIDAD | F14: 1 a 30 | G14: =+'PRESTIGIO '!H17 -> 16192 | H14: 0.19 | I14: =ROUND(G14*(1+H14),0) -> 19268 | J14: 31 a 60 | K14: =+'PRESTIGIO '!L17 -> 15578 | L14: 0.19 | M14: =ROUND(K14*(1+L14),0) -> 18538 | N14: 1 a 30 | O14: =+CORSERVICS!I17 -> 13613.445 | P14: =+CORSERVICS!H17 -> 0.19 | Q14: =ROUND(O14*(1+P14),0) -> 16200 | R14: 31 a 60 | S14: =+CORSERVICS!M17 -> 13227.731 | T14: =+CORSERVICS!L17 -> 0.19 | U14: =ROUND(S14*(1+T14),0) -> 15741 | V14: 1 a 30 | W14: =+'PUBLICIDAD MOVIL'!I20 -> 16817 | X14: 0.19 | Y14: =ROUND(W14*(1+X14),0) -> 20012 | Z14: 31 a 60 | AA14: =+'PUBLICIDAD MOVIL'!M20 -> 15901 | AB14: 0.19 | AC14: =ROUND(AA14*(1+AB14),0) -> 18922 | AD14: =ROUND(AVERAGE(G14,O14,W14),0) -> 15541 | AE14: =ROUND(+AD14*(1+$H$9),0) -> 18494 | AF14: =ROUND(AVERAGE(K14,S14,AA14),0) -> 14902 | AG14: =ROUND(+AF14*(1+$H$9),0) -> 17733 | AH14: =ROUND(GEOMEAN(G14,O14,W14),0) -> 15476 | AI14: =ROUND(AH14*(1+$H$9),0) -> 18416 | AJ14: =ROUND(GEOMEAN(K14,S14,AA14),0) -> 14853 | AK14: =ROUND(AJ14*(1+$H$9),0) -> 17675
B15: 7 | C15: ESTACAS | D15: Estaca Bastón de Coordinación de 1,80 Metros Fabricado con polietileno de alto impacto, Alta Resistencia. | E15: UNIDAD | F15: 1 a 30 | G15: =+'PRESTIGIO '!H18 -> 19841 | H15: 0.19 | I15: =ROUND(G15*(1+H15),0) -> 23611 | J15: 31 a 60 | K15: =+'PRESTIGIO '!L18 -> 19525 | L15: 0.19 | M15: =ROUND(K15*(1+L15),0) -> 23235 | N15: 1 a 30 | O15: =+CORSERVICS!I18 -> 16336.134 | P15: =+CORSERVICS!H18 -> 0.19 | Q15: =ROUND(O15*(1+P15),0) -> 19440 | R15: 31 a 60 | S15: =+CORSERVICS!M18 -> 15950.42 | T15: =+CORSERVICS!L18 -> 0.19 | U15: =ROUND(S15*(1+T15),0) -> 18981 | V15: 1 a 30 | W15: =+'PUBLICIDAD MOVIL'!I21 -> 21261 | X15: 0.19 | Y15: =ROUND(W15*(1+X15),0) -> 25301 | Z15: 31 a 60 | AA15: =+'PUBLICIDAD MOVIL'!M21 -> 18894 | AB15: 0.19 | AC15: =ROUND(AA15*(1+AB15),0) -> 22484 | AD15: =ROUND(AVERAGE(G15,O15,W15),0) -> 19146 | AE15: =ROUND(+AD15*(1+$H$9),0) -> 22784 | AF15: =ROUND(AVERAGE(K15,S15,AA15),0) -> 18123 | AG15: =ROUND(+AF15*(1+$H$9),0) -> 21566 | AH15: =ROUND(GEOMEAN(G15,O15,W15),0) -> 19030 | AI15: =ROUND(AH15*(1+$H$9),0) -> 22646 | AJ15: =ROUND(GEOMEAN(K15,S15,AA15),0) -> 18054 | AK15: =ROUND(AJ15*(1+$H$9),0) -> 21484
B16: 8 | C16: UNIFORME PARA FÚTBOL Y FÚTBOL SALA | D16: Conformado por Camiseta: para uniforme en tela oriol 100% poliéster uniforme en transfer, Cuello en “V”, Mangas cortas con doble costura en el extremo de cada una. Estampado con Logotipos (Institucionales al frente a la altura del pecho) y Numeración correspondiente en la espalda. Pantaloneta: Pantaloneta para Uniforme en poliéster uniforme en transfer, largo a media rodilla (de acuerdo a la talla), pretina con elástico de 4 centímetros, alta densidad, cordón en la cintura, forrada en malla yugoslava, con estampado en transfer y con Bordado logotipos (Institucionales) y Numeración correspondiente al frente en la parte derecha. Medias: Par de medias en microfibra de nylon, doble malla, 8 pulgadas de altura y logos institucionales Diseño: masculino o femenino según se requiera. TALLAS 4, 6, 8 | E16: UNIDAD | F16: 1 a 30 | G16: =+'PRESTIGIO '!H19 -> 90655 | H16: 0.19 | I16: =ROUND(G16*(1+H16),0) -> 107879 | J16: 31 a 60 | K16: =+'PRESTIGIO '!L19 -> 89748 | L16: 0.19 | M16: =ROUND(K16*(1+L16),0) -> 106800 | N16: 1 a 30 | O16: =+CORSERVICS!I19 -> 75327.731 | P16: =+CORSERVICS!H19 -> 0.19 | Q16: =ROUND(O16*(1+P16),0) -> 89640 | R16: 31 a 60 | S16: =+CORSERVICS!M19 -> 74942.017 | T16: =+CORSERVICS!L19 -> 0.19 | U16: =ROUND(S16*(1+T16),0) -> 89181 | V16: 1 a 30 | W16: =+'PUBLICIDAD MOVIL'!I22 -> 95175 | X16: 0.19 | Y16: =ROUND(W16*(1+X16),0) -> 113258 | Z16: 31 a 60 | AA16: =+'PUBLICIDAD MOVIL'!M22 -> 85702 | AB16: 0.19 | AC16: =ROUND(AA16*(1+AB16),0) -> 101985 | AD16: =ROUND(AVERAGE(G16,O16,W16),0) -> 87053 | AE16: =ROUND(+AD16*(1+$H$9),0) -> 103593 | AF16: =ROUND(AVERAGE(K16,S16,AA16),0) -> 83464 | AG16: =ROUND(+AF16*(1+$H$9),0) -> 99322 | AH16: =ROUND(GEOMEAN(G16,O16,W16),0) -> 86621 | AI16: =ROUND(AH16*(1+$H$9),0) -> 103079 | AJ16: =ROUND(GEOMEAN(K16,S16,AA16),0) -> 83224 | AK16: =ROUND(AJ16*(1+$H$9),0) -> 99037
B17: 9 | C17: UNIFORME PARA FÚTBOL Y FÚTBOL SALA | D17: Conformado por Camiseta: para uniforme en tela oriol 100% poliéster uniforme en transfer, Cuello en “V”, Mangas cortas con doble costura en el extremo de cada una. Estampado con Logotipos (Institucionales al frente a la altura del pecho) y Numeración correspondiente en la espalda. Pantaloneta: Pantaloneta para Uniforme en poliéster uniforme en transfer, largo a media rodilla (de acuerdo a la talla), pretina con elástico de 4 centímetros, alta densidad, cordón en la cintura, forrada en malla yugoslava, con estampado en transfer y con Bordado logotipos (Institucionales) y Numeración correspondiente al frente en la parte derecha. Medias: Par de medias en microfibra de nylon, doble malla, 8 pulgadas de altura y logos institucionales Diseño: masculino o femenino según se requiera. TALLA 10,12, 14, 16, S | E17: UNIDAD | F17: 1 a 30 | G17: =+'PRESTIGIO '!H20 -> 92967 | H17: 0.19 | I17: =ROUND(G17*(1+H17),0) -> 110631 | J17: 31 a 60 | K17: =+'PRESTIGIO '!L20 -> 89528 | L17: 0.19 | M17: =ROUND(K17*(1+L17),0) -> 106538 | N17: 1 a 30 | O17: =+CORSERVICS!I20 -> 77142.857 | P17: =+CORSERVICS!H20 -> 0.19 | Q17: =ROUND(O17*(1+P17),0) -> 91800 | R17: 31 a 60 | S17: =+CORSERVICS!M20 -> 76757.143 | T17: =+CORSERVICS!L20 -> 0.19 | U17: =ROUND(S17*(1+T17),0) -> 91341 | V17: 1 a 30 | W17: =+'PUBLICIDAD MOVIL'!I23 -> 94648 | X17: 0.19 | Y17: =ROUND(W17*(1+X17),0) -> 112631 | Z17: 31 a 60 | AA17: =+'PUBLICIDAD MOVIL'!M23 -> 88005 | AB17: 0.19 | AC17: =ROUND(AA17*(1+AB17),0) -> 104726 | AD17: =ROUND(AVERAGE(G17,O17,W17),0) -> 88253 | AE17: =ROUND(+AD17*(1+$H$9),0) -> 105021 | AF17: =ROUND(AVERAGE(K17,S17,AA17),0) -> 84763 | AG17: =ROUND(+AF17*(1+$H$9),0) -> 100868 | AH17: =ROUND(GEOMEAN(G17,O17,W17),0) -> 87884 | AI17: =ROUND(AH17*(1+$H$9),0) -> 104582 | AJ17: =ROUND(GEOMEAN(K17,S17,AA17),0) -> 84566 | AK17: =ROUND(AJ17*(1+$H$9),0) -> 100634
B18: 10 | C18: UNIFORME PARA FÚTBOL Y FÚTBOL SALA | D18: Conformado por Camiseta: para uniforme en tela oriol 100% poliéster uniforme en transfer, Cuello en “V”, Mangas cortas con doble costura en el extremo de cada una. Estampado con Logotipos (Institucionales al frente a la altura del pecho) y Numeración correspondiente en la espalda. Pantaloneta: Pantaloneta para Uniforme en poliéster uniforme en transfer, largo a media rodilla (de acuerdo a la talla), pretina con elástico de 4 centímetros, alta densidad, cordón en la cintura, forrada en malla yugoslava, con estampado en transfer y con Bordado logotipos (Institucionales) y Numeración correspondiente al frente en la parte derecha. Medias: Par de medias en microfibra de nylon, doble malla, 8 pulgadas de altura y logos institucionales Diseño: masculino o femenino según se requiera. TALLAS M, L, XL, XXL | E18: UNIDAD | F18: 1 a 30 | G18: =+'PRESTIGIO '!H21 -> 92567 | H18: 0.19 | I18: =ROUND(G18*(1+H18),0) -> 110155 | J18: 31 a 60 | K18: =+'PRESTIGIO '!L21 -> 89327 | L18: 0.19 | M18: =ROUND(K18*(1+L18),0) -> 106299 | N18: 1 a 30 | O18: =+CORSERVICS!I21 -> 78957.983 | P18: =+CORSERVICS!H21 -> 0.19 | Q18: =ROUND(O18*(1+P18),0) -> 93960 | R18: 31 a 60 | S18: =+CORSERVICS!M21 -> 78572.269 | T18: =+CORSERVICS!L21 -> 0.19 | U18: =ROUND(S18*(1+T18),0) -> 93501 | V18: 1 a 30 | W18: =+'PUBLICIDAD MOVIL'!I24 -> 99210 | X18: 0.19 | Y18: =ROUND(W18*(1+X18),0) -> 118060 | Z18: 31 a 60 | AA18: =+'PUBLICIDAD MOVIL'!M24 -> 90624 | AB18: 0.19 | AC18: =ROUND(AA18*(1+AB18),0) -> 107843 | AD18: =ROUND(AVERAGE(G18,O18,W18),0) -> 90245 | AE18: =ROUND(+AD18*(1+$H$9),0) -> 107392 | AF18: =ROUND(AVERAGE(K18,S18,AA18),0) -> 86174 | AG18: =ROUND(+AF18*(1+$H$9),0) -> 102547 | AH18: =ROUND(GEOMEAN(G18,O18,W18),0) -> 89840 | AI18: =ROUND(AH18*(1+$H$9),0) -> 106910 | AJ18: =ROUND(GEOMEAN(K18,S18,AA18),0) -> 86000 | AK18: =ROUND(AJ18*(1+$H$9),0) -> 102340
B19: 11 | C19: SUDADERA DEPORTIVA | D19: Sudadera deportiva en Poliéster tela Adidas, Monaco o tela Polar tipo impermeable compuesta de chaqueta y pantalón. Chaqueta con cierre de cremallera, bolsillos laterales y caucho elastico en los puños. Pantalón con bolsillos laterales y cauchos elasticos en el final del pantalón Chaqueta y pantalón con logotipos según parámetros de la alcaldía local. Diseño: masculino o femenino según se requiera. TALLA 4, 6, 8 | E19: UNIDAD | F19: 1 a 30 | G19: =+'PRESTIGIO '!H22 -> 117900 | H19: 0.19 | I19: =ROUND(G19*(1+H19),0) -> 140301 | J19: 31 a 60 | K19: =+'PRESTIGIO '!L22 -> 115306 | L19: 0.19 | M19: =ROUND(K19*(1+L19),0) -> 137214 | N19: 1 a 30 | O19: =+CORSERVICS!I22 -> 100739.5 | P19: =+CORSERVICS!H22 -> 0.19 | Q19: =ROUND(O19*(1+P19),0) -> 119880 | R19: 31 a 60 | S19: =+CORSERVICS!M22 -> 100353.78 | T19: =+CORSERVICS!L22 -> 0.19 | U19: =ROUND(S19*(1+T19),0) -> 119421 | V19: 1 a 30 | W19: =+'PUBLICIDAD MOVIL'!I25 -> 125332 | X19: 0.19 | Y19: =ROUND(W19*(1+X19),0) -> 149145 | Z19: 31 a 60 | AA19: =+'PUBLICIDAD MOVIL'!M25 -> 117388 | AB19: 0.19 | AC19: =ROUND(AA19*(1+AB19),0) -> 139692 | AD19: =ROUND(AVERAGE(G19,O19,W19),0) -> 114657 | AE19: =ROUND(+AD19*(1+$H$9),0) -> 136442 | AF19: =ROUND(AVERAGE(K19,S19,AA19),0) -> 111016 | AG19: =ROUND(+AF19*(1+$H$9),0) -> 132109 | AH19: =ROUND(GEOMEAN(G19,O19,W19),0) -> 114180 | AI19: =ROUND(AH19*(1+$H$9),0) -> 135874 | AJ19: =ROUND(GEOMEAN(K19,S19,AA19),0) -> 110748 | AK19: =ROUND(AJ19*(1+$H$9),0) -> 131790
B20: 12 | C20: SUDADERA DEPORTIVA | D20: Sudadera deportiva en Poliéster tela Adidas, Monaco o tela Polar tipo impermeable compuesta de chaqueta y pantalón. Chaqueta con cierre de cremallera, bolsillos laterales y caucho elastico en los puños. Pantalón con bolsillos laterales y cauchos elasticos en el final del pantalón Chaqueta y pantalón con logotipos según parámetros de la alcaldía local. Diseño: masculino o femenino según se requiera. TALLAS 10, 12,14, 16, S | E20: UNIDAD | F20: 1 a 30 | G20: =+'PRESTIGIO '!H23 -> 118137 | H20: 0.19 | I20: =ROUND(G20*(1+H20),0) -> 140583 | J20: 31 a 60 | K20: =+'PRESTIGIO '!L23 -> 116956 | L20: 0.19 | M20: =ROUND(K20*(1+L20),0) -> 139178 | N20: 1 a 30 | O20: =+CORSERVICS!I23 -> 102554.62 | P20: =+CORSERVICS!H23 -> 0.19 | Q20: =ROUND(O20*(1+P20),0) -> 122040 | R20: 31 a 60 | S20: =+CORSERVICS!M23 -> 102168.91 | T20: =+CORSERVICS!L23 -> 0.19 | U20: =ROUND(S20*(1+T20),0) -> 121581 | V20: 1 a 30 | W20: =+'PUBLICIDAD MOVIL'!I26 -> 128824 | X20: 0.19 | Y20: =ROUND(W20*(1+X20),0) -> 153301 | Z20: 31 a 60 | AA20: =+'PUBLICIDAD MOVIL'!M26 -> 116826 | AB20: 0.19 | AC20: =ROUND(AA20*(1+AB20),0) -> 139023 | AD20: =ROUND(AVERAGE(G20,O20,W20),0) -> 116505 | AE20: =ROUND(+AD20*(1+$H$9),0) -> 138641 | AF20: =ROUND(AVERAGE(K20,S20,AA20),0) -> 111984 | AG20: =ROUND(+AF20*(1+$H$9),0) -> 133261 | AH20: =ROUND(GEOMEAN(G20,O20,W20),0) -> 115997 | AI20: =ROUND(AH20*(1+$H$9),0) -> 138036 | AJ20: =ROUND(GEOMEAN(K20,S20,AA20),0) -> 111762 | AK20: =ROUND(AJ20*(1+$H$9),0) -> 132997
... B105: 97 | C105: BOLA PARA TENIS DE MESA | D105: Materiales: En PVC+ABS Especificaciones : Dimensión / Espesor / Capacidad: Cajas de bolas para tenis de mesa por 6 unidades blancas o naranjas de 40 mm de diámetro. Diseño: Diámetro de 40 mm, excelente desempeño al rebote Gran resistencia y durabilidad. Colores: naranja y blanco que son los autorizados por la ITTF (federación internacional de tenis de mesa) y en tono mate. | E105: PAR | F105: 1 a 30 | G105: =+'PRESTIGIO '!H108 -> 3555 | H105: 0.19 | I105: =ROUND(G105*(1+H105),0) -> 4230 | J105: 31 a 60 | K105: =+'PRESTIGIO '!L108 -> 3519 | L105: 0.19 | M105: =ROUND(K105*(1+L105),0) -> 4188 | N105: 1 a 30 | O105: =+CORSERVICS!I108 -> 3630.2521 | P105: =+CORSERVICS!H108 -> 0.19 | Q105: =ROUND(O105*(1+P105),0) -> 4320 | R105: 31 a 60 | S105: =+CORSERVICS!M108 -> 3244.5378 | T105: =+CORSERVICS!L108 -> 0.19 | U105: =ROUND(S105*(1+T105),0) -> 3861 | V105: 1 a 30 | W105: =+'PUBLICIDAD MOVIL'!I111 -> 4025 | X105: 0.19 | Y105: =ROUND(W105*(1+X105),0) -> 4790 | Z105: 31 a 60 | AA105: =+'PUBLICIDAD MOVIL'!M111 -> 3527 | AB105: 0.19 | AC105: =ROUND(AA105*(1+AB105),0) -> 4197 | AD105: =ROUND(AVERAGE(G105,O105,W105),0) -> 3737 | AE105: =ROUND(+AD105*(1+$H$9),0) -> 4447 | AF105: =ROUND(AVERAGE(K105,S105,AA105),0) -> 3430 | AG105: =ROUND(+AF105*(1+$H$9),0) -> 4082 | AH105: =ROUND(GEOMEAN(G105,O105,W105),0) -> 3731 | AI105: =ROUND(AH105*(1+$H$9),0) -> 4440 | AJ105: =ROUND(GEOMEAN(K105,S105,AA105),0) -> 3428 | AK105: =ROUND(AJ105*(1+$H$9),0) -> 4079
B106: 98 | C106: BATE DE BEISBOL | D106: Material en madera o aluminio peso aproximado de 450 gramos de dimensione 6.9 cm a 107 cm de longitud | E106: UNIDAD | F106: 1 a 30 | G106: =+'PRESTIGIO '!H109 -> 70020 | H106: 0.19 | I106: =ROUND(G106*(1+H106),0) -> 83324 | J106: 31 a 60 | K106: =+'PRESTIGIO '!L109 -> 68199 | L106: 0.19 | M106: =ROUND(K106*(1+L106),0) -> 81157 | N106: 1 a 30 | O106: =+CORSERVICS!I109 -> 58991.597 | P106: =+CORSERVICS!H109 -> 0.19 | Q106: =ROUND(O106*(1+P106),0) -> 70200 | R106: 31 a 60 | S106: =+CORSERVICS!M109 -> 58605.882 | T106: =+CORSERVICS!L108 -> 0.19 | U106: =ROUND(S106*(1+T106),0) -> 69741 | V106: 1 a 30 | W106: =+'PUBLICIDAD MOVIL'!I112 -> 74926 | X106: 0.19 | Y106: =ROUND(W106*(1+X106),0) -> 89162 | Z106: 31 a 60 | AA106: =+'PUBLICIDAD MOVIL'!M112 -> 66378 | AB106: 0.19 | AC106: =ROUND(AA106*(1+AB106),0) -> 78990 | AD106: =ROUND(AVERAGE(G106,O106,W106),0) -> 67979 | AE106: =ROUND(+AD106*(1+$H$9),0) -> 80895 | AF106: =ROUND(AVERAGE(K106,S106,AA106),0) -> 64394 | AG106: =ROUND(+AF106*(1+$H$9),0) -> 76629 | AH106: =ROUND(GEOMEAN(G106,O106,W106),0) -> 67642 | AI106: =ROUND(AH106*(1+$H$9),0) -> 80494 | AJ106: =ROUND(GEOMEAN(K106,S106,AA106),0) -> 64256 | AK106: =ROUND(AJ106*(1+$H$9),0) -> 76465
B107: 99 | C107: GUANTE O MANILLA DE BEISBOL | D107: Guante o manilla de piel sintética de marca reconocida acolchado con secciones en cada uno de los dedos con medidas 12.5 diseño en malla con refuerzos y costuras | E107: UNIDAD | F107: 1 a 30 | G107: =+'PRESTIGIO '!H110 -> 138658 | H107: 0.19 | I107: =ROUND(G107*(1+H107),0) -> 165003 | J107: 31 a 60 | K107: =+'PRESTIGIO '!L110 -> 135607 | L107: 0.19 | M107: =ROUND(K107*(1+L107),0) -> 161372 | N107: 1 a 30 | O107: =+CORSERVICS!I110 -> 110722.69 | P107: =+CORSERVICS!H110 -> 0.19 | Q107: =ROUND(O107*(1+P107),0) -> 131760 | R107: 31 a 60 | S107: =+CORSERVICS!M110 -> 110336.97 | T107: =+CORSERVICS!L109 -> 0.19 | U107: =ROUND(S107*(1+T107),0) -> 131301 | V107: 1 a 30 | W107: =+'PUBLICIDAD MOVIL'!I113 -> 138993 | X107: 0.19 | Y107: =ROUND(W107*(1+X107),0) -> 165402 | Z107: 31 a 60 | AA107: =+'PUBLICIDAD MOVIL'!M113 -> 126069 | AB107: 0.19 | AC107: =ROUND(AA107*(1+AB107),0) -> 150022 | AD107: =ROUND(AVERAGE(G107,O107,W107),0) -> 129458 | AE107: =ROUND(+AD107*(1+$H$9),0) -> 154055 | AF107: =ROUND(AVERAGE(K107,S107,AA107),0) -> 124004 | AG107: =ROUND(+AF107*(1+$H$9),0) -> 147565 | AH107: =ROUND(GEOMEAN(G107,O107,W107),0) -> 128743 | AI107: =ROUND(AH107*(1+$H$9),0) -> 153204 | AJ107: =ROUND(GEOMEAN(K107,S107,AA107),0) -> 123558 | AK107: =ROUND(AJ107*(1+$H$9),0) -> 147034
B108: 100 | C108: PELOTA PARA BEISBOL | D108: Bola con cubierta de dos piezas con costuras color rojo, dura en cuero sintético con circunferencia entre 22,5 y 24 cm de diámetro y 5 onzas (142 g) de peso | E108: UNIDAD | F108: 1 a 30 | G108: =+'PRESTIGIO '!H111 -> 65670 | H108: 0.19 | I108: =ROUND(G108*(1+H108),0) -> 78147 | J108: 31 a 60 | K108: =+'PRESTIGIO '!L111 -> 64553 | L108: 0.19 | M108: =ROUND(K108*(1+L108),0) -> 76818 | N108: 1 a 30 | O108: =+CORSERVICS!I111 -> 56268.908 | P108: =+CORSERVICS!H111 -> 0.19 | Q108: =ROUND(O108*(1+P108),0) -> 66960 | R108: 31 a 60 | S108: =+CORSERVICS!M111 -> 55883.193 | T108: =+CORSERVICS!L110 -> 0.19 | U108: =ROUND(S108*(1+T108),0) -> 66501 | V108: 1 a 30 | W108: =+'PUBLICIDAD MOVIL'!I114 -> 72351 | X108: 0.19 | Y108: =ROUND(W108*(1+X108),0) -> 86098 | Z108: 31 a 60 | AA108: =+'PUBLICIDAD MOVIL'!M114 -> 64895 | AB108: 0.19 | AC108: =ROUND(AA108*(1+AB108),0) -> 77225 | AD108: =ROUND(AVERAGE(G108,O108,W108),0) -> 64763 | AE108: =ROUND(+AD108*(1+$H$9),0) -> 77068 | AF108: =ROUND(AVERAGE(K108,S108,AA108),0) -> 61777 | AG108: =ROUND(+AF108*(1+$H$9),0) -> 73515 | AH108: =ROUND(GEOMEAN(G108,O108,W108),0) -> 64421 | AI108: =ROUND(AH108*(1+$H$9),0) -> 76661 | AJ108: =ROUND(GEOMEAN(K108,S108,AA108),0) -> 61632 | AK108: =ROUND(AJ108*(1+$H$9),0) -> 73342
B109: 101 | C109: UNIFORME BEISBOL | D109: Camibuso de manga larga: En Tela en algodón 100% alta calidad y resistente, sin abertura frontal durable, cuello redondo deberán tener mangas largas con protección en espuma para codos Pantalón en tela 100% algodón, pretina con caucho cordón de 3 cm, sin bolsillos, con protección en espuma a los costados del pantalón y rodillas, (1) logotipo institucional al costado, De acuerdo con el manual de imagen institucional vigente para esta versión. Aprobados por la oficina de prensa. TALLAS 4, 6, 8 | E109: UNIDAD | F109: 1 a 30 | G109: =+'PRESTIGIO '!H112 -> 102874 | H109: 0.19 | I109: =ROUND(G109*(1+H109),0) -> 122420 | J109: 31 a 60 | K109: =+'PRESTIGIO '!L112 -> 101228 | L109: 0.19 | M109: =ROUND(K109*(1+L109),0) -> 120461 | N109: 1 a 30 | O109: =+CORSERVICS!I112 -> 88033.613 | P109: =+CORSERVICS!H112 -> 0.19 | Q109: =ROUND(O109*(1+P109),0) -> 104760 | R109: 31 a 60 | S109: =+CORSERVICS!M112 -> 87647.899 | T109: =+CORSERVICS!L111 -> 0.19 | U109: =ROUND(S109*(1+T109),0) -> 104301 | V109: 1 a 30 | W109: =+'PUBLICIDAD MOVIL'!I115 -> 110748 | X109: 0.19 | Y109: =ROUND(W109*(1+X109),0) -> 131790 | Z109: 31 a 60 | AA109: =+'PUBLICIDAD MOVIL'!M115 -> 102098 | AB109: 0.19 | AC109: =ROUND(AA109*(1+AB109),0) -> 121497 | AD109: =ROUND(AVERAGE(G109,O109,W109),0) -> 100552 | AE109: =ROUND(+AD109*(1+$H$9),0) -> 119657 | AF109: =ROUND(AVERAGE(K109,S109,AA109),0) -> 96991 | AG109: =ROUND(+AF109*(1+$H$9),0) -> 115419 | AH109: =ROUND(GEOMEAN(G109,O109,W109),0) -> 100099 | AI109: =ROUND(AH109*(1+$H$9),0) -> 119118 | AJ109: =ROUND(GEOMEAN(K109,S109,AA109),0) -> 96758 | AK109: =ROUND(AJ109*(1+$H$9),0) -> 115142
B110: 102 | C110: UNIFORME BEISBOL | D110: Camibuso de manga larga: En Tela en algodón 100% alta calidad y resistente, sin abertura frontal durable, cuello redondo deberán tener mangas largas con protección en espuma para codos Pantalón en tela 100% algodón, pretina con caucho cordón de 3 cm, sin bolsillos, con protección en espuma a los costados del pantalón y rodillas, (1) logotipo institucional al costado, De acuerdo con el manual de imagen institucional vigente para esta versión. Aprobados por la oficina de prensa. TALLAS 10, 12, 14, 16, S | E110: UNIDAD | F110: 1 a 30 | G110: =+'PRESTIGIO '!H113 -> 103783 | H110: 0.19 | I110: =ROUND(G110*(1+H110),0) -> 123502 | J110: 31 a 60 | K110: =+'PRESTIGIO '!L113 -> 100151 | L110: 0.19 | M110: =ROUND(K110*(1+L110),0) -> 119180 | N110: 1 a 30 | O110: =+CORSERVICS!I113 -> 88941.176 | P110: =+CORSERVICS!H113 -> 0.19 | Q110: =ROUND(O110*(1+P110),0) -> 105840 | R110: 31 a 60 | S110: =+CORSERVICS!M113 -> 88555.462 | T110: =+CORSERVICS!L112 -> 0.19 | U110: =ROUND(S110*(1+T110),0) -> 105381 | V110: 1 a 30 | W110: =+'PUBLICIDAD MOVIL'!I116 -> 107375 | X110: 0.19 | Y110: =ROUND(W110*(1+X110),0) -> 127776 | Z110: 31 a 60 | AA110: =+'PUBLICIDAD MOVIL'!M116 -> 101634 | AB110: 0.19 | AC110: =ROUND(AA110*(1+AB110),0) -> 120944 | AD110: =ROUND(AVERAGE(G110,O110,W110),0) -> 100033 | AE110: =ROUND(+AD110*(1+$H$9),0) -> 119039 | AF110: =ROUND(AVERAGE(K110,S110,AA110),0) -> 96780 | AG110: =ROUND(+AF110*(1+$H$9),0) -> 115168 | AH110: =ROUND(GEOMEAN(G110,O110,W110),0) -> 99704 | AI110: =ROUND(AH110*(1+$H$9),0) -> 118648 | AJ110: =ROUND(GEOMEAN(K110,S110,AA110),0) -> 96598 | AK110: =ROUND(AJ110*(1+$H$9),0) -> 114952
B111: 103 | C111: UNIFORME BEISBOL | D111: Camibuso de manga larga: En Tela en algodón 100% alta calidad y resistente, sin abertura frontal durable, cuello redondo deberán tener mangas largas con protección en espuma para codos Pantalón en tela 100% algodón, pretina con caucho cordón de 3 cm, sin bolsillos, con protección en espuma a los costados del pantalón y rodillas, (1) logotipo institucional al costado, De acuerdo con el manual de imagen institucional vigente para esta versión. Aprobados por la oficina de prensa. TALLAS M, L, XL, XXL | E111: UNIDAD | F111: 1 a 30 | G111: =+'PRESTIGIO '!H114 -> 115550 | H111: 0.19 | I111: =ROUND(G111*(1+H111),0) -> 137505 | J111: 31 a 60 | K111: =+'PRESTIGIO '!L114 -> 114278 | L111: 0.19 | M111: =ROUND(K111*(1+L111),0) -> 135991 | N111: 1 a 30 | O111: =+CORSERVICS!I114 -> 89848.739 | P111: =+CORSERVICS!H114 -> 0.19 | Q111: =ROUND(O111*(1+P111),0) -> 106920 | R111: 31 a 60 | S111: =+CORSERVICS!M114 -> 89463.025 | T111: =+CORSERVICS!L113 -> 0.19 | U111: =ROUND(S111*(1+T111),0) -> 106461 | V111: 1 a 30 | W111: =+'PUBLICIDAD MOVIL'!I117 -> 114209 | X111: 0.19 | Y111: =ROUND(W111*(1+X111),0) -> 135909 | Z111: 31 a 60 | AA111: =+'PUBLICIDAD MOVIL'!M117 -> 104500 | AB111: 0.19 | AC111: =ROUND(AA111*(1+AB111),0) -> 124355 | AD111: =ROUND(AVERAGE(G111,O111,W111),0) -> 106536 | AE111: =ROUND(+AD111*(1+$H$9),0) -> 126778 | AF111: =ROUND(AVERAGE(K111,S111,AA111),0) -> 102747 | AG111: =ROUND(+AF111*(1+$H$9),0) -> 122269 | AH111: =ROUND(GEOMEAN(G111,O111,W111),0) -> 105843 | AI111: =ROUND(AH111*(1+$H$9),0) -> 125953 | AJ111: =ROUND(GEOMEAN(K111,S111,AA111),0) -> 102229 | AK111: =ROUND(AJ111*(1+$H$9),0) -> 121653
B112: 104 | C112: JUEGO DE AJEDREZ | D112: Juego completo de ajedrez profesional número 5. Cantidad/Composición: Juego completo de ajedrez profesional número 5 Materiales: Las piezas son en polietileno de alto impacto, de color negro y beige. El tablero es en Córdoba con base de algodón certificado con ISO 9001. El estuche es en lona morral de color negro con tela impermeable en la parte de adentro en color blanco. Especificaciones : Dimensión / Espesor / Capacidad: Las piezas son en polietileno de alto impacto, de color negro y beige. El tablero es en Córdoba con base de algodón certificado con ISO 9001. El estuche es en lona morral de color negro con tela impermeable en la parte de adentro en color blanco. Diseño: Las piezas son en polietileno de alto impacto, de color negro y beige. El tablero es en Córdoba con base de algodón certificado con ISO 9001. El estuche es en lona morral de color negro con tela impermeable en la parte de adentro en color blanco. | E112: UNIDAD | F112: 1 a 30 | G112: =+'PRESTIGIO '!H115 -> 306763 | H112: 0.19 | I112: =ROUND(G112*(1+H112),0) -> 365048 | J112: 31 a 60 | K112: =+'PRESTIGIO '!L115 -> 294799 | L112: 0.19 | M112: =ROUND(K112*(1+L112),0) -> 350811 | N112: 1 a 30 | O112: =+CORSERVICS!I115 -> 245042.02 | P112: =+CORSERVICS!H115 -> 0.19 | Q112: =ROUND(O112*(1+P112),0) -> 291600 | R112: 31 a 60 | S112: =+CORSERVICS!M115 -> 244656.3 | T112: =+CORSERVICS!L114 -> 0.19 | U112: =ROUND(S112*(1+T112),0) -> 291141 | V112: 1 a 30 | W112: =+'PUBLICIDAD MOVIL'!I118 -> 314295 | X112: 0.19 | Y112: =ROUND(W112*(1+X112),0) -> 374011 | Z112: 31 a 60 | AA112: =+'PUBLICIDAD MOVIL'!M118 -> 278365 | AB112: 0.19 | AC112: =ROUND(AA112*(1+AB112),0) -> 331254 | AD112: =ROUND(AVERAGE(G112,O112,W112),0) -> 288700 | AE112: =ROUND(+AD112*(1+$H$9),0) -> 343553 | AF112: =ROUND(AVERAGE(K112,S112,AA112),0) -> 272607 | AG112: =ROUND(+AF112*(1+$H$9),0) -> 324402 | AH112: =ROUND(GEOMEAN(G112,O112,W112),0) -> 286942 | AI112: =ROUND(AH112*(1+$H$9),0) -> 341461 | AJ112: =ROUND(GEOMEAN(K112,S112,AA112),0) -> 271789 | AK112: =ROUND(AJ112*(1+$H$9),0) -> 323429
B113: 105 | C113: RELOJ DE AJEDREZ | D113: Compra de reloj para competencia de ajedrez Material: ABS Batería: 2 pilas AAA, Tamaño de pantalla: 103 * 23 mm/4,06 * 0,91 pulgadas Tamaño del artículo: 140 * 88 * 45 mm/5,51 * 3,46 * 1,77 pulgadas Peso del artículo: 105 g/3,70 onzas Tiempo de retraso y tiempo positivos. | E113: UNIDAD | F113: 1 a 30 | G113: =+'PRESTIGIO '!H116 -> 196889 | H113: 0.19 | I113: =ROUND(G113*(1+H113),0) -> 234298 | J113: 31 a 60 | K113: =+'PRESTIGIO '!L116 -> 193345 | L113: 0.19 | M113: =ROUND(K113*(1+L113),0) -> 230081 | N113: 1 a 30 | O113: =+CORSERVICS!I116 -> 154285.71 | P113: =+CORSERVICS!H116 -> 0.19 | Q113: =ROUND(O113*(1+P113),0) -> 183600 | R113: 31 a 60 | S113: =+CORSERVICS!M116 -> 153900 | T113: =+CORSERVICS!L115 -> 0.19 | U113: =ROUND(S113*(1+T113),0) -> 183141 | V113: 1 a 30 | W113: =+'PUBLICIDAD MOVIL'!I119 -> 199312 | X113: 0.19 | Y113: =ROUND(W113*(1+X113),0) -> 237181 | Z113: 31 a 60 | AA113: =+'PUBLICIDAD MOVIL'!M119 -> 175684 | AB113: 0.19 | AC113: =ROUND(AA113*(1+AB113),0) -> 209064 | AD113: =ROUND(AVERAGE(G113,O113,W113),0) -> 183496 | AE113: =ROUND(+AD113*(1+$H$9),0) -> 218360 | AF113: =ROUND(AVERAGE(K113,S113,AA113),0) -> 174310 | AG113: =ROUND(+AF113*(1+$H$9),0) -> 207429 | AH113: =ROUND(GEOMEAN(G113,O113,W113),0) -> 182261 | AI113: =ROUND(AH113*(1+$H$9),0) -> 216891 | AJ113: =ROUND(GEOMEAN(K113,S113,AA113),0) -> 173554 | AK113: =ROUND(AJ113*(1+$H$9),0) -> 206529
B114: 106 | C114: UNIFORME LUCHA OLIMPICA | D114: Malla de Lucha Olímpica o Grecorromana sobria y elegante que se adapta perfectamente al cuerpo. Adecuada para todos los niveles. Fabricada en composición de nylon y elastano para un ajuste ceñido sin apretar.Incorpora tiras antideslizantes en los bajos de los camales para garantizar una fijación cómoda durante la lucha y logos institucionales TALLAS 4, 6, 8 | E114: UNIDAD | F114: 1 a 30 | G114: =+'PRESTIGIO '!H117 -> 176834 | H114: 0.19 | I114: =ROUND(G114*(1+H114),0) -> 210432 | J114: 31 a 60 | K114: =+'PRESTIGIO '!L117 -> 174888 | L114: 0.19 | M114: =ROUND(K114*(1+L114),0) -> 208117 | N114: 1 a 30 | O114: =+CORSERVICS!I117 -> 146117.65 | P114: =+CORSERVICS!H117 -> 0.19 | Q114: =ROUND(O114*(1+P114),0) -> 173880 | R114: 31 a 60 | S114: =+CORSERVICS!M117 -> 145731.93 | T114: =+CORSERVICS!L116 -> 0.19 | U114: =ROUND(S114*(1+T114),0) -> 173421 | V114: 1 a 30 | W114: =+'PUBLICIDAD MOVIL'!I120 -> 179075 | X114: 0.19 | Y114: =ROUND(W114*(1+X114),0) -> 213099 | Z114: 31 a 60 | AA114: =+'PUBLICIDAD MOVIL'!M120 -> 165199 | AB114: 0.19 | AC114: =ROUND(AA114*(1+AB114),0) -> 196587 | AD114: =ROUND(AVERAGE(G114,O114,W114),0) -> 167342 | AE114: =ROUND(+AD114*(1+$H$9),0) -> 199137 | AF114: =ROUND(AVERAGE(K114,S114,AA114),0) -> 161940 | AG114: =ROUND(+AF114*(1+$H$9),0) -> 192709 | AH114: =ROUND(GEOMEAN(G114,O114,W114),0) -> 166636 | AI114: =ROUND(AH114*(1+$H$9),0) -> 198297 | AJ114: =ROUND(GEOMEAN(K114,S114,AA114),0) -> 161476 | AK114: =ROUND(AJ114*(1+$H$9),0) -> 192156
B115: 107 | C115: UNIFORME LUCHA OLIMPICA | D115: Malla de Lucha Olímpica o Grecorromana sobria y elegante que se adapta perfectamente al cuerpo. Adecuada para todos los niveles. Fabricada en composición de nylon y elastano para un ajuste ceñido sin apretar.Incorpora tiras antideslizantes en los bajos de los camales para garantizar una fijación cómoda durante la lucha y logos institucionales TALLAS 10, 12, 14, 16, S | E115: UNIDAD | F115: 1 a 30 | G115: =+'PRESTIGIO '!H118 -> 191683 | H115: 0.19 | I115: =ROUND(G115*(1+H115),0) -> 228103 | J115: 31 a 60 | K115: =+'PRESTIGIO '!L118 -> 184016 | L115: 0.19 | M115: =ROUND(K115*(1+L115),0) -> 218979 | N115: 1 a 30 | O115: =+CORSERVICS!I118 -> 147932.77 | P115: =+CORSERVICS!H118 -> 0.19 | Q115: =ROUND(O115*(1+P115),0) -> 176040 | R115: 31 a 60 | S115: =+CORSERVICS!M118 -> 147547.06 | T115: =+CORSERVICS!L117 -> 0.19 | U115: =ROUND(S115*(1+T115),0) -> 175581 | V115: 1 a 30 | W115: =+'PUBLICIDAD MOVIL'!I121 -> 180113 | X115: 0.19 | Y115: =ROUND(W115*(1+X115),0) -> 214334 | Z115: 31 a 60 | AA115: =+'PUBLICIDAD MOVIL'!M121 -> 171820 | AB115: 0.19 | AC115: =ROUND(AA115*(1+AB115),0) -> 204466 | AD115: =ROUND(AVERAGE(G115,O115,W115),0) -> 173243 | AE115: =ROUND(+AD115*(1+$H$9),0) -> 206159 | AF115: =ROUND(AVERAGE(K115,S115,AA115),0) -> 167794 | AG115: =ROUND(+AF115*(1+$H$9),0) -> 199675 | AH115: =ROUND(GEOMEAN(G115,O115,W115),0) -> 172212 | AI115: =ROUND(AH115*(1+$H$9),0) -> 204932 | AJ115: =ROUND(GEOMEAN(K115,S115,AA115),0) -> 167091 | AK115: =ROUND(AJ115*(1+$H$9),0) -> 198838
B116: 108 | C116: UNIFORME LUCHA OLIMPICA | D116: Malla de Lucha Olímpica o Grecorromana sobria y elegante que se adapta perfectamente al cuerpo. Adecuada para todos los niveles. Fabricada en composición de nylon y elastano para un ajuste ceñido sin apretar.Incorpora tiras antideslizantes en los bajos de los camales para garantizar una fijación cómoda durante la lucha y logos institucionales TALLAS M, L, XL, XXL | E116: UNIDAD | F116: 1 a 30 | G116: =+'PRESTIGIO '!H119 -> 190789 | H116: 0.19 | I116: =ROUND(G116*(1+H116),0) -> 227039 | J116: 31 a 60 | K116: =+'PRESTIGIO '!L119 -> 187355 | L116: 0.19 | M116: =ROUND(K116*(1+L116),0) -> 222952 | N116: 1 a 30 | O116: =+CORSERVICS!I119 -> 149747.9 | P116: =+CORSERVICS!H119 -> 0.19 | Q116: =ROUND(O116*(1+P116),0) -> 178200 | R116: 31 a 60 | S116: =+CORSERVICS!M119 -> 149362.18 | T116: =+CORSERVICS!L118 -> 0.19 | U116: =ROUND(S116*(1+T116),0) -> 177741 | V116: 1 a 30 | W116: =+'PUBLICIDAD MOVIL'!I122 -> 191674 | X116: 0.19 | Y116: =ROUND(W116*(1+X116),0) -> 228092 | Z116: 31 a 60 | AA116: =+'PUBLICIDAD MOVIL'!M122 -> 172594 | AB116: 0.19 | AC116: =ROUND(AA116*(1+AB116),0) -> 205387 | AD116: =ROUND(AVERAGE(G116,O116,W116),0) -> 177404 | AE116: =ROUND(+AD116*(1+$H$9),0) -> 211111 | AF116: =ROUND(AVERAGE(K116,S116,AA116),0) -> 169770 | AG116: =ROUND(+AF116*(1+$H$9),0) -> 202026 | AH116: =ROUND(GEOMEAN(G116,O116,W116),0) -> 176262 | AI116: =ROUND(AH116*(1+$H$9),0) -> 209752 | AJ116: =ROUND(GEOMEAN(K116,S116,AA116),0) -> 169035 | AK116: =ROUND(AJ116*(1+$H$9),0) -> 201152
B117: 109 | C117: TABLERO MURAL PARA DOCENTE | D117: Cantidad/Composición: 1 Tablero de Ajedrez Mural 37 Fichas Materiales: Tablero mural es termoformado el material en qué está hecho es en Córdoba con base de algodón certificado con ISO 9001 con cuadros de 10 x 10cm con medidas de 94 x 1.26 cm Las piezas son en láminas de polipropileno de color blanco impresas con tinta de color negro y roja con 5 estrellas adicionales por color para el trabajo con los estudiantes. El estuche es en lona morral de color negro con tela impermeable en la parte de adentro en color blanco. Especificaciones : Dimensión / Espesor / Capacidad: Medidas aproximadas cuadros de 10 x 10cm con medidas de 94 x 1.26 cm. Diseño: Tablero mural es termoformado el material en qué está hecho es en Córdoba con base de algodón certificado con ISO 9001 con cuadros de 10 x 10cm con medidas de 94 x 1.26 cm Las piezas son en láminas de polipropileno de color blanco impresas con tinta de color negro y roja con 5 estrellas adicionales por color para el trabajo con los estudiantes. El estuche es en lona morral de color negro con tela impermeable en la parte de adentro en color blanco. | E117: UNIDAD | F117: 1 a 30 | G117: =+'PRESTIGIO '!H120 -> 113732 | H117: 0.19 | I117: =ROUND(G117*(1+H117),0) -> 135341 | J117: 31 a 60 | K117: =+'PRESTIGIO '!L120 -> 109865 | L117: 0.19 | M117: =ROUND(K117*(1+L117),0) -> 130739 | N117: 1 a 30 | O117: =+CORSERVICS!I120 -> 89848.739 | P117: =+CORSERVICS!H120 -> 0.19 | Q117: =ROUND(O117*(1+P117),0) -> 106920 | R117: 31 a 60 | S117: =+CORSERVICS!M120 -> 89463.025 | T117: =+CORSERVICS!L119 -> 0.19 | U117: =ROUND(S117*(1+T117),0) -> 106461 | V117: 1 a 30 | W117: =+'PUBLICIDAD MOVIL'!I123 -> 107488 | X117: 0.19 | Y117: =ROUND(W117*(1+X117),0) -> 127911 | Z117: 31 a 60 | AA117: =+'PUBLICIDAD MOVIL'!M123 -> 101920 | AB117: 0.19 | AC117: =ROUND(AA117*(1+AB117),0) -> 121285 | AD117: =ROUND(AVERAGE(G117,O117,W117),0) -> 103690 | AE117: =ROUND(+AD117*(1+$H$9),0) -> 123391 | AF117: =ROUND(AVERAGE(K117,S117,AA117),0) -> 100416 | AG117: =ROUND(+AF117*(1+$H$9),0) -> 119495 | AH117: =ROUND(GEOMEAN(G117,O117,W117),0) -> 103177 | AI117: =ROUND(AH117*(1+$H$9),0) -> 122781 | AJ117: =ROUND(GEOMEAN(K117,S117,AA117),0) -> 100059 | AK117: =ROUND(AJ117*(1+$H$9),0) -> 119070
... B123: 115 | C123: RUEDA ABDOMINAL | D123: Material: PVC de alta resistencia, rueda recubierta en caucho antideslizante, manillares recubiertos en espuma Medidas: Diámetro: 17cm. Grosor de rueda: 5cm | E123: UNIDAD | F123: 1 a 30 | G123: =+'PRESTIGIO '!H126 -> 46828 | H123: 0.19 | I123: =ROUND(G123*(1+H123),0) -> 55725 | J123: 31 a 60 | K123: =+'PRESTIGIO '!L126 -> 46173 | L123: 0.19 | M123: =ROUND(K123*(1+L123),0) -> 54946 | N123: 1 a 30 | O123: =+CORSERVICS!I126 -> 35394.958 | P123: =+CORSERVICS!H126 -> 0.19 | Q123: =ROUND(O123*(1+P123),0) -> 42120 | R123: 31 a 60 | S123: =+CORSERVICS!M126 -> 35009.244 | T123: =+CORSERVICS!L125 -> 0.19 | U123: =ROUND(S123*(1+T123),0) -> 41661 | V123: 1 a 30 | W123: =+'PUBLICIDAD MOVIL'!I129 -> 45780 | X123: 0.19 | Y123: =ROUND(W123*(1+X123),0) -> 54478 | Z123: 31 a 60 | AA123: =+'PUBLICIDAD MOVIL'!M129 -> 42473 | AB123: 0.19 | AC123: =ROUND(AA123*(1+AB123),0) -> 50543 | AD123: =ROUND(AVERAGE(G123,O123,W123),0) -> 42668 | AE123: =ROUND(+AD123*(1+$H$9),0) -> 50775 | AF123: =ROUND(AVERAGE(K123,S123,AA123),0) -> 41218 | AG123: =ROUND(+AF123*(1+$H$9),0) -> 49049 | AH123: =ROUND(GEOMEAN(G123,O123,W123),0) -> 42336 | AI123: =ROUND(AH123*(1+$H$9),0) -> 50380 | AJ123: =ROUND(GEOMEAN(K123,S123,AA123),0) -> 40948 | AK123: =ROUND(AJ123*(1+$H$9),0) -> 48728
B124: 116 | C124: RUEDA ABDOMINAL 3 RUEDAS | D124: Materiales: PVC de alta resistencia, manillares recubiertos de espuma. Medidas: Largo: 14 cm Ancho: 29 cm Alto: 12 cm Incluye: 1 colchoneta de apoyo para rodillas 1 tope de seguridad | E124: UNIDAD | F124: 1 a 30 | G124: =+'PRESTIGIO '!H127 -> 132390 | H124: 0.19 | I124: =ROUND(G124*(1+H124),0) -> 157544 | J124: 31 a 60 | K124: =+'PRESTIGIO '!L127 -> 130934 | L124: 0.19 | M124: =ROUND(K124*(1+L124),0) -> 155811 | N124: 1 a 30 | O124: =+CORSERVICS!I127 -> 104369.75 | P124: =+CORSERVICS!H127 -> 0.19 | Q124: =ROUND(O124*(1+P124),0) -> 124200 | R124: 31 a 60 | S124: =+CORSERVICS!M127 -> 103984.03 | T124: =+CORSERVICS!L127 -> 0.19 | U124: =ROUND(S124*(1+T124),0) -> 123741 | V124: 1 a 30 | W124: =+'PUBLICIDAD MOVIL'!I130 -> 123936 | X124: 0.19 | Y124: =ROUND(W124*(1+X124),0) -> 147484 | Z124: 31 a 60 | AA124: =+'PUBLICIDAD MOVIL'!M130 -> 120016 | AB124: 0.19 | AC124: =ROUND(AA124*(1+AB124),0) -> 142819 | AD124: =ROUND(AVERAGE(G124,O124,W124),0) -> 120232 | AE124: =ROUND(+AD124*(1+$H$9),0) -> 143076 | AF124: =ROUND(AVERAGE(K124,S124,AA124),0) -> 118311 | AG124: =ROUND(+AF124*(1+$H$9),0) -> 140790 | AH124: =ROUND(GEOMEAN(G124,O124,W124),0) -> 119640 | AI124: =ROUND(AH124*(1+$H$9),0) -> 142372 | AJ124: =ROUND(GEOMEAN(K124,S124,AA124),0) -> 117784 | AK124: =ROUND(AJ124*(1+$H$9),0) -> 140163
B125: 117 | C125: SOPORTE ABDOMINAL | D125: Material: Espuma de alta densidad forrada en cordobán impermeable. Medidas: Largo; 43 cm. Ancho; 30 cm. Alto; 6 cm. Uso: domestico, institucional y profesional. | E125: UNIDAD | F125: 1 a 30 | G125: =+'PRESTIGIO '!H128 -> 65446 | H125: 0.19 | I125: =ROUND(G125*(1+H125),0) -> 77881 | J125: 31 a 60 | K125: =+'PRESTIGIO '!L128 -> 63679 | L125: 0.19 | M125: =ROUND(K125*(1+L125),0) -> 75778 | N125: 1 a 30 | O125: =+CORSERVICS!I128 -> 54453.782 | P125: =+CORSERVICS!H128 -> 0.19 | Q125: =ROUND(O125*(1+P125),0) -> 64800 | R125: 31 a 60 | S125: =+CORSERVICS!M128 -> 54068.067 | T125: =+CORSERVICS!L128 -> 0.19 | U125: =ROUND(S125*(1+T125),0) -> 64341 | V125: 1 a 30 | W125: =+'PUBLICIDAD MOVIL'!I131 -> 65995 | X125: 0.19 | Y125: =ROUND(W125*(1+X125),0) -> 78534 | Z125: 31 a 60 | AA125: =+'PUBLICIDAD MOVIL'!M131 -> 63410 | AB125: 0.19 | AC125: =ROUND(AA125*(1+AB125),0) -> 75458 | AD125: =ROUND(AVERAGE(G125,O125,W125),0) -> 61965 | AE125: =ROUND(+AD125*(1+$H$9),0) -> 73738 | AF125: =ROUND(AVERAGE(K125,S125,AA125),0) -> 60386 | AG125: =ROUND(+AF125*(1+$H$9),0) -> 71859 | AH125: =ROUND(GEOMEAN(G125,O125,W125),0) -> 61727 | AI125: =ROUND(AH125*(1+$H$9),0) -> 73455 | AJ125: =ROUND(GEOMEAN(K125,S125,AA125),0) -> 60214 | AK125: =ROUND(AJ125*(1+$H$9),0) -> 71655
B126: 118 | C126: ANILLAS DE MADERA | D126: Incluye: 2 anillos para gimnasia. 2 reatas con hebillas de seguridad. Aros en madera, reatas de nylon. Medidas: Diámetro del anillo: 23 cm. Longitud de reatas: 515 cm Diámetro Interno: 17 cm. Diámetro Externo: 23.5 cm. Diámetro Agarra: 3.1 cm. Resistencia: 600 lb. | E126: UNIDAD | F126: 1 a 30 | G126: =+'PRESTIGIO '!H129 -> 189101 | H126: 0.19 | I126: =ROUND(G126*(1+H126),0) -> 225030 | J126: 31 a 60 | K126: =+'PRESTIGIO '!L129 -> 181915 | L126: 0.19 | M126: =ROUND(K126*(1+L126),0) -> 216479 | N126: 1 a 30 | O126: =+CORSERVICS!I129 -> 149747.9 | P126: =+CORSERVICS!H129 -> 0.19 | Q126: =ROUND(O126*(1+P126),0) -> 178200 | R126: 31 a 60 | S126: =+CORSERVICS!M129 -> 149362.18 | T126: =+CORSERVICS!L129 -> 0.19 | U126: =ROUND(S126*(1+T126),0) -> 177741 | V126: 1 a 30 | W126: =+'PUBLICIDAD MOVIL'!I132 -> 187544 | X126: 0.19 | Y126: =ROUND(W126*(1+X126),0) -> 223177 | Z126: 31 a 60 | AA126: =+'PUBLICIDAD MOVIL'!M132 -> 172063 | AB126: 0.19 | AC126: =ROUND(AA126*(1+AB126),0) -> 204755 | AD126: =ROUND(AVERAGE(G126,O126,W126),0) -> 175464 | AE126: =ROUND(+AD126*(1+$H$9),0) -> 208802 | AF126: =ROUND(AVERAGE(K126,S126,AA126),0) -> 167780 | AG126: =ROUND(+AF126*(1+$H$9),0) -> 199658 | AH126: =ROUND(GEOMEAN(G126,O126,W126),0) -> 174469 | AI126: =ROUND(AH126*(1+$H$9),0) -> 207618 | AJ126: =ROUND(GEOMEAN(K126,S126,AA126),0) -> 167211 | AK126: =ROUND(AJ126*(1+$H$9),0) -> 198981
B127: 119 | C127: ANILLAS EN RESINA GIMNASIA OLIMPICA | D127: Aros en resina de alta densidad, reatas en nylon Resistencia máxima de 600 libras Incluye: Juego por 2 anillos de 23 cm de ancho 2 reatas de 515 cm de largo, con hebillas de seguridad Uso: Profesional Medidas: Diámetro Interno: 17.7cmd Diámetro Externo: 23,5 cm Diámetro Agarre: 2.7cm | E127: UNIDAD | F127: 1 a 30 | G127: =+'PRESTIGIO '!H130 -> 103692 | H127: 0.19 | I127: =ROUND(G127*(1+H127),0) -> 123393 | J127: 31 a 60 | K127: =+'PRESTIGIO '!L130 -> 101204 | L127: 0.19 | M127: =ROUND(K127*(1+L127),0) -> 120433 | N127: 1 a 30 | O127: =+CORSERVICS!I130 -> 86218.487 | P127: =+CORSERVICS!H130 -> 0.19 | Q127: =ROUND(O127*(1+P127),0) -> 102600 | R127: 31 a 60 | S127: =+CORSERVICS!M130 -> 85832.773 | T127: =+CORSERVICS!L126 -> 0.19 | U127: =ROUND(S127*(1+T127),0) -> 102141 | V127: 1 a 30 | W127: =+'PUBLICIDAD MOVIL'!I133 -> 106280 | X127: 0.19 | Y127: =ROUND(W127*(1+X127),0) -> 126473 | Z127: 31 a 60 | AA127: =+'PUBLICIDAD MOVIL'!M133 -> 98614 | AB127: 0.19 | AC127: =ROUND(AA127*(1+AB127),0) -> 117351 | AD127: =ROUND(AVERAGE(G127,O127,W127),0) -> 98730 | AE127: =ROUND(+AD127*(1+$H$9),0) -> 117489 | AF127: =ROUND(AVERAGE(K127,S127,AA127),0) -> 95217 | AG127: =ROUND(+AF127*(1+$H$9),0) -> 113308 | AH127: =ROUND(GEOMEAN(G127,O127,W127),0) -> 98310 | AI127: =ROUND(AH127*(1+$H$9),0) -> 116989 | AJ127: =ROUND(GEOMEAN(K127,S127,AA127),0) -> 94972 | AK127: =ROUND(AJ127*(1+$H$9),0) -> 113017
B128: 120 | C128: GUANTES DE GIMNASIO | D128: Incluye: Muñequera con correa de ajuste en velcro. Cuero sintético en palma para alta resistencia, durabilidad y transpiración. Tejido Flexible. Materiales: 10% Polyester, 60% Cuero Sintético, 30% Nylon | E128: UNIDAD | F128: 1 a 30 | G128: =+'PRESTIGIO '!H131 -> 72677 | H128: 0.19 | I128: =ROUND(G128*(1+H128),0) -> 86486 | J128: 31 a 60 | K128: =+'PRESTIGIO '!L131 -> 70352 | L128: 0.19 | M128: =ROUND(K128*(1+L128),0) -> 83719 | N128: 1 a 30 | O128: =+CORSERVICS!I131 -> 58084.034 | P128: =+CORSERVICS!H131 -> 0.19 | Q128: =ROUND(O128*(1+P128),0) -> 69120 | R128: 31 a 60 | S128: =+CORSERVICS!M131 -> 57698.319 | T128: =+CORSERVICS!L127 -> 0.19 | U128: =ROUND(S128*(1+T128),0) -> 68661 | V128: 1 a 30 | W128: =+'PUBLICIDAD MOVIL'!I134 -> 73073 | X128: 0.19 | Y128: =ROUND(W128*(1+X128),0) -> 86957 | Z128: 31 a 60 | AA128: =+'PUBLICIDAD MOVIL'!M134 -> 65987 | AB128: 0.19 | AC128: =ROUND(AA128*(1+AB128),0) -> 78525 | AD128: =ROUND(AVERAGE(G128,O128,W128),0) -> 67945 | AE128: =ROUND(+AD128*(1+$H$9),0) -> 80855 | AF128: =ROUND(AVERAGE(K128,S128,AA128),0) -> 64679 | AG128: =ROUND(+AF128*(1+$H$9),0) -> 76968 | AH128: =ROUND(GEOMEAN(G128,O128,W128),0) -> 67567 | AI128: =ROUND(AH128*(1+$H$9),0) -> 80405 | AJ128: =ROUND(GEOMEAN(K128,S128,AA128),0) -> 64461 | AK128: =ROUND(AJ128*(1+$H$9),0) -> 76709
B129: 121 | C129: AROS ULA ULA CUADRADO | D129: Ula ula mg material ABS (Acrilonitrilo Butadieno Estireno), diseño tipo plano con una diseño cuadrado, sin uniones, brindando durabilidad, Disponible en Rojo, Azul, Amarillo, Naranja y Verde, de 60cm de diámetro interno (+/-3cm) Aprox. Medidas aproximadas: ancho 2cm, grosor 5mm. Peso 123 gramos. Aproximadamente, demarca importada y reconocida en el mercado. | E129: UNIDAD | F129: 1 a 30 | G129: =+'PRESTIGIO '!H132 -> 29315 | H129: 0.19 | I129: =ROUND(G129*(1+H129),0) -> 34885 | J129: 31 a 60 | K129: =+'PRESTIGIO '!L132 -> 28436 | L129: 0.19 | M129: =ROUND(K129*(1+L129),0) -> 33839 | N129: 1 a 30 | O129: =+CORSERVICS!I132 -> 22689.076 | P129: =+CORSERVICS!H132 -> 0.19 | Q129: =ROUND(O129*(1+P129),0) -> 27000 | R129: 31 a 60 | S129: =+CORSERVICS!M132 -> 22303.361 | T129: =+CORSERVICS!L128 -> 0.19 | U129: =ROUND(S129*(1+T129),0) -> 26541 | V129: 1 a 30 | W129: =+'PUBLICIDAD MOVIL'!I135 -> 29677 | X129: 0.19 | Y129: =ROUND(W129*(1+X129),0) -> 35316 | Z129: 31 a 60 | AA129: =+'PUBLICIDAD MOVIL'!M135 -> 27582 | AB129: 0.19 | AC129: =ROUND(AA129*(1+AB129),0) -> 32823 | AD129: =ROUND(AVERAGE(G129,O129,W129),0) -> 27227 | AE129: =ROUND(+AD129*(1+$H$9),0) -> 32400 | AF129: =ROUND(AVERAGE(K129,S129,AA129),0) -> 26107 | AG129: =ROUND(+AF129*(1+$H$9),0) -> 31067 | AH129: =ROUND(GEOMEAN(G129,O129,W129),0) -> 27026 | AI129: =ROUND(AH129*(1+$H$9),0) -> 32161 | AJ129: =ROUND(GEOMEAN(K129,S129,AA129),0) -> 25959 | AK129: =ROUND(AJ129*(1+$H$9),0) -> 30891
B130: 122 | C130: BASTÓN DE ENTRENAMIENTO | D130: El Bastón de Coordinación de 1,50 Metros Fabricado con polietileno de alto impacto, Alta Resistencia | E130: PAR | F130: 1 a 30 | G130: =+'PRESTIGIO '!H133 -> 19609 | H130: 0.19 | I130: =ROUND(G130*(1+H130),0) -> 23335 | J130: 31 a 60 | K130: =+'PRESTIGIO '!L133 -> 19257 | L130: 0.19 | M130: =ROUND(K130*(1+L130),0) -> 22916 | N130: 1 a 30 | O130: =+CORSERVICS!I133 -> 16336.134 | P130: =+CORSERVICS!H133 -> 0.19 | Q130: =ROUND(O130*(1+P130),0) -> 19440 | R130: 31 a 60 | S130: =+CORSERVICS!M133 -> 15950.42 | T130: =+CORSERVICS!L130 -> 0.19 | U130: =ROUND(S130*(1+T130),0) -> 18981 | V130: 1 a 30 | W130: =+'PUBLICIDAD MOVIL'!I136 -> 19646 | X130: 0.19 | Y130: =ROUND(W130*(1+X130),0) -> 23379 | Z130: 31 a 60 | AA130: =+'PUBLICIDAD MOVIL'!M136 -> 18768 | AB130: 0.19 | AC130: =ROUND(AA130*(1+AB130),0) -> 22334 | AD130: =ROUND(AVERAGE(G130,O130,W130),0) -> 18530 | AE130: =ROUND(+AD130*(1+$H$9),0) -> 22051 | AF130: =ROUND(AVERAGE(K130,S130,AA130),0) -> 17992 | AG130: =ROUND(+AF130*(1+$H$9),0) -> 21410 | AH130: =ROUND(GEOMEAN(G130,O130,W130),0) -> 18463 | AI130: =ROUND(AH130*(1+$H$9),0) -> 21971 | AJ130: =ROUND(GEOMEAN(K130,S130,AA130),0) -> 17931 | AK130: =ROUND(AJ130*(1+$H$9),0) -> 21338
B131: 123 | C131: KIT PARA PERSONA MAYOR | D131: Kit para persona mayor, conformado por: Camiseta mínima un 35% algodón y resto en poliéster, o 100% algodón, en tejido de punto tipo jersey sencillo. Peso mínimo de 180 g/m2, redondo enterizo, tipo resortado con tejido rib 1x1 doble cuello, pisado en la parte interior en máquina recubridora con dos agujas, separación entre agujas mínimo 6 mm. El cuello interior debe ser igual que el exterior, así mismo el material empleado para el rib debe ser igual que el de la tela principal, con dos logos estampados en la parte frontal que lleven el logo de la Alcaldía y el nombre del proyecto. Estos diseños serán aprobados por la oficina de prensa de la Alcaldía Local, diferentes tallas desde la 14 hasta XXL. Gorra deportiva, material poliéster transpirable con malla talla única estándar ajustable de 50 a 60 cm aproximadamente estampada según los requerimientos del evento y con aprobación del equipo de prensa. Caramañola plástica de polietileno PE, no tóxico y seguro Antideslizante y diseño a prueba de fugas de capacidad 700 ml estampada según los requerimientos del evento y con aprobación del equipo de prensa | E131: PAR | F131: 1 a 30 | G131: =+'PRESTIGIO '!H134 -> 92507 | H131: 0.19 | I131: =ROUND(G131*(1+H131),0) -> 110083 | J131: 31 a 60 | K131: =+'PRESTIGIO '!L134 -> 90657 | L131: 0.19 | M131: =ROUND(K131*(1+L131),0) -> 107882 | N131: 1 a 30 | O131: =+CORSERVICS!I134 -> 76235.294 | P131: =+CORSERVICS!H134 -> 0.19 | Q131: =ROUND(O131*(1+P131),0) -> 90720 | R131: 31 a 60 | S131: =+CORSERVICS!M134 -> 75849.58 | T131: =+CORSERVICS!L131 -> 0.19 | U131: =ROUND(S131*(1+T131),0) -> 90261 | V131: 1 a 30 | W131: =+'PUBLICIDAD MOVIL'!I137 -> 94524 | X131: 0.19 | Y131: =ROUND(W131*(1+X131),0) -> 112484 | Z131: 31 a 60 | AA131: =+'PUBLICIDAD MOVIL'!M137 -> 88015 | AB131: 0.19 | AC131: =ROUND(AA131*(1+AB131),0) -> 104738 | AD131: =ROUND(AVERAGE(G131,O131,W131),0) -> 87755 | AE131: =ROUND(+AD131*(1+$H$9),0) -> 104428 | AF131: =ROUND(AVERAGE(K131,S131,AA131),0) -> 84841 | AG131: =ROUND(+AF131*(1+$H$9),0) -> 100961 | AH131: =ROUND(GEOMEAN(G131,O131,W131),0) -> 87356 | AI131: =ROUND(AH131*(1+$H$9),0) -> 103954 | AJ131: =ROUND(GEOMEAN(K131,S131,AA131),0) -> 84587 | AK131: =ROUND(AJ131*(1+$H$9),0) -> 100659
B132: 124 | C132: PARQUÉS EN MADERA | D132: Hecho con madera de pino ciprés, incluye 16 fichas de madera torneadas a mano de 4 colores diferentes y 4 dados. (compra) | E132: UNIDAD | F132: 1 a 30 | G132: =+'PRESTIGIO '!H135 -> 51472 | H132: 0.19 | I132: =ROUND(G132*(1+H132),0) -> 61252 | J132: 31 a 60 | K132: =+'PRESTIGIO '!L135 -> 50648 | L132: 0.19 | M132: =ROUND(K132*(1+L132),0) -> 60271 | N132: 1 a 30 | O132: =+CORSERVICS!I135 -> 41747.899 | P132: =+CORSERVICS!H135 -> 0.19 | Q132: =ROUND(O132*(1+P132),0) -> 49680 | R132: 31 a 60 | S132: =+CORSERVICS!M135 -> 41362.185 | T132: =+CORSERVICS!L132 -> 0.19 | U132: =ROUND(S132*(1+T132),0) -> 49221 | V132: 1 a 30 | W132: =+'PUBLICIDAD MOVIL'!I138 -> 52321 | X132: 0.19 | Y132: =ROUND(W132*(1+X132),0) -> 62262 | Z132: 31 a 60 | AA132: =+'PUBLICIDAD MOVIL'!M138 -> 49510 | AB132: 0.19 | AC132: =ROUND(AA132*(1+AB132),0) -> 58917 | AD132: =ROUND(AVERAGE(G132,O132,W132),0) -> 48514 | AE132: =ROUND(+AD132*(1+$H$9),0) -> 57732 | AF132: =ROUND(AVERAGE(K132,S132,AA132),0) -> 47173 | AG132: =ROUND(+AF132*(1+$H$9),0) -> 56136 | AH132: =ROUND(GEOMEAN(G132,O132,W132),0) -> 48264 | AI132: =ROUND(AH132*(1+$H$9),0) -> 57434 | AJ132: =ROUND(GEOMEAN(K132,S132,AA132),0) -> 46984 | AK132: =ROUND(AJ132*(1+$H$9),0) -> 55911
B133: 125 | C133: CANCHA MINI-TEJO | D133: Compra de juego de mini tejo en parejas (dos unidades), canchas tipo maleta para mini tejo con plastilina, con base metálica de 50 cm de frente x 55 cm de fondo y 70 cm de alto incluyendo 6 tejos metálicos en acero, pisón y paquete de mechas. Con recubierta antioxidante. Debe incluir dos mini tejo para lanzar con dimensiones y medidas de 50 cm x 30 cm x 5 cm. | E133: UNIDAD | F133: 1 a 30 | G133: =+'PRESTIGIO '!H136 -> 849476 | H133: 0.19 | I133: =ROUND(G133*(1+H133),0) -> 1010876 | J133: 31 a 60 | K133: =+'PRESTIGIO '!L136 -> 826540 | L133: 0.19 | M133: =ROUND(K133*(1+L133),0) -> 983583 | N133: 1 a 30 | O133: =+CORSERVICS!I136 -> 658890.76 | P133: =+CORSERVICS!H136 -> 0.19 | Q133: =ROUND(O133*(1+P133),0) -> 784080 | R133: 31 a 60 | S133: =+CORSERVICS!M136 -> 658505.04 | T133: =+CORSERVICS!#REF! -> #REF! | U133: =ROUND(S133*(1+T133),0) -> #REF! | V133: 1 a 30 | W133: =+'PUBLICIDAD MOVIL'!I139 -> 802381 | X133: 0.19 | Y133: =ROUND(W133*(1+X133),0) -> 954833 | Z133: 31 a 60 | AA133: =+'PUBLICIDAD MOVIL'!M139 -> 758155 | AB133: 0.19 | AC133: =ROUND(AA133*(1+AB133),0) -> 902204 | AD133: =ROUND(AVERAGE(G133,O133,W133),0) -> 770249 | AE133: =ROUND(+AD133*(1+$H$9),0) -> 916596 | AF133: =ROUND(AVERAGE(K133,S133,AA133),0) -> 747733 | AG133: =ROUND(+AF133*(1+$H$9),0) -> 889802 | AH133: =ROUND(GEOMEAN(G133,O133,W133),0) -> 765799 | AI133: =ROUND(AH133*(1+$H$9),0) -> 911301 | AJ133: =ROUND(GEOMEAN(K133,S133,AA133),0) -> 744493 | AK133: =ROUND(AJ133*(1+$H$9),0) -> 885947
B134: 126 | C134: JUEGO DE BOLIRANA | D134: Boli rana portátil de alta calidad Bocel protector Doble sapo y latas Túnel de impacto Tubos protectores Rampla Base plegable Variedad de diseños Tapizados de tráfico Forro interno lateral DIMENSIONES 99 cm Alto 39 cm Ancho 98 cm Largo Incluye: tablero manual, balines | E134: UNIDAD | F134: 1 a 30 | G134: =+'PRESTIGIO '!H137 -> 1623187 | H134: 0.19 | I134: =ROUND(G134*(1+H134),0) -> 1931593 | J134: 31 a 60 | K134: =+'PRESTIGIO '!L137 -> 1590724 | L134: 0.19 | M134: =ROUND(K134*(1+L134),0) -> 1892962 | N134: 1 a 30 | O134: =+CORSERVICS!I137 -> 1270588.2 | P134: =+CORSERVICS!H137 -> 0.19 | Q134: =ROUND(O134*(1+P134),0) -> 1512000 | R134: 31 a 60 | S134: =+CORSERVICS!M137 -> 1270202.5 | T134: =+CORSERVICS!L133 -> 0.19 | U134: =ROUND(S134*(1+T134),0) -> 1511541 | V134: 1 a 30 | W134: =+'PUBLICIDAD MOVIL'!I140 -> 1619568 | X134: 0.19 | Y134: =ROUND(W134*(1+X134),0) -> 1927286 | Z134: 31 a 60 | AA134: =+'PUBLICIDAD MOVIL'!M140 -> 1485698 | AB134: 0.19 | AC134: =ROUND(AA134*(1+AB134),0) -> 1767981 | AD134: =ROUND(AVERAGE(G134,O134,W134),0) -> 1504448 | AE134: =ROUND(+AD134*(1+$H$9),0) -> 1790293 | AF134: =ROUND(AVERAGE(K134,S134,AA134),0) -> 1448875 | AG134: =ROUND(+AF134*(1+$H$9),0) -> 1724161 | AH134: =ROUND(GEOMEAN(G134,O134,W134),0) -> 1494827 | AI134: =ROUND(AH134*(1+$H$9),0) -> 1778844 | AJ134: =ROUND(GEOMEAN(K134,S134,AA134),0) -> 1442556 | AK134: =ROUND(AJ134*(1+$H$9),0) -> 1716642
B135: 127 | C135: JUEGO DE RANA | D135: Compra de rana de alta calidad El tablero contiene 9 perforaciones distribuidas estratégicamente, cada una con un elemento de dificultad. Materiales: Madera maciza tratada o MDF de alta densidad para soportar el impacto constante, con un tablero generalmente inclinado. Medidas estándar: 80 cm a 110 cm de altura frontal y una base de 50 cm de ancho por 50 cm de profundidad. Peso: Oscila entre 15 kg y 25 kg para garantizar estabilidad durante el impacto de las argollas. Acabado: Superficie laqueada y protegida contra impactos. Materiales: estructura en madera, madera de pino, ranas cromadas, tapiz de lujo con protector de caucho de alta resistencia. Accesorios: Seis (6) argollas en bronce y tablero de puntos Colores: variados | E135: KIT | F135: 1 a 30 | G135: =+'PRESTIGIO '!H138 -> 424120 | H135: 0.19 | I135: =ROUND(G135*(1+H135),0) -> 504703 | J135: 31 a 60 | K135: =+'PRESTIGIO '!L138 -> 417335 | L135: 0.19 | M135: =ROUND(K135*(1+L135),0) -> 496629 | N135: 1 a 30 | O135: =+CORSERVICS!I138 -> 363025.21 | P135: =+CORSERVICS!H138 -> 0.19 | Q135: =ROUND(O135*(1+P135),0) -> 432000 | R135: 31 a 60 | S135: =+CORSERVICS!M138 -> 362639.5 | T135: =+CORSERVICS!L134 -> 0.19 | U135: =ROUND(S135*(1+T135),0) -> 431541 | V135: 1 a 30 | W135: =+'PUBLICIDAD MOVIL'!I141 -> 459596 | X135: 0.19 | Y135: =ROUND(W135*(1+X135),0) -> 546919 | Z135: 31 a 60 | AA135: =+'PUBLICIDAD MOVIL'!M141 -> 414536 | AB135: 0.19 | AC135: =ROUND(AA135*(1+AB135),0) -> 493298 | AD135: =ROUND(AVERAGE(G135,O135,W135),0) -> 415580 | AE135: =ROUND(+AD135*(1+$H$9),0) -> 494540 | AF135: =ROUND(AVERAGE(K135,S135,AA135),0) -> 398170 | AG135: =ROUND(+AF135*(1+$H$9),0) -> 473822 | AH135: =ROUND(GEOMEAN(G135,O135,W135),0) -> 413619 | AI135: =ROUND(AH135*(1+$H$9),0) -> 492207 | AJ135: =ROUND(GEOMEAN(K135,S135,AA135),0) -> 397351 | AK135: =ROUND(AJ135*(1+$H$9),0) -> 472848
B136: 128 | C136: KIT DEPORTIVO ESCUELAS | D136: Kit deportivo escuelas de formación, conformado por: *20 Lazo en nylon diferentes longitudes entre 1.8 mts hasta 2.5 mts (longitud que se puede controlar para cada lazo), mango ergonómico en plástico y recubierto en colores aleatorios,: *3 escalera de coordinación de 5 metros, en reata y con separadores en PVC, colores aleatorios, *30 conos en PVC de 30 a 40 cm de alto, con agujeros *40 platillos de demarcación en PVC blando, colores aleatorios, *25 banda elástica set de 5 bandas (caja) *10 aros Ula Ula *1 Tula en lona plastisol o material impermeable similar, de dimensiones mínima de 1.2 mts de alto por 60 cm de diámetro aproximado, con boca reforzada y ojáleles para permitir cerrar con lazo. Capacidad de 20 balones mínimo. | E136: UNIDAD | F136: 1 a 30 | G136: =+'PRESTIGIO '!H139 -> 2025499 | H136: 0.19 | I136: =ROUND(G136*(1+H136),0) -> 2410344 | J136: 31 a 60 | K136: =+'PRESTIGIO '!L139 -> 1970811 | L136: 0.19 | M136: =ROUND(K136*(1+L136),0) -> 2345265 | N136: 1 a 30 | O136: =+CORSERVICS!I139 -> 1660840.3 | P136: =+CORSERVICS!H139 -> 0.19 | Q136: =ROUND(O136*(1+P136),0) -> 1976400 | R136: 31 a 60 | S136: =+CORSERVICS!M139 -> 1660454.6 | T136: =+CORSERVICS!L135 -> 0.19 | U136: =ROUND(S136*(1+T136),0) -> 1975941 | V136: 1 a 30 | W136: =+'PUBLICIDAD MOVIL'!I142 -> 2109037 | X136: 0.19 | Y136: =ROUND(W136*(1+X136),0) -> 2509754 | Z136: 31 a 60 | AA136: =+'PUBLICIDAD MOVIL'!M142 -> 1919583 | AB136: 0.19 | AC136: =ROUND(AA136*(1+AB136),0) -> 2284304 | AD136: =ROUND(AVERAGE(G136,O136,W136),0) -> 1931792 | AE136: =ROUND(+AD136*(1+$H$9),0) -> 2298832 | AF136: =ROUND(AVERAGE(K136,S136,AA136),0) -> 1850283 | AG136: =ROUND(+AF136*(1+$H$9),0) -> 2201837 | AH136: =ROUND(GEOMEAN(G136,O136,W136),0) -> 1921534 | AI136: =ROUND(AH136*(1+$H$9),0) -> 2286625 | AJ136: =ROUND(GEOMEAN(K136,S136,AA136),0) -> 1845127 | AK136: =ROUND(AJ136*(1+$H$9),0) -> 2195701
B137: 129 | C137: BALÓN DE CAUCHO PARA PILATES. | D137: Balón de PVC para Pilates, yoga, estiramiento, elaborado en Material: PVC (Policloruro de Vinilo) para diferentes usos, tales como Gimnasio, Pilates, Yoga, Estiramiento, Ejercicios, pelota Anti estallido con Diámetro: 55 cm, • Incluye inflador | E137: PAR | F137: 1 a 30 | G137: =+'PRESTIGIO '!H140 -> 39380 | H137: 0.19 | I137: =ROUND(G137*(1+H137),0) -> 46862 | J137: 31 a 60 | K137: =+'PRESTIGIO '!L140 -> 38947 | L137: 0.19 | M137: =ROUND(K137*(1+L137),0) -> 46347 | N137: 1 a 30 | O137: =+CORSERVICS!I140 -> 29949.58 | P137: =+CORSERVICS!H140 -> 0.19 | Q137: =ROUND(O137*(1+P137),0) -> 35640 | R137: 31 a 60 | S137: =+CORSERVICS!M140 -> 29563.866 | T137: =+CORSERVICS!L136 -> 0.19 | U137: =ROUND(S137*(1+T137),0) -> 35181 | V137: 1 a 30 | W137: =+'PUBLICIDAD MOVIL'!I143 -> 37524 | X137: 0.19 | Y137: =ROUND(W137*(1+X137),0) -> 44654 | Z137: 31 a 60 | AA137: =+'PUBLICIDAD MOVIL'!M143 -> 35911 | AB137: 0.19 | AC137: =ROUND(AA137*(1+AB137),0) -> 42734 | AD137: =ROUND(AVERAGE(G137,O137,W137),0) -> 35618 | AE137: =ROUND(+AD137*(1+$H$9),0) -> 42385 | AF137: =ROUND(AVERAGE(K137,S137,AA137),0) -> 34807 | AG137: =ROUND(+AF137*(1+$H$9),0) -> 41420 | AH137: =ROUND(GEOMEAN(G137,O137,W137),0) -> 35372 | AI137: =ROUND(AH137*(1+$H$9),0) -> 42093 | AJ137: =ROUND(GEOMEAN(K137,S137,AA137),0) -> 34580 | AK137: =ROUND(AJ137*(1+$H$9),0) -> 41150
B138: 130 | C138: JUEGO DE DOMINO | D138: Juego de Dominó de 28 Piezas en Caja, Juego de Mesa para Interiores, Cantidad de fichas: 28 piezas (Doble 6) o 55 piezas (Doble 9). Dimensiones de la caja: 5,3 cm de alto 6,5 cm de fondo y 18, 5 cm. de ancho. Dimensiones estándar de la ficha: 5.3 cm (largo) × 2.6 cm (ancho) × 1.0 cm (grosor). Materiales de fabricación: Polímeros de alta resistencia, acrílico, melanina o madera. Peso aproximado por set: Entre 600 g y 900 g (dependiendo del material y el estuche). Presentación y empaque: Cajas de madera, latas metálicas o estuches de cuero con broche. Capacidad de juego: Diseñado para 2 a 4 jugadores (partidas individuales o en parejas). | E138: UNIDAD | F138: 1 a 30 | G138: =+'PRESTIGIO '!H141 -> 49014 | H138: 0.19 | I138: =ROUND(G138*(1+H138),0) -> 58327 | J138: 31 a 60 | K138: =+'PRESTIGIO '!L141 -> 47495 | L138: 0.19 | M138: =ROUND(K138*(1+L138),0) -> 56519 | N138: 1 a 30 | O138: =+CORSERVICS!I141 -> 38117.647 | P138: =+CORSERVICS!H141 -> 0.19 | Q138: =ROUND(O138*(1+P138),0) -> 45360 | R138: 31 a 60 | S138: =+CORSERVICS!M141 -> 37731.933 | T138: 0.19 | U138: =ROUND(S138*(1+T138),0) -> 44901 | V138: 1 a 30 | W138: =+'PUBLICIDAD MOVIL'!I144 -> 50837 | X138: 0.19 | Y138: =ROUND(W138*(1+X138),0) -> 60496 | Z138: 31 a 60 | AA138: =+'PUBLICIDAD MOVIL'!M144 -> 45889 | AB138: 0.19 | AC138: =ROUND(AA138*(1+AB138),0) -> 54608 | AD138: =ROUND(AVERAGE(G138,O138,W138),0) -> 45990 | AE138: =ROUND(+AD138*(1+$H$9),0) -> 54728 | AF138: =ROUND(AVERAGE(K138,S138,AA138),0) -> 43705 | AG138: =ROUND(+AF138*(1+$H$9),0) -> 52009 | AH138: =ROUND(GEOMEAN(G138,O138,W138),0) -> 45626 | AI138: =ROUND(AH138*(1+$H$9),0) -> 54295 | AJ138: =ROUND(GEOMEAN(K138,S138,AA138),0) -> 43487 | AK138: =ROUND(AJ138*(1+$H$9),0) -> 51750
B139: 131 | C139: CUBO 40 CM X 40 CM | D139: Cantidad/Composición: Cubo de 40 cm x 40 cm en espuma Materiales: Espuma semi compacta de densidad 26, recubierta en lona de (6) seis colores con cremallera Especificaciones : Dimensión / Espesor / Capacidad: Dimensiones: Alto: 40 cm y Ancho 40 cm. Densidad de la espuma 26 Diseño: Cubos de 40 cm x 40 cm, en lona multicolor impermeable de fácil lavado y con cremallera cada lado del dado debe tener diferentes colores, relleno con espuma en forma cubica y densidad 26. | E139: PAR | F139: 1 a 30 | G139: =+'PRESTIGIO '!H142 -> 233656 | H139: 0.19 | I139: =ROUND(G139*(1+H139),0) -> 278051 | J139: 31 a 60 | K139: =+'PRESTIGIO '!L142 -> 226412 | L139: 0.19 | M139: =ROUND(K139*(1+L139),0) -> 269430 | N139: 1 a 30 | O139: =+CORSERVICS!I142 -> 181512.61 | P139: =+CORSERVICS!H142 -> 0.19 | Q139: =ROUND(O139*(1+P139),0) -> 216000 | R139: 31 a 60 | S139: =+CORSERVICS!M142 -> 181126.89 | T139: =+CORSERVICS!L137 -> 0.19 | U139: =ROUND(S139*(1+T139),0) -> 215541 | V139: 1 a 30 | W139: =+'PUBLICIDAD MOVIL'!I145 -> 230200 | X139: 0.19 | Y139: =ROUND(W139*(1+X139),0) -> 273938 | Z139: 31 a 60 | AA139: =+'PUBLICIDAD MOVIL'!M145 -> 211153 | AB139: 0.19 | AC139: =ROUND(AA139*(1+AB139),0) -> 251272 | AD139: =ROUND(AVERAGE(G139,O139,W139),0) -> 215123 | AE139: =ROUND(+AD139*(1+$H$9),0) -> 255996 | AF139: =ROUND(AVERAGE(K139,S139,AA139),0) -> 206231 | AG139: =ROUND(+AF139*(1+$H$9),0) -> 245415 | AH139: =ROUND(GEOMEAN(G139,O139,W139),0) -> 213729 | AI139: =ROUND(AH139*(1+$H$9),0) -> 254338 | AJ139: =ROUND(GEOMEAN(K139,S139,AA139),0) -> 205349 | AK139: =ROUND(AJ139*(1+$H$9),0) -> 244365
B140: 132 | C140: KIT EQUIPO PSICOMOTOR | D140: Kit de equipo psico motor, conformado por: Cantidad / Composición: Equipo Psicomotor Materiales: PVC Especificaciones: Dimensión / Espesor / Capacidad: Elementos que deben estar incluidos como mínimo dentro del equipo psicomotor: 3 Tablas de equilibrio, 9 Bastones plásticos de 100 cm y 9 Bastones plásticos de 70 cm. 3 Pares de huellas de mano, 3 Pares de huellas de pies, 4 Flechas rectas plásticas, 4 Flechas curvas plásticas, 4 Aros ula ula 70cm, 4 Aros ula ula 50cm, 4 Aros poligonales de 70 cm, 4 Aros poligonales de 50 cm, 2 Barras plásticas para saltar, 4 Conos multi funcionales, 4 Conectores bastón a bastón, 18 Conectores hula a bastón y 5 Conectores hula a hula, 8 Ladrillos cuadrados, 1 balón PVC de 20 cms de diámetro. Las dimensiones pueden variar de acuerdo a la construcción elegida por el docente. El empaque debe ser una maleta y/o tula en material de lona con refuerzo en sus agarres. Diseño: Piezas con guía pedagógica y maleta y/o tula resistente para guardar todas las piezas | E140: PAR | F140: 1 a 30 | G140: =+'PRESTIGIO '!H143 -> 2351238 | H140: 0.19 | I140: =ROUND(G140*(1+H140),0) -> 2797973 | J140: 31 a 60 | K140: =+'PRESTIGIO '!L143 -> 2325375 | L140: 0.19 | M140: =ROUND(K140*(1+L140),0) -> 2767196 | N140: 1 a 30 | O140: =+CORSERVICS!I143 -> 1996638.7 | P140: =+CORSERVICS!H143 -> 0.19 | Q140: =ROUND(O140*(1+P140),0) -> 2376000 | R140: 31 a 60 | S140: =+CORSERVICS!M143 -> 1996252.9 | T140: =+CORSERVICS!L138 -> 0.19 | U140: =ROUND(S140*(1+T140),0) -> 2375541 | V140: 1 a 30 | W140: =+'PUBLICIDAD MOVIL'!I146 -> 2508680 | X140: 0.19 | Y140: =ROUND(W140*(1+X140),0) -> 2985329 | Z140: 31 a 60 | AA140: =+'PUBLICIDAD MOVIL'!M146 -> 2312067 | AB140: 0.19 | AC140: =ROUND(AA140*(1+AB140),0) -> 2751360 | AD140: =ROUND(AVERAGE(G140,O140,W140),0) -> 2285519 | AE140: =ROUND(+AD140*(1+$H$9),0) -> 2719768 | AF140: =ROUND(AVERAGE(K140,S140,AA140),0) -> 2211232 | AG140: =ROUND(+AF140*(1+$H$9),0) -> 2631366 | AH140: =ROUND(GEOMEAN(G140,O140,W140),0) -> 2275170 | AI140: =ROUND(AH140*(1+$H$9),0) -> 2707452 | AJ140: =ROUND(GEOMEAN(K140,S140,AA140),0) -> 2205818 | AK140: =ROUND(AJ140*(1+$H$9),0) -> 2624923
B141: 133 | C141: PELOTA DE LETRAS DE CAUCHO NO. 5 | D141: Cantidad/Composición: Pelotas de Letras Caucho N° 5 Materiales: Caucho y Látex en colores variados Especificaciones: Dimensión / Espesor / Capacidad: Diámetro de 12 cm Diseño: Pelota de letras en material de caucho y/o látex con diámetro de 12 cm en colores variados | E141: KIT | F141: 1 a 30 | G141: =+'PRESTIGIO '!H144 -> 29226 | H141: 0.19 | I141: =ROUND(G141*(1+H141),0) -> 34779 | J141: 31 a 60 | K141: =+'PRESTIGIO '!L144 -> 28905 | L141: 0.19 | M141: =ROUND(K141*(1+L141),0) -> 34397 | N141: 1 a 30 | O141: =+CORSERVICS!I144 -> 23596.639 | P141: =+CORSERVICS!H144 -> 0.19 | Q141: =ROUND(O141*(1+P141),0) -> 28080 | R141: 31 a 60 | S141: =+CORSERVICS!M144 -> 23210.924 | T141: =+CORSERVICS!L139 -> 0.19 | U141: =ROUND(S141*(1+T141),0) -> 27621 | V141: 1 a 30 | W141: =+'PUBLICIDAD MOVIL'!I147 -> 29447 | X141: 0.19 | Y141: =ROUND(W141*(1+X141),0) -> 35042 | Z141: 31 a 60 | AA141: =+'PUBLICIDAD MOVIL'!M147 -> 27990 | AB141: 0.19 | AC141: =ROUND(AA141*(1+AB141),0) -> 33308 | AD141: =ROUND(AVERAGE(G141,O141,W141),0) -> 27423 | AE141: =ROUND(+AD141*(1+$H$9),0) -> 32633 | AF141: =ROUND(AVERAGE(K141,S141,AA141),0) -> 26702 | AG141: =ROUND(+AF141*(1+$H$9),0) -> 31775 | AH141: =ROUND(GEOMEAN(G141,O141,W141),0) -> 27283 | AI141: =ROUND(AH141*(1+$H$9),0) -> 32467 | AJ141: =ROUND(GEOMEAN(K141,S141,AA141),0) -> 26580 | AK141: =ROUND(AJ141*(1+$H$9),0) -> 31630
B142: 134 | C142: AROS ULA ULA REDONDO | D142: Ula ula mg material ABS (Acrilonitrilo Butadieno Estireno), diseño tipo plano con una curvatura pronunciada, sin uniones, brindando durabilidad, Disponible en Rojo, Azul, Amarillo, Naranja y Verde, de 60cm de diámetro interno (+/-3cm) Aprox. Medidas aproximadas: ancho 2cm, grosor 5mm. Peso 123 gramos. Aproximadamente, de marca importada y reconocida en el mercado. | E142: UNIDAD | F142: 1 a 30 | G142: =+'PRESTIGIO '!H145 -> 25678 | H142: 0.19 | I142: =ROUND(G142*(1+H142),0) -> 30557 | J142: 31 a 60 | K142: =+'PRESTIGIO '!L145 -> 25268 | L142: 0.19 | M142: =ROUND(K142*(1+L142),0) -> 30069 | N142: 1 a 30 | O142: =+CORSERVICS!I145 -> 20873.95 | P142: =+CORSERVICS!H145 -> 0.19 | Q142: =ROUND(O142*(1+P142),0) -> 24840 | R142: 31 a 60 | S142: =+CORSERVICS!M145 -> 20488.235 | T142: =+CORSERVICS!L140 -> 0.19 | U142: =ROUND(S142*(1+T142),0) -> 24381 | V142: 1 a 30 | W142: =+'PUBLICIDAD MOVIL'!I148 -> 25815 | X142: 0.19 | Y142: =ROUND(W142*(1+X142),0) -> 30720 | Z142: 31 a 60 | AA142: =+'PUBLICIDAD MOVIL'!M148 -> 24163 | AB142: 0.19 | AC142: =ROUND(AA142*(1+AB142),0) -> 28754 | AD142: =ROUND(AVERAGE(G142,O142,W142),0) -> 24122 | AE142: =ROUND(+AD142*(1+$H$9),0) -> 28705 | AF142: =ROUND(AVERAGE(K142,S142,AA142),0) -> 23306 | AG142: =ROUND(+AF142*(1+$H$9),0) -> 27734 | AH142: =ROUND(GEOMEAN(G142,O142,W142),0) -> 24007 | AI142: =ROUND(AH142*(1+$H$9),0) -> 28568 | AJ142: =ROUND(GEOMEAN(K142,S142,AA142),0) -> 23214 | AK142: =ROUND(AJ142*(1+$H$9),0) -> 27625
B143: 135 | C143: AROS ULA ULA HEXAGONALES | D143: Con su diseño hexagonal. Color: Naranja. Material: PVC de alta resistencia. Incluye: 6 anillos hexagonales y clips para ajuste. Medidas de cada anillo: Largo; 55 cm Ancho; 50 cm | E143: UNIDAD | F143: 1 a 30 | G143: =+'PRESTIGIO '!H146 -> 33536 | H143: 0.19 | I143: =ROUND(G143*(1+H143),0) -> 39908 | J143: 31 a 60 | K143: =+'PRESTIGIO '!L146 -> 32798 | L143: 0.19 | M143: =ROUND(K143*(1+L143),0) -> 39030 | N143: 1 a 30 | O143: =+CORSERVICS!I146 -> 27226.891 | P143: =+CORSERVICS!H146 -> 0.19 | Q143: =ROUND(O143*(1+P143),0) -> 32400 | R143: 31 a 60 | S143: =+CORSERVICS!M146 -> 26841.176 | T143: =+CORSERVICS!L141 -> 0.19 | U143: =ROUND(S143*(1+T143),0) -> 31941 | V143: 1 a 30 | W143: =+'PUBLICIDAD MOVIL'!I149 -> 35915 | X143: 0.19 | Y143: =ROUND(W143*(1+X143),0) -> 42739 | Z143: 31 a 60 | AA143: =+'PUBLICIDAD MOVIL'!M149 -> 32818 | AB143: 0.19 | AC143: =ROUND(AA143*(1+AB143),0) -> 39053 | AD143: =ROUND(AVERAGE(G143,O143,W143),0) -> 32226 | AE143: =ROUND(+AD143*(1+$H$9),0) -> 38349 | AF143: =ROUND(AVERAGE(K143,S143,AA143),0) -> 30819 | AG143: =ROUND(+AF143*(1+$H$9),0) -> 36675 | AH143: =ROUND(GEOMEAN(G143,O143,W143),0) -> 32008 | AI143: =ROUND(AH143*(1+$H$9),0) -> 38090 | AJ143: =ROUND(GEOMEAN(K143,S143,AA143),0) -> 30685 | AK143: =ROUND(AJ143*(1+$H$9),0) -> 36515
B144: 136 | C144: BASE INESTABLE O BOSU | D144: Incluye: Dos elásticos tubulares con agarres, inflador, bases antideslizantes Material: PVS, ABS, TPT. Trabajo de propiocepción muscular. Pilates piso. Tonificador muscular. Activación de músculos estabilizadores Uso: Profesional Color: Negro Medidas: Diámetro: 60cm Altura: 21cm | E144: UNIDAD | F144: 1 a 30 | G144: =+'PRESTIGIO '!H147 -> 293756 | H144: 0.19 | I144: =ROUND(G144*(1+H144),0) -> 349570 | J144: 31 a 60 | K144: =+'PRESTIGIO '!L147 -> 286706 | L144: 0.19 | M144: =ROUND(K144*(1+L144),0) -> 341180 | N144: 1 a 30 | O144: =+CORSERVICS!I147 -> 254117.65 | P144: =+CORSERVICS!H147 -> 0.19 | Q144: =ROUND(O144*(1+P144),0) -> 302400 | R144: 31 a 60 | S144: =+CORSERVICS!M147 -> 253731.93 | T144: =+CORSERVICS!L142 -> 0.19 | U144: =ROUND(S144*(1+T144),0) -> 301941 | V144: 1 a 30 | W144: =+'PUBLICIDAD MOVIL'!I150 -> 328198 | X144: 0.19 | Y144: =ROUND(W144*(1+X144),0) -> 390556 | Z144: 31 a 60 | AA144: =+'PUBLICIDAD MOVIL'!M150 -> 288240 | AB144: 0.19 | AC144: =ROUND(AA144*(1+AB144),0) -> 343006 | AD144: =ROUND(AVERAGE(G144,O144,W144),0) -> 292024 | AE144: =ROUND(+AD144*(1+$H$9),0) -> 347509 | AF144: =ROUND(AVERAGE(K144,S144,AA144),0) -> 276226 | AG144: =ROUND(+AF144*(1+$H$9),0) -> 328709 | AH144: =ROUND(GEOMEAN(G144,O144,W144),0) -> 290437 | AI144: =ROUND(AH144*(1+$H$9),0) -> 345620 | AJ144: =ROUND(GEOMEAN(K144,S144,AA144),0) -> 275754 | AK144: =ROUND(AJ144*(1+$H$9),0) -> 328147
B145: 137 | C145: MANCUERNAS 1 LIBRA | D145: Fabricadas con hierro y neopreno inyectado Material :Hierro y neopreno inyectado. Medidas: Profundidad: 3.5 cm. Ancho: 12 cm. Alto: 3.5 cm. Juego por dos unidades. | E145: KIT | F145: 1 a 30 | G145: =+'PRESTIGIO '!H148 -> 24482 | H145: 0.19 | I145: =ROUND(G145*(1+H145),0) -> 29134 | J145: 31 a 60 | K145: =+'PRESTIGIO '!L148 -> 23869 | L145: 0.19 | M145: =ROUND(K145*(1+L145),0) -> 28404 | N145: 1 a 30 | O145: =+CORSERVICS!I148 -> 19966.387 | P145: =+CORSERVICS!H148 -> 0.19 | Q145: =ROUND(O145*(1+P145),0) -> 23760 | R145: 31 a 60 | S145: =+CORSERVICS!M148 -> 19580.672 | T145: =+CORSERVICS!L143 -> 0.19 | U145: =ROUND(S145*(1+T145),0) -> 23301 | V145: 1 a 30 | W145: =+'PUBLICIDAD MOVIL'!I151 -> 25407 | X145: 0.19 | Y145: =ROUND(W145*(1+X145),0) -> 30234 | Z145: 31 a 60 | AA145: =+'PUBLICIDAD MOVIL'!M151 -> 23825 | AB145: 0.19 | AC145: =ROUND(AA145*(1+AB145),0) -> 28352 | AD145: =ROUND(AVERAGE(G145,O145,W145),0) -> 23285 | AE145: =ROUND(+AD145*(1+$H$9),0) -> 27709 | AF145: =ROUND(AVERAGE(K145,S145,AA145),0) -> 22425 | AG145: =ROUND(+AF145*(1+$H$9),0) -> 26686 | AH145: =ROUND(GEOMEAN(G145,O145,W145),0) -> 23158 | AI145: =ROUND(AH145*(1+$H$9),0) -> 27558 | AJ145: =ROUND(GEOMEAN(K145,S145,AA145),0) -> 22330 | AK145: =ROUND(AJ145*(1+$H$9),0) -> 26573
B146: 138 | C146: MANCUERNAS 2 LIBRAS | D146: Fabricadas con hierro y neopreno inyectado Material :Hierro y neopreno inyectado. Medidas: Profundidad: 3.5 cm. Ancho: 12 cm. Alto: 3.5 cm. Juego por dos unidades. | E146: UNIDAD | F146: 1 a 30 | G146: =+'PRESTIGIO '!H149 -> 29769 | H146: 0.19 | I146: =ROUND(G146*(1+H146),0) -> 35425 | J146: 31 a 60 | K146: =+'PRESTIGIO '!L149 -> 29203 | L146: 0.19 | M146: =ROUND(K146*(1+L146),0) -> 34752 | N146: 1 a 30 | O146: =+CORSERVICS!I149 -> 22689.076 | P146: =+CORSERVICS!H149 -> 0.19 | Q146: =ROUND(O146*(1+P146),0) -> 27000 | R146: 31 a 60 | S146: =+CORSERVICS!M149 -> 22303.361 | T146: =+CORSERVICS!L144 -> 0.19 | U146: =ROUND(S146*(1+T146),0) -> 26541 | V146: 1 a 30 | W146: =+'PUBLICIDAD MOVIL'!I152 -> 27959 | X146: 0.19 | Y146: =ROUND(W146*(1+X146),0) -> 33271 | Z146: 31 a 60 | AA146: =+'PUBLICIDAD MOVIL'!M152 -> 26829 | AB146: 0.19 | AC146: =ROUND(AA146*(1+AB146),0) -> 31927 | AD146: =ROUND(AVERAGE(G146,O146,W146),0) -> 26806 | AE146: =ROUND(+AD146*(1+$H$9),0) -> 31899 | AF146: =ROUND(AVERAGE(K146,S146,AA146),0) -> 26112 | AG146: =ROUND(+AF146*(1+$H$9),0) -> 31073 | AH146: =ROUND(GEOMEAN(G146,O146,W146),0) -> 26630 | AI146: =ROUND(AH146*(1+$H$9),0) -> 31690 | AJ146: =ROUND(GEOMEAN(K146,S146,AA146),0) -> 25950 | AK146: =ROUND(AJ146*(1+$H$9),0) -> 30881
B147: 139 | C147: MANCUERNAS 3 LIBRAS | D147: Fabricadas con hierro y neopreno inyectado Material :Hierro y neopreno inyectado. Medidas: Profundidad: 3.5 cm. Ancho: 12 cm. Alto: 3.5 cm. Juego por dos unidades. | E147: UNIDAD | F147: 1 a 30 | G147: =+'PRESTIGIO '!H150 -> 33378 | H147: 0.19 | I147: =ROUND(G147*(1+H147),0) -> 39720 | J147: 31 a 60 | K147: =+'PRESTIGIO '!L150 -> 32944 | L147: 0.19 | M147: =ROUND(K147*(1+L147),0) -> 39203 | N147: 1 a 30 | O147: =+CORSERVICS!I150 -> 25411.765 | P147: =+CORSERVICS!H150 -> 0.19 | Q147: =ROUND(O147*(1+P147),0) -> 30240 | R147: 31 a 60 | S147: =+CORSERVICS!M150 -> 25026.05 | T147: =+CORSERVICS!L145 -> 0.19 | U147: =ROUND(S147*(1+T147),0) -> 29781 | V147: 1 a 30 | W147: =+'PUBLICIDAD MOVIL'!I153 -> 31957 | X147: 0.19 | Y147: =ROUND(W147*(1+X147),0) -> 38029 | Z147: 31 a 60 | AA147: =+'PUBLICIDAD MOVIL'!M153 -> 30466 | AB147: 0.19 | AC147: =ROUND(AA147*(1+AB147),0) -> 36255 | AD147: =ROUND(AVERAGE(G147,O147,W147),0) -> 30249 | AE147: =ROUND(+AD147*(1+$H$9),0) -> 35996 | AF147: =ROUND(AVERAGE(K147,S147,AA147),0) -> 29479 | AG147: =ROUND(+AF147*(1+$H$9),0) -> 35080 | AH147: =ROUND(GEOMEAN(G147,O147,W147),0) -> 30039 | AI147: =ROUND(AH147*(1+$H$9),0) -> 35746 | AJ147: =ROUND(GEOMEAN(K147,S147,AA147),0) -> 29286 | AK147: =ROUND(AJ147*(1+$H$9),0) -> 34850
B148: 140 | C148: MANCUERNAS 4 LIBRAS | D148: Fabricadas con hierro y neopreno inyectado Material :Hierro y neopreno inyectado. Medidas: Profundidad: 3.5 cm. Ancho: 12 cm. Alto: 3.5 cm. Juego por dos unidades. | E148: UNIDAD | F148: 1 a 30 | G148: =+'PRESTIGIO '!H151 -> 37218 | H148: 0.19 | I148: =ROUND(G148*(1+H148),0) -> 44289 | J148: 31 a 60 | K148: =+'PRESTIGIO '!L151 -> 36585 | L148: 0.19 | M148: =ROUND(K148*(1+L148),0) -> 43536 | N148: 1 a 30 | O148: =+CORSERVICS!I151 -> 28134.454 | P148: =+CORSERVICS!H151 -> 0.19 | Q148: =ROUND(O148*(1+P148),0) -> 33480 | R148: 31 a 60 | S148: =+CORSERVICS!M151 -> 27748.739 | T148: =+CORSERVICS!L146 -> 0.19 | U148: =ROUND(S148*(1+T148),0) -> 33021 | V148: 1 a 30 | W148: =+'PUBLICIDAD MOVIL'!I154 -> 35400 | X148: 0.19 | Y148: =ROUND(W148*(1+X148),0) -> 42126 | Z148: 31 a 60 | AA148: =+'PUBLICIDAD MOVIL'!M154 -> 33759 | AB148: 0.19 | AC148: =ROUND(AA148*(1+AB148),0) -> 40173 | AD148: =ROUND(AVERAGE(G148,O148,W148),0) -> 33584 | AE148: =ROUND(+AD148*(1+$H$9),0) -> 39965 | AF148: =ROUND(AVERAGE(K148,S148,AA148),0) -> 32698 | AG148: =ROUND(+AF148*(1+$H$9),0) -> 38911 | AH148: =ROUND(GEOMEAN(G148,O148,W148),0) -> 33343 | AI148: =ROUND(AH148*(1+$H$9),0) -> 39678 | AJ148: =ROUND(GEOMEAN(K148,S148,AA148),0) -> 32482 | AK148: =ROUND(AJ148*(1+$H$9),0) -> 38654
B149: 141 | C149: MANCUERNAS 5 LIBRAS | D149: Fabricadas con hierro y neopreno inyectado Material :Hierro y neopreno inyectado. Medidas: Profundidad: 3.5 cm. Ancho: 12 cm. Alto: 3.5 cm. Juego por dos unidades. | E149: UNIDAD | F149: 1 a 30 | G149: =+'PRESTIGIO '!H152 -> 39887 | H149: 0.19 | I149: =ROUND(G149*(1+H149),0) -> 47466 | J149: 31 a 60 | K149: =+'PRESTIGIO '!L152 -> 38850 | L149: 0.19 | M149: =ROUND(K149*(1+L149),0) -> 46232 | N149: 1 a 30 | O149: =+CORSERVICS!I152 -> 32672.269 | P149: =+CORSERVICS!H152 -> 0.19 | Q149: =ROUND(O149*(1+P149),0) -> 38880 | R149: 31 a 60 | S149: =+CORSERVICS!M152 -> 32286.555 | T149: =+CORSERVICS!L147 -> 0.19 | U149: =ROUND(S149*(1+T149),0) -> 38421 | V149: 1 a 30 | W149: =+'PUBLICIDAD MOVIL'!I155 -> 40758 | X149: 0.19 | Y149: =ROUND(W149*(1+X149),0) -> 48502 | Z149: 31 a 60 | AA149: =+'PUBLICIDAD MOVIL'!M155 -> 38736 | AB149: 0.19 | AC149: =ROUND(AA149*(1+AB149),0) -> 46096 | AD149: =ROUND(AVERAGE(G149,O149,W149),0) -> 37772 | AE149: =ROUND(+AD149*(1+$H$9),0) -> 44949 | AF149: =ROUND(AVERAGE(K149,S149,AA149),0) -> 36624 | AG149: =ROUND(+AF149*(1+$H$9),0) -> 43583 | AH149: =ROUND(GEOMEAN(G149,O149,W149),0) -> 37590 | AI149: =ROUND(AH149*(1+$H$9),0) -> 44732 | AJ149: =ROUND(GEOMEAN(K149,S149,AA149),0) -> 36490 | AK149: =ROUND(AJ149*(1+$H$9),0) -> 43423
B150: 142 | C150: MANCUERNAS 6 LIBRAS | D150: Fabricadas con hierro y neopreno inyectado Material :Hierro y neopreno inyectado. Medidas: Profundidad: 3.5 cm. Ancho: 12 cm. Alto: 3.5 cm. Juego por dos unidades. | E150: PAR | F150: 1 a 30 | G150: =+'PRESTIGIO '!H153 -> 43879 | H150: 0.19 | I150: =ROUND(G150*(1+H150),0) -> 52216 | J150: 31 a 60 | K150: =+'PRESTIGIO '!L153 -> 42211 | L150: 0.19 | M150: =ROUND(K150*(1+L150),0) -> 50231 | N150: 1 a 30 | O150: =+CORSERVICS!I153 -> 34487.395 | P150: =+CORSERVICS!H153 -> 0.19 | Q150: =ROUND(O150*(1+P150),0) -> 41040 | R150: 31 a 60 | S150: =+CORSERVICS!M153 -> 34101.681 | T150: =+CORSERVICS!L148 -> 0.19 | U150: =ROUND(S150*(1+T150),0) -> 40581 | V150: 1 a 30 | W150: =+'PUBLICIDAD MOVIL'!I156 -> 42970 | X150: 0.19 | Y150: =ROUND(W150*(1+X150),0) -> 51134 | Z150: 31 a 60 | AA150: =+'PUBLICIDAD MOVIL'!M156 -> 41115 | AB150: 0.19 | AC150: =ROUND(AA150*(1+AB150),0) -> 48927 | AD150: =ROUND(AVERAGE(G150,O150,W150),0) -> 40445 | AE150: =ROUND(+AD150*(1+$H$9),0) -> 48130 | AF150: =ROUND(AVERAGE(K150,S150,AA150),0) -> 39143 | AG150: =ROUND(+AF150*(1+$H$9),0) -> 46580 | AH150: =ROUND(GEOMEAN(G150,O150,W150),0) -> 40212 | AI150: =ROUND(AH150*(1+$H$9),0) -> 47852 | AJ150: =ROUND(GEOMEAN(K150,S150,AA150),0) -> 38970 | AK150: =ROUND(AJ150*(1+$H$9),0) -> 46374
... B197: 189 | C197: VIGA DE EQUILIBRIO | D197: VIGA EN MADERA DE 3 MTS DE LARGO X 70 CMS A 100 CMS DE ALTO (MEDIDAS APROXIMADAS DE ACUERDO A MARCA) Y BASE METÁLICA GRADUABLE | E197: UNIDAD | F197: 1 a 30 | G197: =+'PRESTIGIO '!H200 -> 5435379 | H197: 0.19 | I197: =ROUND(G197*(1+H197),0) -> 6468101 | J197: 31 a 60 | K197: =+'PRESTIGIO '!L200 -> 5353848 | L197: 0.19 | M197: =ROUND(K197*(1+L197),0) -> 6371079 | N197: 1 a 30 | O197: =+CORSERVICS!I200 -> 4447058.8 | P197: =+CORSERVICS!H200 -> 0.19 | Q197: =ROUND(O197*(1+P197),0) -> 5292000 | R197: 31 a 60 | S197: =+CORSERVICS!M200 -> 4446673.1 | T197: =+CORSERVICS!L195 -> 0.19 | U197: =ROUND(S197*(1+T197),0) -> 5291541 | V197: 1 a 30 | W197: =+'PUBLICIDAD MOVIL'!I203 -> 5136407 | X197: 0.19 | Y197: =ROUND(W197*(1+X197),0) -> 6112324 | Z197: 31 a 60 | AA197: =+'PUBLICIDAD MOVIL'!M203 -> 5123058 | AB197: 0.19 | AC197: =ROUND(AA197*(1+AB197),0) -> 6096439 | AD197: =ROUND(AVERAGE(G197,O197,W197),0) -> 5006282 | AE197: =ROUND(+AD197*(1+$H$9),0) -> 5957476 | AF197: =ROUND(AVERAGE(K197,S197,AA197),0) -> 4974526 | AG197: =ROUND(+AF197*(1+$H$9),0) -> 5919686 | AH197: =ROUND(GEOMEAN(G197,O197,W197),0) -> 4988700 | AI197: =ROUND(AH197*(1+$H$9),0) -> 5936553 | AJ197: =ROUND(GEOMEAN(K197,S197,AA197),0) -> 4959183 | AK197: =ROUND(AJ197*(1+$H$9),0) -> 5901428
B198: 190 | C198: CANECA TUNEL MULTICOLOR | D198: DIMENSIONES: LARGO 90 CM Y DIÁMETRO 60 CM. DENSIDAD DE LA ESPUMA 26 | E198: PAR | F198: 1 a 30 | G198: =+'PRESTIGIO '!H201 -> 259855 | H198: 0.19 | I198: =ROUND(G198*(1+H198),0) -> 309227 | J198: 31 a 60 | K198: =+'PRESTIGIO '!L201 -> 254917 | L198: 0.19 | M198: =ROUND(K198*(1+L198),0) -> 303351 | N198: 1 a 30 | O198: =+CORSERVICS!I201 -> 226890.76 | P198: =+CORSERVICS!H201 -> 0.19 | Q198: =ROUND(O198*(1+P198),0) -> 270000 | R198: 31 a 60 | S198: =+CORSERVICS!M201 -> 226505.04 | T198: =+CORSERVICS!L197 -> 0.19 | U198: =ROUND(S198*(1+T198),0) -> 269541 | V198: 1 a 30 | W198: =+'PUBLICIDAD MOVIL'!I204 -> 292385 | X198: 0.19 | Y198: =ROUND(W198*(1+X198),0) -> 347938 | Z198: 31 a 60 | AA198: =+'PUBLICIDAD MOVIL'!M204 -> 261957 | AB198: 0.19 | AC198: =ROUND(AA198*(1+AB198),0) -> 311729 | AD198: =ROUND(AVERAGE(G198,O198,W198),0) -> 259710 | AE198: =ROUND(+AD198*(1+$H$9),0) -> 309055 | AF198: =ROUND(AVERAGE(K198,S198,AA198),0) -> 247793 | AG198: =ROUND(+AF198*(1+$H$9),0) -> 294874 | AH198: =ROUND(GEOMEAN(G198,O198,W198),0) -> 258326 | AI198: =ROUND(AH198*(1+$H$9),0) -> 307408 | AJ198: =ROUND(GEOMEAN(K198,S198,AA198),0) -> 247307 | AK198: =ROUND(AJ198*(1+$H$9),0) -> 294295
C199: TOTAL | I199: =SUM(I9:I198) -> 54731358 | M199: =SUM(M9:M198) -> 53502397 | Q199: =SUM(Q9:Q198) -> 44340912 | U199: =SUM(U9:U198) -> #REF! | Y199: =SUM(Y9:Y198) -> 53500399 | AC199: =SUM(AC9:AC198) -> 50299128 | AH199: =SUM(AH9:AH198) -> 42513819 | AI199: =SUM(AI9:AI198) -> 50591449 | AJ199: =SUM(AJ9:AJ198) -> 41323617 | AK199: =SUM(AK9:AK198) -> 49175107
A200: NOTA 1. No se aceptarán cotizaciones parciales ni que omitan alguno de los item solicitados.
A201: NOTA 2. El valor unitario debe incluir IVA y todos los costos directos e indirectos, impuestos, tasas y contribuciones a que haya lugar.
A202: NOTA 3. Las cantidades relacionadas son un marco de referencia para el proceso, no obstante pueden variar dependiendo la necesidad de la entidad
A203: NOTA 4. Revisar todos los requerimientos que se relacionan en el documento "ANEXO TÉCNICO" y formular su cotización en concordancia con este, garantizando que el bien y/o servicio ofrecido cumpla en su totalidad con las especificaciones técnicas descritas.
A204: NOTA 5. El precio de la cotización debe ser expresado en PESOS COLOMBIANOS.
A205: NOTA 6. Los valores unitarios deberán aproximarse por exceso o por defecto al entero más cercano así: (i) Si es igual o superior a 50 centavos, se aproxima al entero siguiente; (ii) si es inferior a 50 centavos se baja al entero anterior.
A206: NOTA 7. No modificar, agregar o quitar ningún ítem o sub-ítem.
A207: NOTA 8. La cotización tiene una vigencia de 90 dias a partir de la fecha de diligenciamiento.
A208: NOTA 9. se precisa que las cantidades totales presentadas por ítem son estimadas y podrán variar en su totalidad de acuerdo con las necesidades del fondo de desarrollo local de kennedy en la ejecución, sin sobrepasar el presupuesto total del contrato
A209: NOTA 10. Diligenciar los dos rangos de precios establecidos en la cotizacion

Sheet PRESTIGIO 
C3: FORMATO DE COTIZACION
C4: OBJETO: Suministro, adquisición de implementos, artículos, accesorios y bienes deportivos destinados a personas beneficiadas con la entrega de dotaciones deportivas, beneficiar a los colectivos u organizaciones recreo-deportivas, y personas beneficiadas con actividades recreo-deportivas comunitarias de la Localidad de Kennedy, en el marco de los proyectos de inversión No. 2784 "Kennedy Fuerza Local Pasión por el Deporte", No. 2377 "Kennedy Germinando Futuros" y No. 2646 "Kennedy Espacios de Buen Trato".
B6: RAZÓN SOCIAL / NOMBRE: | D6: PRESTIGIO EMPRESARIAL DE COLOMBIA S.A.S | E6: NIT / C.C.: | G6: 901257050-0
B7: CORREO ELECTRÓNICO: | D7: EMPRESARIAL.PRESTIGIO@GMAIL.COM | E7: DIRECCIÓN: | G7: Calle 29a carrera 13-45 LC 105
B8: FECHA DE DILIGENCIAMIENTO | D8: 5 DE OCTUBRE DE 2026 | E8: TELÉFONO: | G8: 3216632008
G10: RANGOS A COTIZAR 1 | K10: RANGO a COTIZAR 2
B11: No. | C11: ITEM | D11: CARACTERISTICAS | E11: UNIDAD DE MEDIDA | F11: UNIDADES ESTIMADAS | G11: UNIDADES | H11: VALOR UNITARIO ANTES DE IVA | I11: PORCENTAJE DE IVA | J11: VALOR TOTAL INCLUIDO IVA | K11: UNIDADES | L11: VALOR UNITARIO ANTES DE IVA | M11: PORCENTAJE DE IVA | N11: VALOR TOTAL INCLUIDO IVA | O11: VALIDADOR
B12: 1 | C12: BALON FUTBOL # 5 | D12: Materiales: Cubierta en material sintético laminado y/o cosido; Enmallado en Nailon de alta tenacidad y flexibilidad. Impermeable. Especificaciones : Dimensión / Espesor / Capacidad: Peso entre 0.5kg y 1kg, Tamaño: (L x P x A cm) 21x21x21 Rebote controlado entre 110 a 155 cm Bajo condiciones de temperatura de 20 grados. Alta resistencia al impacto y al desgaste absorción de humedad mínima, excelente calidad Aprobado y/o certificado bajo las normas establecidas oficiales. Aprobado y/o certificado por la federación nacional y/o internacional de la modalidad deportiva (FCF, DIMAYOR, FIFA), evidencia de lo cual será el sello sobre la superficie de cada balón. Diseño: El Balón debe mantener su peso original e impermeabilidad, para uso exterior e interior en diferentes superficies de juego. | E12: UNIDAD | F12: 500 | G12: 1 a 30 | H12: 196366 | I12: 0.19 | J12: =ROUND(H12*(1+I12),0) -> 233676 | K12: 31 a 60 | L12: 183808 | M12: 0.19 | N12: =ROUND(L12*(1+M12),0) -> 218732 | O12: =IF(J12<N12,"EL VALOR DEL RANGO 2 NO PUEDE SER SUPERIOR AL RANGO 1 ","")
B13: 2 | C13: BALON FUTBOL # 4 | D13: Materiales: Cubierta en material sintético laminado y/o cosido; Enmallado en Nailon de alta tenacidad y flexibilidad. Impermeable. Especificaciones : Dimensión / Espesor / Capacidad: Peso entre 350 a 410g, Circunferencia entre 63cm a 66cm, Rebote entre 110 a 155 cm Bajo condiciones de temperatura de 20 grados. Alta resistencia al impacto y al desgaste absorción de humedad mínima, excelente calidad Aprobado y/o certificado bajo las normas establecidas oficiales. Aprobado y/o certificado por la federación nacional y/o internacional de la modalidad deportiva (FCF, DIMAYOR, FIFA), Evidencia de lo cual será el sello sobre la superficie de cada balón. Diseño: El Balón debe mantener su peso original e impermeabilidad, para uso exterior e interior en diferentes superficies de juego. | E13: UNIDAD | F13: 300 | G13: 1 a 30 | H13: 183275 | I13: 0.19 | J13: =ROUND(H13*(1+I13),0) -> 218097 | K13: 31 a 60 | L13: 182130 | M13: 0.19 | N13: =ROUND(L13*(1+M13),0) -> 216735 | O13: =IF(J13<N13,"EL VALOR DEL RANGO 2 NO PUEDE SER SUPERIOR AL RANGO 1 ","")
B14: 3 | C14: BALON FUTBOL #3 | D14: Balón de marca reconocida laminado, con bomba en material butilo, balón No 3. Peso de 270 a 340 grs, circunferencia de 58 a 60 cm, rebote de 95 a 125 cm | E14: UNIDAD | F14: 200 | G14: 1 a 30 | H14: 175709 | I14: 0.19 | J14: =ROUND(H14*(1+I14),0) -> 209094 | K14: 31 a 60 | L14: 172070 | M14: 0.19 | N14: =ROUND(L14*(1+M14),0) -> 204763 | O14: =IF(J14<N14,"EL VALOR DEL RANGO 2 NO PUEDE SER SUPERIOR AL RANGO 1 ","")
B15: 4 | C15: BALON FUNDAMENTACION FUTBOL | D15: Pelota para fundamentación Inflable elaborada en material a base de PVC, sin cámara de Aire para Fútbol/voleibol con peso de 280 grs, soporta hasta 4 lb de presión de aire, diseño de 32 paneles con pentágonos en color negro e interior de color azul, roja, blanca o amarillo. de superficie Lisa, Diámetro de 21 cm aprox. Importada de marca reconocida en el mercado | E15: UNIDAD | F15: 200 | G15: 1 a 30 | H15: 52527 | I15: 0.19 | J15: =ROUND(H15*(1+I15),0) -> 62507 | K15: 31 a 60 | L15: 50899 | M15: 0.19 | N15: =ROUND(L15*(1+M15),0) -> 60570 | O15: =IF(J15<N15,"EL VALOR DEL RANGO 2 NO PUEDE SER SUPERIOR AL RANGO 1 ","")
B16: 5 | C16: TULA BALONERA | D16: Tula en lona, tipo morral, con refuerzo en la parte inferior, con capacidad para 15 balones, nylon reforzado de 65 cm de diámetro y 110 cm de altura ojales metálicos con pin metálico para candado y candado de seguridad mediano incluido, costura reforzada, correas en lona para carga. | E16: UNIDAD | F16: 100 | G16: 1 a 30 | H16: 128358 | I16: 0.19 | J16: =ROUND(H16*(1+I16),0) -> 152746 | K16: 31 a 60 | L16: 125149 | M16: 0.19 | N16: =ROUND(L16*(1+M16),0) -> 148927 | O16: =IF(J16<N16,"EL VALOR DEL RANGO 2 NO PUEDE SER SUPERIOR AL RANGO 1 ","")
B17: 6 | C17: BASE PARA ESTACAS | D17: Material Polietileno Base: 22 cm. Altura: 15 cm. Peso : 206 Gramos | E17: UNIDAD | F17: 200 | G17: 1 a 30 | H17: 16192 | I17: 0.19 | J17: =ROUND(H17*(1+I17),0) -> 19268 | K17: 31 a 60 | L17: 15578 | M17: 0.19 | N17: =ROUND(L17*(1+M17),0) -> 18538 | O17: =IF(J17<N17,"EL VALOR DEL RANGO 2 NO PUEDE SER SUPERIOR AL RANGO 1 ","")
B18: 7 | C18: ESTACAS | D18: Estaca Bastón de Coordinación de 1,80 Metros Fabricado con polietileno de alto impacto, Alta Resistencia. | E18: UNIDAD | F18: 200 | G18: 1 a 30 | H18: 19841 | I18: 0.19 | J18: =ROUND(H18*(1+I18),0) -> 23611 | K18: 31 a 60 | L18: 19525 | M18: 0.19 | N18: =ROUND(L18*(1+M18),0) -> 23235 | O18: =IF(J18<N18,"EL VALOR DEL RANGO 2 NO PUEDE SER SUPERIOR AL RANGO 1 ","")
B19: 8 | C19: UNIFORME PARA FÚTBOL Y FÚTBOL SALA | D19: Conformado por Camiseta: para uniforme en tela oriol 100% poliéster uniforme en transfer, Cuello en “V”, Mangas cortas con doble costura en el extremo de cada una. Estampado con Logotipos (Institucionales al frente a la altura del pecho) y Numeración correspondiente en la espalda. Pantaloneta: Pantaloneta para Uniforme en poliéster uniforme en transfer, largo a media rodilla (de acuerdo a la talla), pretina con elástico de 4 centímetros, alta densidad, cordón en la cintura, forrada en malla yugoslava, con estampado en transfer y con Bordado logotipos (Institucionales) y Numeración correspondiente al frente en la parte derecha. Medias: Par de medias en microfibra de nylon, doble malla, 8 pulgadas de altura y logos institucionales Diseño: masculino o femenino según se requiera. TALLAS 4, 6, 8 | E19: UNIDAD | F19: 200 | G19: 1 a 30 | H19: 90655 | I19: 0.19 | J19: =ROUND(H19*(1+I19),0) -> 107879 | K19: 31 a 60 | L19: 89748 | M19: 0.19 | N19: =ROUND(L19*(1+M19),0) -> 106800 | O19: =IF(J19<N19,"EL VALOR DEL RANGO 2 NO PUEDE SER SUPERIOR AL RANGO 1 ","")
B20: 9 | C20: UNIFORME PARA FÚTBOL Y FÚTBOL SALA | D20: Conformado por Camiseta: para uniforme en tela oriol 100% poliéster uniforme en transfer, Cuello en “V”, Mangas cortas con doble costura en el extremo de cada una. Estampado con Logotipos (Institucionales al frente a la altura del pecho) y Numeración correspondiente en la espalda. Pantaloneta: Pantaloneta para Uniforme en poliéster uniforme en transfer, largo a media rodilla (de acuerdo a la talla), pretina con elástico de 4 centímetros, alta densidad, cordón en la cintura, forrada en malla yugoslava, con estampado en transfer y con Bordado logotipos (Institucionales) y Numeración correspondiente al frente en la parte derecha. Medias: Par de medias en microfibra de nylon, doble malla, 8 pulgadas de altura y logos institucionales Diseño: masculino o femenino según se requiera. TALLA 10,12, 14, 16, S | E20: UNIDAD | F20: 200 | G20: 1 a 30 | H20: 92967 | I20: 0.19 | J20: =ROUND(H20*(1+I20),0) -> 110631 | K20: 31 a 60 | L20: 89528 | M20: 0.19 | N20: =ROUND(L20*(1+M20),0) -> 106538 | O20: =IF(J20<N20,"EL VALOR DEL RANGO 2 NO PUEDE SER SUPERIOR AL RANGO 1 ","")
B21: 10 | C21: UNIFORME PARA FÚTBOL Y FÚTBOL SALA | D21: Conformado por Camiseta: para uniforme en tela oriol 100% poliéster uniforme en transfer, Cuello en “V”, Mangas cortas con doble costura en el extremo de cada una. Estampado con Logotipos (Institucionales al frente a la altura del pecho) y Numeración correspondiente en la espalda. Pantaloneta: Pantaloneta para Uniforme en poliéster uniforme en transfer, largo a media rodilla (de acuerdo a la talla), pretina con elástico de 4 centímetros, alta densidad, cordón en la cintura, forrada en malla yugoslava, con estampado en transfer y con Bordado logotipos (Institucionales) y Numeración correspondiente al frente en la parte derecha. Medias: Par de medias en microfibra de nylon, doble malla, 8 pulgadas de altura y logos institucionales Diseño: masculino o femenino según se requiera. TALLAS M, L, XL, XXL | E21: UNIDAD | F21: 200 | G21: 1 a 30 | H21: 92567 | I21: 0.19 | J21: =ROUND(H21*(1+I21),0) -> 110155 | K21: 31 a 60 | L21: 89327 | M21: 0.19 | N21: =ROUND(L21*(1+M21),0) -> 106299 | O21: =IF(J21<N21,"EL VALOR DEL RANGO 2 NO PUEDE SER SUPERIOR AL RANGO 1 ","")
B22: 11 | C22: SUDADERA DEPORTIVA | D22: Sudadera deportiva en Poliéster tela Adidas, Monaco o tela Polar tipo impermeable compuesta de chaqueta y pantalón. Chaqueta con cierre de cremallera, bolsillos laterales y caucho elastico en los puños. Pantalón con bolsillos laterales y cauchos elasticos en el final del pantalón Chaqueta y pantalón con logotipos según parámetros de la alcaldía local. Diseño: masculino o femenino según se requiera. TALLA 4, 6, 8 | E22: UNIDAD | F22: 200 | G22: 1 a 30 | H22: 117900 | I22: 0.19 | J22: =ROUND(H22*(1+I22),0) -> 140301 | K22: 31 a 60 | L22: 115306 | M22: 0.19 | N22: =ROUND(L22*(1+M22),0) -> 137214 | O22: =IF(J22<N22,"EL VALOR DEL RANGO 2 NO PUEDE SER SUPERIOR AL RANGO 1 ","")
B23: 12 | C23: SUDADERA DEPORTIVA | D23: Sudadera deportiva en Poliéster tela Adidas, Monaco o tela Polar tipo impermeable compuesta de chaqueta y pantalón. Chaqueta con cierre de cremallera, bolsillos laterales y caucho elastico en los puños. Pantalón con bolsillos laterales y cauchos elasticos en el final del pantalón Chaqueta y pantalón con logotipos según parámetros de la alcaldía local. Diseño: masculino o femenino según se requiera. TALLAS 10, 12,14, 16, S | E23: UNIDAD | F23: 200 | G23: 1 a 30 | H23: 118137 | I23: 0.19 | J23: =ROUND(H23*(1+I23),0) -> 140583 | K23: 31 a 60 | L23: 116956 | M23: 0.19 | N23: =ROUND(L23*(1+M23),0) -> 139178 | O23: =IF(J23<N23,"EL VALOR DEL RANGO 2 NO PUEDE SER SUPERIOR AL RANGO 1 ","")
... B125: 114 | C125: UNIFORME DE TENIS DE MESA | D125: Camisa tipo polo: En Tela en algodón 100% alta calidad, en colores vivos y 2 logos institucionales en sublimación estampada. Pantaloneta: Pantaloneta para Uniforme en poliéster uniforme en transfer, largo a media rodilla (de acuerdo a la talla), pretina con elástico de 4 centímetros, alta densidad, cordón en la cintura, forrada en malla yugoslava, con estampado en transfer y con Bordado logotipos (Institucionales) y Numeración correspondiente al frente en la parte derecha. Medias: Par de medias en microfibra de nylon, doble malla, tipo tobillera y logos institucionales TALLAS M, L, XL, XXL | E125: UNIDAD | F125: 20 | G125: 1 a 30 | H125: 100059 | I125: 0.19 | J125: =ROUND(H125*(1+I125),0) -> 119070 | K125: 31 a 60 | L125: 98658 | M125: 0.19 | N125: =ROUND(L125*(1+M125),0) -> 117403 | O125: =IF(J125<N125,"EL VALOR DEL RANGO 2 NO PUEDE SER SUPERIOR AL RANGO 1 ","")
B126: 115 | C126: RUEDA ABDOMINAL | D126: Material: PVC de alta resistencia, rueda recubierta en caucho antideslizante, manillares recubiertos en espuma Medidas: Diámetro: 17cm. Grosor de rueda: 5cm | E126: UNIDAD | F126: 50 | G126: 1 a 30 | H126: 46828 | I126: 0.19 | J126: =ROUND(H126*(1+I126),0) -> 55725 | K126: 31 a 60 | L126: 46173 | M126: 0.19 | N126: =ROUND(L126*(1+M126),0) -> 54946
B127: 116 | C127: RUEDA ABDOMINAL 3 RUEDAS | D127: Materiales: PVC de alta resistencia, manillares recubiertos de espuma. Medidas: Largo: 14 cm Ancho: 29 cm Alto: 12 cm Incluye: 1 colchoneta de apoyo para rodillas 1 tope de seguridad | E127: UNIDAD | F127: 50 | G127: 1 a 30 | H127: 132390 | I127: 0.19 | J127: =ROUND(H127*(1+I127),0) -> 157544 | K127: 31 a 60 | L127: 130934 | M127: 0.19 | N127: =ROUND(L127*(1+M127),0) -> 155811 | O127: =IF(J127<N127,"EL VALOR DEL RANGO 2 NO PUEDE SER SUPERIOR AL RANGO 1 ","")
B128: 117 | C128: SOPORTE ABDOMINAL | D128: Material: Espuma de alta densidad forrada en cordobán impermeable. Medidas: Largo; 43 cm. Ancho; 30 cm. Alto; 6 cm. Uso: domestico, institucional y profesional. | E128: UNIDAD | F128: 10 | G128: 1 a 30 | H128: 65446 | I128: 0.19 | J128: =ROUND(H128*(1+I128),0) -> 77881 | K128: 31 a 60 | L128: 63679 | M128: 0.19 | N128: =ROUND(L128*(1+M128),0) -> 75778 | O128: =IF(J128<N128,"EL VALOR DEL RANGO 2 NO PUEDE SER SUPERIOR AL RANGO 1 ","")
B129: 118 | C129: ANILLAS DE MADERA | D129: Incluye: 2 anillos para gimnasia. 2 reatas con hebillas de seguridad. Aros en madera, reatas de nylon. Medidas: Diámetro del anillo: 23 cm. Longitud de reatas: 515 cm Diámetro Interno: 17 cm. Diámetro Externo: 23.5 cm. Diámetro Agarra: 3.1 cm. Resistencia: 600 lb. | E129: PAR | F129: 1 | G129: 1 a 30 | H129: 189101 | I129: 0.19 | J129: =ROUND(H129*(1+I129),0) -> 225030 | K129: 31 a 60 | L129: 181915 | M129: 0.19 | N129: =ROUND(L129*(1+M129),0) -> 216479 | O129: =IF(J129<N129,"EL VALOR DEL RANGO 2 NO PUEDE SER SUPERIOR AL RANGO 1 ","")
B130: 119 | C130: ANILLAS EN RESINA GIMNASIA OLIMPICA | D130: Aros en resina de alta densidad, reatas en nylon Resistencia máxima de 600 libras Incluye: Juego por 2 anillos de 23 cm de ancho 2 reatas de 515 cm de largo, con hebillas de seguridad Uso: Profesional Medidas: Diámetro Interno: 17.7cmd Diámetro Externo: 23,5 cm Diámetro Agarre: 2.7cm | E130: PAR | F130: 1 | G130: 1 a 30 | H130: 103692 | I130: 0.19 | J130: =ROUND(H130*(1+I130),0) -> 123393 | K130: 31 a 60 | L130: 101204 | M130: 0.19 | N130: =ROUND(L130*(1+M130),0) -> 120433 | O130: =IF(J130<N130,"EL VALOR DEL RANGO 2 NO PUEDE SER SUPERIOR AL RANGO 1 ","")
B131: 120 | C131: GUANTES DE GIMNASIO | D131: Incluye: Muñequera con correa de ajuste en velcro. Cuero sintético en palma para alta resistencia, durabilidad y transpiración. Tejido Flexible. Materiales: 10% Polyester, 60% Cuero Sintético, 30% Nylon | E131: PAR | F131: 30 | G131: 1 a 30 | H131: 72677 | I131: 0.19 | J131: =ROUND(H131*(1+I131),0) -> 86486 | K131: 31 a 60 | L131: 70352 | M131: 0.19 | N131: =ROUND(L131*(1+M131),0) -> 83719 | O131: =IF(J131<N131,"EL VALOR DEL RANGO 2 NO PUEDE SER SUPERIOR AL RANGO 1 ","")
B132: 121 | C132: AROS ULA ULA CUADRADO | D132: Ula ula mg material ABS (Acrilonitrilo Butadieno Estireno), diseño tipo plano con una diseño cuadrado, sin uniones, brindando durabilidad, Disponible en Rojo, Azul, Amarillo, Naranja y Verde, de 60cm de diámetro interno (+/-3cm) Aprox. Medidas aproximadas: ancho 2cm, grosor 5mm. Peso 123 gramos. Aproximadamente, demarca importada y reconocida en el mercado. | E132: UNIDAD | F132: 100 | G132: 1 a 30 | H132: 29315 | I132: 0.19 | J132: =ROUND(H132*(1+I132),0) -> 34885 | K132: 31 a 60 | L132: 28436 | M132: 0.19 | N132: =ROUND(L132*(1+M132),0) -> 33839 | O132: =IF(J132<N132,"EL VALOR DEL RANGO 2 NO PUEDE SER SUPERIOR AL RANGO 1 ","")
B133: 122 | C133: BASTÓN DE ENTRENAMIENTO | D133: El Bastón de Coordinación de 1,50 Metros Fabricado con polietileno de alto impacto, Alta Resistencia | E133: UNIDAD | F133: 200 | G133: 1 a 30 | H133: 19609 | I133: 0.19 | J133: =ROUND(H133*(1+I133),0) -> 23335 | K133: 31 a 60 | L133: 19257 | M133: 0.19 | N133: =ROUND(L133*(1+M133),0) -> 22916 | O133: =IF(J133<N133,"EL VALOR DEL RANGO 2 NO PUEDE SER SUPERIOR AL RANGO 1 ","")
B134: 123 | C134: KIT PARA PERSONA MAYOR | D134: Kit para persona mayor, conformado por: Camiseta mínima un 35% algodón y resto en poliéster, o 100% algodón, en tejido de punto tipo jersey sencillo. Peso mínimo de 180 g/m2, redondo enterizo, tipo resortado con tejido rib 1x1 doble cuello, pisado en la parte interior en máquina recubridora con dos agujas, separación entre agujas mínimo 6 mm. El cuello interior debe ser igual que el exterior, así mismo el material empleado para el rib debe ser igual que el de la tela principal, con dos logos estampados en la parte frontal que lleven el logo de la Alcaldía y el nombre del proyecto. Estos diseños serán aprobados por la oficina de prensa de la Alcaldía Local, diferentes tallas desde la 14 hasta XXL. Gorra deportiva, material poliéster transpirable con malla talla única estándar ajustable de 50 a 60 cm aproximadamente estampada según los requerimientos del evento y con aprobación del equipo de prensa. Caramañola plástica de polietileno PE, no tóxico y seguro Antideslizante y diseño a prueba de fugas de capacidad 700 ml estampada según los requerimientos del evento y con aprobación del equipo de prensa | E134: KIT | F134: 100 | G134: 1 a 30 | H134: 92507 | I134: 0.19 | J134: =ROUND(H134*(1+I134),0) -> 110083 | K134: 31 a 60 | L134: 90657 | M134: 0.19 | N134: =ROUND(L134*(1+M134),0) -> 107882 | O134: =IF(J134<N134,"EL VALOR DEL RANGO 2 NO PUEDE SER SUPERIOR AL RANGO 1 ","")
B135: 124 | C135: PARQUÉS EN MADERA | D135: Hecho con madera de pino ciprés, incluye 16 fichas de madera torneadas a mano de 4 colores diferentes y 4 dados. (compra) | E135: UNIDAD | F135: 50 | G135: 1 a 30 | H135: 51472 | I135: 0.19 | J135: =ROUND(H135*(1+I135),0) -> 61252 | K135: 31 a 60 | L135: 50648 | M135: 0.19 | N135: =ROUND(L135*(1+M135),0) -> 60271 | O135: =IF(J135<N135,"EL VALOR DEL RANGO 2 NO PUEDE SER SUPERIOR AL RANGO 1 ","")
B136: 125 | C136: CANCHA MINI-TEJO | D136: Compra de juego de mini tejo en parejas (dos unidades), canchas tipo maleta para mini tejo con plastilina, con base metálica de 50 cm de frente x 55 cm de fondo y 70 cm de alto incluyendo 6 tejos metálicos en acero, pisón y paquete de mechas. Con recubierta antioxidante. Debe incluir dos mini tejo para lanzar con dimensiones y medidas de 50 cm x 30 cm x 5 cm. | E136: PAR | F136: 10 | G136: 1 a 30 | H136: 849476 | I136: 0.19 | J136: =ROUND(H136*(1+I136),0) -> 1010876 | K136: 31 a 60 | L136: 826540 | M136: 0.19 | N136: =ROUND(L136*(1+M136),0) -> 983583 | O136: =IF(J136<N136,"EL VALOR DEL RANGO 2 NO PUEDE SER SUPERIOR AL RANGO 1 ","")
B137: 126 | C137: JUEGO DE BOLIRANA | D137: Boli rana portátil de alta calidad Bocel protector Doble sapo y latas Túnel de impacto Tubos protectores Rampla Base plegable Variedad de diseños Tapizados de tráfico Forro interno lateral DIMENSIONES 99 cm Alto 39 cm Ancho 98 cm Largo Incluye: tablero manual, balines | E137: PAR | F137: 10 | G137: 1 a 30 | H137: 1623187 | I137: 0.19 | J137: =ROUND(H137*(1+I137),0) -> 1931593 | K137: 31 a 60 | L137: 1590724 | M137: 0.19 | N137: =ROUND(L137*(1+M137),0) -> 1892962 | O137: =IF(J137<N137,"EL VALOR DEL RANGO 2 NO PUEDE SER SUPERIOR AL RANGO 1 ","")
B138: 127 | C138: JUEGO DE RANA | D138: Compra de rana de alta calidad El tablero contiene 9 perforaciones distribuidas estratégicamente, cada una con un elemento de dificultad. Materiales: Madera maciza tratada o MDF de alta densidad para soportar el impacto constante, con un tablero generalmente inclinado. Medidas estándar: 80 cm a 110 cm de altura frontal y una base de 50 cm de ancho por 50 cm de profundidad. Peso: Oscila entre 15 kg y 25 kg para garantizar estabilidad durante el impacto de las argollas. Acabado: Superficie laqueada y protegida contra impactos. Materiales: estructura en madera, madera de pino, ranas cromadas, tapiz de lujo con protector de caucho de alta resistencia. Accesorios: Seis (6) argollas en bronce y tablero de puntos Colores: variados | E138: PAR | F138: 10 | G138: 1 a 30 | H138: 424120 | I138: 0.19 | J138: =ROUND(H138*(1+I138),0) -> 504703 | K138: 31 a 60 | L138: 417335 | M138: 0.19 | N138: =ROUND(L138*(1+M138),0) -> 496629 | O138: =IF(J138<N138,"EL VALOR DEL RANGO 2 NO PUEDE SER SUPERIOR AL RANGO 1 ","")
... B141: 130 | C141: JUEGO DE DOMINO | D141: Juego de Dominó de 28 Piezas en Caja, Juego de Mesa para Interiores, Cantidad de fichas: 28 piezas (Doble 6) o 55 piezas (Doble 9). Dimensiones de la caja: 5,3 cm de alto 6,5 cm de fondo y 18, 5 cm. de ancho. Dimensiones estándar de la ficha: 5.3 cm (largo) × 2.6 cm (ancho) × 1.0 cm (grosor). Materiales de fabricación: Polímeros de alta resistencia, acrílico, melanina o madera. Peso aproximado por set: Entre 600 g y 900 g (dependiendo del material y el estuche). Presentación y empaque: Cajas de madera, latas metálicas o estuches de cuero con broche. Capacidad de juego: Diseñado para 2 a 4 jugadores (partidas individuales o en parejas). | E141: UNIDAD | F141: 50 | G141: 1 a 30 | H141: 49014 | I141: 0.19 | J141: =ROUND(H141*(1+I141),0) -> 58327 | K141: 31 a 60 | L141: 47495 | M141: 0.19 | N141: =ROUND(L141*(1+M141),0) -> 56519 | O141: =IF(J141<N141,"EL VALOR DEL RANGO 2 NO PUEDE SER SUPERIOR AL RANGO 1 ","")
B142: 131 | C142: CUBO 40 CM X 40 CM | D142: Cantidad/Composición: Cubo de 40 cm x 40 cm en espuma Materiales: Espuma semi compacta de densidad 26, recubierta en lona de (6) seis colores con cremallera Especificaciones : Dimensión / Espesor / Capacidad: Dimensiones: Alto: 40 cm y Ancho 40 cm. Densidad de la espuma 26 Diseño: Cubos de 40 cm x 40 cm, en lona multicolor impermeable de fácil lavado y con cremallera cada lado del dado debe tener diferentes colores, relleno con espuma en forma cubica y densidad 26. | E142: UNIDAD | F142: #N/A | G142: 1 a 30 | H142: 233656 | I142: 0.19 | J142: =ROUND(H142*(1+I142),0) -> 278051 | K142: 31 a 60 | L142: 226412 | M142: 0.19 | N142: =ROUND(L142*(1+M142),0) -> 269430 | O142: =IF(J142<N142,"EL VALOR DEL RANGO 2 NO PUEDE SER SUPERIOR AL RANGO 1 ","")
B143: 132 | C143: KIT EQUIPO PSICOMOTOR | D143: Kit de equipo psico motor, conformado por: Cantidad / Composición: Equipo Psicomotor Materiales: PVC Especificaciones: Dimensión / Espesor / Capacidad: Elementos que deben estar incluidos como mínimo dentro del equipo psicomotor: 3 Tablas de equilibrio, 9 Bastones plásticos de 100 cm y 9 Bastones plásticos de 70 cm. 3 Pares de huellas de mano, 3 Pares de huellas de pies, 4 Flechas rectas plásticas, 4 Flechas curvas plásticas, 4 Aros ula ula 70cm, 4 Aros ula ula 50cm, 4 Aros poligonales de 70 cm, 4 Aros poligonales de 50 cm, 2 Barras plásticas para saltar, 4 Conos multi funcionales, 4 Conectores bastón a bastón, 18 Conectores hula a bastón y 5 Conectores hula a hula, 8 Ladrillos cuadrados, 1 balón PVC de 20 cms de diámetro. Las dimensiones pueden variar de acuerdo a la construcción elegida por el docente. El empaque debe ser una maleta y/o tula en material de lona con refuerzo en sus agarres. Diseño: Piezas con guía pedagógica y maleta y/o tula resistente para guardar todas las piezas | E143: KIT | F143: #N/A | G143: 1 a 30 | H143: 2351238 | I143: 0.19 | J143: =ROUND(H143*(1+I143),0) -> 2797973 | K143: 31 a 60 | L143: 2325375 | M143: 0.19 | N143: =ROUND(L143*(1+M143),0) -> 2767196 | O143: =IF(J143<N143,"EL VALOR DEL RANGO 2 NO PUEDE SER SUPERIOR AL RANGO 1 ","")
B144: 133 | C144: PELOTA DE LETRAS DE CAUCHO NO. 5 | D144: Cantidad/Composición: Pelotas de Letras Caucho N° 5 Materiales: Caucho y Látex en colores variados Especificaciones: Dimensión / Espesor / Capacidad: Diámetro de 12 cm Diseño: Pelota de letras en material de caucho y/o látex con diámetro de 12 cm en colores variados | E144: UNIDAD | F144: 100 | G144: 1 a 30 | H144: 29226 | I144: 0.19 | J144: =ROUND(H144*(1+I144),0) -> 34779 | K144: 31 a 60 | L144: 28905 | M144: 0.19 | N144: =ROUND(L144*(1+M144),0) -> 34397 | O144: =IF(J144<N144,"EL VALOR DEL RANGO 2 NO PUEDE SER SUPERIOR AL RANGO 1 ","")
B145: 134 | C145: ARO ULA ULA REDONDO | D145: Ula ula mg material ABS (Acrilonitrilo Butadieno Estireno), diseño tipo plano con una curvatura pronunciada, sin uniones, brindando durabilidad, Disponible en Rojo, Azul, Amarillo, Naranja y Verde, de 60cm de diámetro interno (+/-3cm) Aprox. Medidas aproximadas: ancho 2cm, grosor 5mm. Peso 123 gramos. Aproximadamente, de marca importada y reconocida en el mercado. | E145: UNIDAD | F145: 200 | G145: 1 a 30 | H145: 25678 | I145: 0.19 | J145: =ROUND(H145*(1+I145),0) -> 30557 | K145: 31 a 60 | L145: 25268 | M145: 0.19 | N145: =ROUND(L145*(1+M145),0) -> 30069 | O145: =IF(J145<N145,"EL VALOR DEL RANGO 2 NO PUEDE SER SUPERIOR AL RANGO 1 ","")
B146: 135 | C146: AROS ULA ULA HEXAGONALES | D146: Con su diseño hexagonal. Color: Naranja. Material: PVC de alta resistencia. Incluye: 6 anillos hexagonales y clips para ajuste. Medidas de cada anillo: Largo; 55 cm Ancho; 50 cm | E146: UNIDAD | F146: 200 | G146: 1 a 30 | H146: 33536 | I146: 0.19 | J146: =ROUND(H146*(1+I146),0) -> 39908 | K146: 31 a 60 | L146: 32798 | M146: 0.19 | N146: =ROUND(L146*(1+M146),0) -> 39030 | O146: =IF(J146<N146,"EL VALOR DEL RANGO 2 NO PUEDE SER SUPERIOR AL RANGO 1 ","")
B147: 136 | C147: BASE INESTABLE O BOSU | D147: Incluye: Dos elásticos tubulares con agarres, inflador, bases antideslizantes Material: PVS, ABS, TPT. Trabajo de propiocepción muscular. Pilates piso. Tonificador muscular. Activación de músculos estabilizadores Uso: Profesional Color: Negro Medidas: Diámetro: 60cm Altura: 21cm | E147: UNIDAD | F147: 100 | G147: 1 a 30 | H147: 293756 | I147: 0.19 | J147: =ROUND(H147*(1+I147),0) -> 349570 | K147: 31 a 60 | L147: 286706 | M147: 0.19 | N147: =ROUND(L147*(1+M147),0) -> 341180 | O147: =IF(J147<N147,"EL VALOR DEL RANGO 2 NO PUEDE SER SUPERIOR AL RANGO 1 ","")
B148: 137 | C148: MANCUERNAS 1 LIBRA | D148: Fabricadas con hierro y neopreno inyectado Material :Hierro y neopreno inyectado. Medidas: Profundidad: 3.5 cm. Ancho: 12 cm. Alto: 3.5 cm. Juego por dos unidades. | E148: PAR | F148: 20 | G148: 1 a 30 | H148: 24482 | I148: 0.19 | J148: =ROUND(H148*(1+I148),0) -> 29134 | K148: 31 a 60 | L148: 23869 | M148: 0.19 | N148: =ROUND(L148*(1+M148),0) -> 28404 | O148: =IF(J148<N148,"EL VALOR DEL RANGO 2 NO PUEDE SER SUPERIOR AL RANGO 1 ","")
B149: 138 | C149: MANCUERNAS 2 LIBRAS | D149: Fabricadas con hierro y neopreno inyectado Material :Hierro y neopreno inyectado. Medidas: Profundidad: 3.5 cm. Ancho: 12 cm. Alto: 3.5 cm. Juego por dos unidades. | E149: PAR | F149: 20 | G149: 1 a 30 | H149: 29769 | I149: 0.19 | J149: =ROUND(H149*(1+I149),0) -> 35425 | K149: 31 a 60 | L149: 29203 | M149: 0.19 | N149: =ROUND(L149*(1+M149),0) -> 34752 | O149: =IF(J149<N149,"EL VALOR DEL RANGO 2 NO PUEDE SER SUPERIOR AL RANGO 1 ","")
B150: 139 | C150: MANCUERNAS 3 LIBRAS | D150: Fabricadas con hierro y neopreno inyectado Material :Hierro y neopreno inyectado. Medidas: Profundidad: 3.5 cm. Ancho: 12 cm. Alto: 3.5 cm. Juego por dos unidades. | E150: PAR | F150: 20 | G150: 1 a 30 | H150: 33378 | I150: 0.19 | J150: =ROUND(H150*(1+I150),0) -> 39720 | K150: 31 a 60 | L150: 32944 | M150: 0.19 | N150: =ROUND(L150*(1+M150),0) -> 39203 | O150: =IF(J150<N150,"EL VALOR DEL RANGO 2 NO PUEDE SER SUPERIOR AL RANGO 1 ","")
B151: 140 | C151: MANCUERNAS 4 LIBRAS | D151: Fabricadas con hierro y neopreno inyectado Material :Hierro y neopreno inyectado. Medidas: Profundidad: 3.5 cm. Ancho: 12 cm. Alto: 3.5 cm. Juego por dos unidades. | E151: PAR | F151: 20 | G151: 1 a 30 | H151: 37218 | I151: 0.19 | J151: =ROUND(H151*(1+I151),0) -> 44289 | K151: 31 a 60 | L151: 36585 | M151: 0.19 | N151: =ROUND(L151*(1+M151),0) -> 43536 | O151: =IF(J151<N151,"EL VALOR DEL RANGO 2 NO PUEDE SER SUPERIOR AL RANGO 1 ","")
B152: 141 | C152: MANCUERNAS 5 LIBRAS | D152: Fabricadas con hierro y neopreno inyectado Material :Hierro y neopreno inyectado. Medidas: Profundidad: 3.5 cm. Ancho: 12 cm. Alto: 3.5 cm. Juego por dos unidades. | E152: PAR | F152: 20 | G152: 1 a 30 | H152: 39887 | I152: 0.19 | J152: =ROUND(H152*(1+I152),0) -> 47466 | K152: 31 a 60 | L152: 38850 | M152: 0.19 | N152: =ROUND(L152*(1+M152),0) -> 46232 | O152: =IF(J152<N152,"EL VALOR DEL RANGO 2 NO PUEDE SER SUPERIOR AL RANGO 1 ","")
B153: 142 | C153: MANCUERNAS 6 LIBRAS | D153: Fabricadas con hierro y neopreno inyectado Material :Hierro y neopreno inyectado. Medidas: Profundidad: 3.5 cm. Ancho: 12 cm. Alto: 3.5 cm. Juego por dos unidades. | E153: PAR | F153: 20 | G153: 1 a 30 | H153: 43879 | I153: 0.19 | J153: =ROUND(H153*(1+I153),0) -> 52216 | K153: 31 a 60 | L153: 42211 | M153: 0.19 | N153: =ROUND(L153*(1+M153),0) -> 50231 | O153: =IF(J153<N153,"EL VALOR DEL RANGO 2 NO PUEDE SER SUPERIOR AL RANGO 1 ","")
B154: 143 | C154: MANCUERNAS 8 LIBRAS | D154: Fabricadas con hierro y neopreno inyectado Material :Hierro y neopreno inyectado. Medidas: Profundidad: 3.5 cm. Ancho: 12 cm. Alto: 3.5 cm. Juego por dos unidades. | E154: PAR | F154: 20 | G154: 1 a 30 | H154: 47083 | I154: 0.19 | J154: =ROUND(H154*(1+I154),0) -> 56029 | K154: 31 a 60 | L154: 46612 | M154: 0.19 | N154: =ROUND(L154*(1+M154),0) -> 55468 | O154: =IF(J154<N154,"EL VALOR DEL RANGO 2 NO PUEDE SER SUPERIOR AL RANGO 1 ","")
B155: 144 | C155: MANCUERNAS 10 LIBRAS | D155: Fabricadas con hierro y neopreno inyectado Material :Hierro y neopreno inyectado. Medidas: Profundidad: 3.5 cm. Ancho: 12 cm. Alto: 3.5 cm. Juego por dos unidades. | E155: PAR | F155: 20 | G155: 1 a 30 | H155: 54121 | I155: 0.19 | J155: =ROUND(H155*(1+I155),0) -> 64404 | K155: 31 a 60 | L155: 52497 | M155: 0.19 | N155: =ROUND(L155*(1+M155),0) -> 62471 | O155: =IF(J155<N155,"EL VALOR DEL RANGO 2 NO PUEDE SER SUPERIOR AL RANGO 1 ","")
... B188: 177 | C188: TERMO PARA BEBIDAS | D188: Termo plástico para bebidas con logos distintivos de la Alcaldia Local de Kennedy ALK de acuerdo a manual de imagen institucional. Materiales de fabricación: Polímeros como Polietileno (PE) y Polipropileno (PP), libres de BPA y aptos para contacto con alimentos. Capacidades estándar: De 1000 ml, Retención térmica: Capacidad para mantener bebidas frias hasta por 8 horas. (según modelo). Características del diseño: Con tapa roscadas herméticas, válvula dosificadora, agarraderas ergonómicas reforzadas y tecnología de protección UV en exteriores. Elaborado con materiales reciclables, resistentes a impactos, que no conserven olores y fácil de limpiar. | E188: UNIDAD | F188: 200 | G188: 1 a 30 | H188: 92076 | I188: 0.19 | J188: =ROUND(H188*(1+I188),0) -> 109570 | K188: 31 a 60 | L188: 89406 | M188: 0.19 | N188: =ROUND(L188*(1+M188),0) -> 106393 | O188: =IF(J188<N188,"EL VALOR DEL RANGO 2 NO PUEDE SER SUPERIOR AL RANGO 1 ","")
B189: 178 | C189: OLLAS DE BARRO | D189: OLLAS DE BARRO Adquisición de ollas de barro elaboradas en arcilla cocida de alta resistencia, aptas para la preparación y cocción de alimentos. Las ollas deberán contar con acabado uniforme, estar libres de fisuras, grietas o imperfecciones que afecten su funcionalidad, y presentar resistencia al calor para su uso en estufas de gas, leña o superficies compatibles. | E189: UNIDAD | F189: #N/A | G189: 1 a 30 | H189: 146788 | I189: 0.19 | J189: =ROUND(H189*(1+I189),0) -> 174678 | K189: 31 a 60 | L189: 141796 | M189: 0.19 | N189: =ROUND(L189*(1+M189),0) -> 168737 | O189: =IF(J189<N189,"EL VALOR DEL RANGO 2 NO PUEDE SER SUPERIOR AL RANGO 1 ","")
B190: 179 | C190: KIT DE DARDOS DE CARBATANA | D190: Kit de dardos con cerbatana adquisición de juego de cerbatana con dardos, elaborado en materiales livianos y resistentes, diseñado para actividades recreativas y de destreza. El kit deberá incluir una (1) cerbatana y un mínimo de seis (6) dardos reutilizables con puntas de material seguro (espuma, goma o ventosa), aptos para el uso por población infantil, juvenil y adulta en actividades lúdicas dirigidas. | E190: KIT | F190: 50 | G190: 1 a 30 | H190: 132451 | I190: 0.19 | J190: =ROUND(H190*(1+I190),0) -> 157617 | K190: 31 a 60 | L190: 129405 | M190: 0.19 | N190: =ROUND(L190*(1+M190),0) -> 153992 | O190: =IF(J190<N190,"EL VALOR DEL RANGO 2 NO PUEDE SER SUPERIOR AL RANGO 1 ","")
B191: 180 | C191: BOLAS DE PIQUIS O MARAS | D191: PIQUIS O MARAS Adquisición de piquis o maras (canicas) elaboradas en vidrio macizo de alta resistencia, con superficie lisa, bordes redondeados y acabado uniforme. Las canicas deberán presentar colores y diseños variados, libres de fisuras, grietas o imperfecciones que afecten su uso. Juego por 24 unidades. | E191: JUEGO | F191: 50 | G191: 1 a 30 | H191: 27655 | I191: 0.19 | J191: =ROUND(H191*(1+I191),0) -> 32909 | K191: 31 a 60 | L191: 26688 | M191: 0.19 | N191: =ROUND(L191*(1+M191),0) -> 31759 | O191: =IF(J191<N191,"EL VALOR DEL RANGO 2 NO PUEDE SER SUPERIOR AL RANGO 1 ","")
B192: 181 | C192: DIPLOMA DE PARTICIPACIÓN | D192: Material: Papel o Cartulina Opalina. - gramaje, varía entre los 125 y 250 g/m2, una resistencia y rigidez óptima. Tamaño carta | E192: UNIDAD | F192: 1000 | G192: 1 a 30 | H192: 10320 | I192: 0.19 | J192: =ROUND(H192*(1+I192),0) -> 12281 | K192: 31 a 60 | L192: 10134 | M192: 0.19 | N192: =ROUND(L192*(1+M192),0) -> 12059 | O192: =IF(J192<N192,"EL VALOR DEL RANGO 2 NO PUEDE SER SUPERIOR AL RANGO 1 ","")
B193: 182 | C193: KIT DE SOUVENIR LGBTIQ+ | D193: Kit de Souvenir compuesto con pañoleta institucional, tula deportiva, toalla y botilito, los cuales deberán ser entregados en óptimas condiciones y contar con la imagen institucional y coleres y diseño establecido por la comunidad LGBTIQ+. | E193: KIT | F193: 50 | G193: 1 a 30 | H193: 81613 | I193: 0.19 | J193: =ROUND(H193*(1+I193),0) -> 97119 | K193: 31 a 60 | L193: 78593 | M193: 0.19 | N193: =ROUND(L193*(1+M193),0) -> 93526 | O193: =IF(J193<N193,"EL VALOR DEL RANGO 2 NO PUEDE SER SUPERIOR AL RANGO 1 ","")
B194: 183 | C194: KIT PARA DEPORTISTAS MULTIDEPORTIVO | D194: Kit para deportistas multideportivo, conformado por: Tula en poliéster, ligera y resistente. Material: Poliéster. Medidas: Alto: 41 cms Ancho: 31 cms Área de marca: 120, mm. con bolsillo externo de 31 cm de ancho por 20 cm de alto, con cremallera correas ajustables, con logos institucionales Técnica de marca: Screen o serigrafía. DTF mediano, full color máximo 22 x 14 cm. Botilito en PVC, tapa rosca con pestaña. Diseño ergonómico, Material: PVC. Medidas: 24.5, cm x 6.5 cm diámetro, Área de marca: 4 cm con logo institucional Técnica de marca: Tampografía, con logo institucional, incluye toalla deportiva (30 x 70 cm aprox.) | E194: KIT | F194: 50 | G194: 1 a 30 | H194: 93432 | I194: 0.19 | J194: =ROUND(H194*(1+I194),0) -> 111184 | K194: 31 a 60 | L194: 90255 | M194: 0.19 | N194: =ROUND(L194*(1+M194),0) -> 107403 | O194: =IF(J194<N194,"EL VALOR DEL RANGO 2 NO PUEDE SER SUPERIOR AL RANGO 1 ","")
B195: 184 | C195: CANCHA DE FÚTBOL | D195: Dimensiones interiores = 180 x 120 x 90 cm. Diámetro tubos: 38 mm. Peso producto = 6,7 kg. Tubos de acero: 1,0038 Red:100 % poliéster. Soporte de red: acero 1,0038. 3 fijaciones (estacas) para fijar la portería en la gramilla y limitar el desplazamiento de la portería debido a los golpes repetidos. | E195: UNIDAD | F195: 20 | G195: 1 a 30 | H195: 500221 | I195: 0.19 | J195: =ROUND(H195*(1+I195),0) -> 595263 | K195: 31 a 60 | L195: 493717 | M195: 0.19 | N195: =ROUND(L195*(1+M195),0) -> 587523 | O195: =IF(J195<N195,"EL VALOR DEL RANGO 2 NO PUEDE SER SUPERIOR AL RANGO 1 ","")
B196: 185 | C196: BOMBAS DE AIRE PARA INFLAR CON MANOMETRO DE CALIDAD PROFESIONAL | D196: Inflador para balon con salida de aire con ida y vuelta:Doble acción para facilitar el inflado, con dos racores flexibles, manometro simple, valvula de aguja de doble acción. Color: Negro Materiales: Aluminio Presión máxima: 2320.603 psi Incluye manómetro. Válvulas compatibles: schrader, presta. Accesorios incluidos: picos, un (1) adaptador para válvulas, una (1) aguja para balones. incluye estuche de almacenamiento en lona gruesa x cada unidad | E196: UNIDAD | F196: 30 | G196: 1 a 30 | H196: 50417 | I196: 0.19 | J196: =ROUND(H196*(1+I196),0) -> 59996 | K196: 31 a 60 | L196: 49459 | M196: 0.19 | N196: =ROUND(L196*(1+M196),0) -> 58856 | O196: =IF(J196<N196,"EL VALOR DEL RANGO 2 NO PUEDE SER SUPERIOR AL RANGO 1 ","")
B197: 186 | C197: VENDA PARA BOXEO | D197: Venda de mano para boxeo semi-elastica con velcro al extremo. 5 Metros de longitud. Color: negra o azul. Material: nylon/polyester. Ancho: 5-6cms. Color: azul. incluye estuche de almacenamiento en lona gruesa. | E197: PAR | F197: 20 | G197: 1 a 30 | H197: 40942 | I197: 0.19 | J197: =ROUND(H197*(1+I197),0) -> 48721 | K197: 31 a 60 | L197: 39631 | M197: 0.19 | N197: =ROUND(L197*(1+M197),0) -> 47161 | O197: =IF(J197<N197,"EL VALOR DEL RANGO 2 NO PUEDE SER SUPERIOR AL RANGO 1 ","")
B198: 187 | C198: PELOTAS ANTI ESTRÉS | D198: Pelotas antiestrés de 5 cm de diámetro, elaboradas en material flexible y resistente como espuma de poliuretano o gel con recubrimiento de goma suave, no tóxicas y aptas para manipulación continua. Deben ser ligeras, de textura agradable al tacto y con buena capacidad de recuperación de forma tras la presión. incluye estuche de almacenamiento en lona gruesa o tula en lona gruesa | E198: UNIDAD | F198: 20 | G198: 1 a 30 | H198: 5754 | I198: 0.19 | J198: =ROUND(H198*(1+I198),0) -> 6847 | K198: 31 a 60 | L198: 5645 | M198: 0.19 | N198: =ROUND(L198*(1+M198),0) -> 6718 | O198: =IF(J198<N198,"EL VALOR DEL RANGO 2 NO PUEDE SER SUPERIOR AL RANGO 1 ","")
B199: 188 | C199: BANCO SUECO GRANDE” | D199: LARGO: 2,8 MTS EN MADERA INMUNIZADA Y BARNIZADA. ANCHO: 28 CMS. ANCHO DE BASE 28 CMS. ALTURA DE 35 CMS. (MEDIDAS APROXIMADAS DE ACUERDO A MARCA) | E199: UNIDAD | F199: 1 | G199: 1 a 30 | H199: 5829130 | I199: 0.19 | J199: =ROUND(H199*(1+I199),0) -> 6936665 | K199: 31 a 60 | L199: 5677572 | M199: 0.19 | N199: =ROUND(L199*(1+M199),0) -> 6756311 | O199: =IF(J199<N199,"EL VALOR DEL RANGO 2 NO PUEDE SER SUPERIOR AL RANGO 1 ","")
B200: 189 | C200: “VIGA DE EQUILIBRIO” | D200: VIGA EN MADERA DE 3 MTS DE LARGO X 70 CMS A 100 CMS DE ALTO (MEDIDAS APROXIMADAS DE ACUERDO A MARCA) Y BASE METÁLICA GRADUABLE | E200: UNIDAD | F200: 1 | G200: 1 a 30 | H200: 5435379 | I200: 0.19 | J200: =ROUND(H200*(1+I200),0) -> 6468101 | K200: 31 a 60 | L200: 5353848 | M200: 0.19 | N200: =ROUND(L200*(1+M200),0) -> 6371079 | O200: =IF(J200<N200,"EL VALOR DEL RANGO 2 NO PUEDE SER SUPERIOR AL RANGO 1 ","")
B201: 190 | C201: “CANECA TUNEL MULTICOLOR” | D201: DIMENSIONES: LARGO 90 CM Y DIÁMETRO 60 CM. DENSIDAD DE LA ESPUMA 26 | E201: UNIDAD | F201: 5 | G201: 1 a 30 | H201: 259855 | I201: 0.19 | J201: =ROUND(H201*(1+I201),0) -> 309227 | K201: 31 a 60 | L201: 254917 | M201: 0.19 | N201: =ROUND(L201*(1+M201),0) -> 303351 | O201: =IF(J201<N201,"EL VALOR DEL RANGO 2 NO PUEDE SER SUPERIOR AL RANGO 1 ","")
C202: TOTAL | J202: =SUM(J12:J201) -> 54731358 | N202: =SUM(N12:N201) -> 53502397
A203: NOTA 1. No se aceptarán cotizaciones parciales ni que omitan alguno de los item solicitados.
A204: NOTA 2. El valor unitario debe incluir IVA y todos los costos directos e indirectos, impuestos, tasas y contribuciones a que haya lugar.
A205: NOTA 3. Las cantidades relacionadas son un marco de referencia para el proceso, no obstante pueden variar dependiendo la necesidad de la entidad
A206: NOTA 4. Revisar todos los requerimientos que se relacionan en el documento "ANEXO TÉCNICO" y formular su cotización en concordancia con este, garantizando que el bien y/o servicio ofrecido cumpla en su totalidad con las especificaciones técnicas descritas.
A207: NOTA 5. El precio de la cotización debe ser expresado en PESOS COLOMBIANOS.
A208: NOTA 6. Los valores unitarios deberán aproximarse por exceso o por defecto al entero más cercano así: (i) Si es igual o superior a 50 centavos, se aproxima al entero siguiente; (ii) si es inferior a 50 centavos se baja al entero anterior.
A209: NOTA 7. No modificar, agregar o quitar ningún ítem o sub-ítem.
A210: NOTA 8. La cotización tiene una vigencia de 90 dias a partir de la fecha de diligenciamiento.
A211: NOTA 9. se precisa que las cantidades totales presentadas por ítem son estimadas y podrán variar en su totalidad de acuerdo con las necesidades del fondo de desarrollo local de kennedy en la ejecución, sin sobrepasar el presupuesto total del contrato
A212: NOTA 10. Diligenciar los dos rangos de precios establecidos en la cotizacion

Sheet CORSERVICS
B3: FORMATO DE SOLICITUD DE COTIZACIÓN
C4: OBJETO: Suministro, adquisición de implementos, artículos, accesorios y bienes deportivos destinados a personas beneficiadas con la entrega de dotaciones deportivas, beneficiar a los colectivos u organizaciones recreo-deportivas, y personas beneficiadas con actividades recreo-deportivas comunitarias de la Localidad de Kennedy, en el marco de los proyectos de inversión No. 2784 "Kennedy Fuerza Local Pasión por el Deporte", No. 2377 "Kennedy Germinando Futuros" y No. 2646 "Kennedy Espacios de Buen Trato".
B6: RAZÓN SOCIAL / NOMBRE: | E6: NIT / C.C.:
B7: CORREO ELECTRÓNICO: | E7: DIRECCIÓN:
B8: FECHA DE DILIGENCIAMIENTO | E8: TELÉFONO:
G10: RANGOS A COTIZAR 1 | K10: RANGO a COTIZAR 2
B11: No. | C11: ITEM | D11: CARACTERISTICAS | E11: UNIDAD DE MEDIDA | F11: UNIDADES ESTIMADAS | G11: UNIDADES | H11: PORCENTAJE DE IVA | I11: VALOR UNITARIO ANTES DE IVA | J11: VALOR UNITARIO INCLUIDO IVA | K11: UNIDADES | L11: PORCENTAJE DE IVA | M11: VALOR UNITARIO ANTES DE IVA | N11: VALOR UNITARIO INCLUIDO IVA | O11: VALIDADOR
B12: 1 | C12: BALON FUTBOL # 5 | D12: Materiales: Cubierta en material sintético laminado y/o cosido; Enmallado en Nailon de alta tenacidad y flexibilidad. Impermeable. Especificaciones : Dimensión / Espesor / Capacidad: Peso entre 0.5kg y 1kg, Tamaño: (L x P x A cm) 21x21x21 Rebote controlado entre 110 a 155 cm Bajo condiciones de temperatura de 20 grados. Alta resistencia al impacto y al desgaste absorción de humedad mínima, excelente calidad Aprobado y/o certificado bajo las normas establecidas oficiales. Aprobado y/o certificado por la federación nacional y/o internacional de la modalidad deportiva (FCF, DIMAYOR, FIFA), evidencia de lo cual será el sello sobre la superficie de cada balón. Diseño: El Balón debe mantener su peso original e impermeabilidad, para uso exterior e interior en diferentes superficies de juego. | E12: UNIDAD | F12: 500 | G12: 1 a 30 | H12: 0.19 | I12: =J12/1.19 -> 163361.34 | J12: 194400 | K12: 31 a 60 | L12: 0.19 | M12: =N12/1.19 -> 162975.63 | N12: =J12-459 -> 193941 | O12: =IF(J12<N12,"EL VALOR DEL RANGO 2 NO PUEDE SER SUPERIOR AL RANGO 1 ","")
B13: 2 | C13: BALON FUTBOL # 4 | D13: Materiales: Cubierta en material sintético laminado y/o cosido; Enmallado en Nailon de alta tenacidad y flexibilidad. Impermeable. Especificaciones : Dimensión / Espesor / Capacidad: Peso entre 350 a 410g, Circunferencia entre 63cm a 66cm, Rebote entre 110 a 155 cm Bajo condiciones de temperatura de 20 grados. Alta resistencia al impacto y al desgaste absorción de humedad mínima, excelente calidad Aprobado y/o certificado bajo las normas establecidas oficiales. Aprobado y/o certificado por la federación nacional y/o internacional de la modalidad deportiva (FCF, DIMAYOR, FIFA), Evidencia de lo cual será el sello sobre la superficie de cada balón. Diseño: El Balón debe mantener su peso original e impermeabilidad, para uso exterior e interior en diferentes superficies de juego. | E13: UNIDAD | F13: 300 | G13: 1 a 30 | H13: 0.19 | I13: =J13/1.19 -> 154285.71 | J13: 183600 | K13: 31 a 60 | L13: 0.19 | M13: =N13/1.19 -> 153900 | N13: =J13-459 -> 183141 | O13: =IF(J13<N13,"EL VALOR DEL RANGO 2 NO PUEDE SER SUPERIOR AL RANGO 1 ","")
B14: 3 | C14: BALON FUTBOL #3 | D14: Balón de marca reconocida laminado, con bomba en material butilo, balón No 3. Peso de 270 a 340 grs, circunferencia de 58 a 60 cm, rebote de 95 a 125 cm | E14: UNIDAD | F14: 200 | G14: 1 a 30 | H14: 0.19 | I14: =J14/1.19 -> 145210.08 | J14: 172800 | K14: 31 a 60 | L14: 0.19 | M14: =N14/1.19 -> 144824.37 | N14: =J14-459 -> 172341 | O14: =IF(J14<N14,"EL VALOR DEL RANGO 2 NO PUEDE SER SUPERIOR AL RANGO 1 ","")
B15: 4 | C15: BALON FUNDAMENTACION FUTBOL | D15: Pelota para fundamentación Inflable elaborada en material a base de PVC, sin cámara de Aire para Fútbol/voleibol con peso de 280 grs, soporta hasta 4 lb de presión de aire, diseño de 32 paneles con pentágonos en color negro e interior de color azul, roja, blanca o amarillo. de superficie Lisa, Diámetro de 21 cm aprox. Importada de marca reconocida en el mercado | E15: UNIDAD | F15: 200 | G15: 1 a 30 | H15: 0.19 | I15: =J15/1.19 -> 40840.336 | J15: 48600 | K15: 31 a 60 | L15: 0.19 | M15: =N15/1.19 -> 40454.622 | N15: =J15-459 -> 48141 | O15: =IF(J15<N15,"EL VALOR DEL RANGO 2 NO PUEDE SER SUPERIOR AL RANGO 1 ","")
B16: 5 | C16: TULA BALONERA | D16: Tula en lona, tipo morral, con refuerzo en la parte inferior, con capacidad para 15 balones, nylon reforzado de 65 cm de diámetro y 110 cm de altura ojales metálicos con pin metálico para candado y candado de seguridad mediano incluido, costura reforzada, correas en lona para carga. | E16: UNIDAD | F16: 100 | G16: 1 a 30 | H16: 0.19 | I16: =J16/1.19 -> 99831.933 | J16: 118800 | K16: 31 a 60 | L16: 0.19 | M16: =N16/1.19 -> 99446.218 | N16: =J16-459 -> 118341 | O16: =IF(J16<N16,"EL VALOR DEL RANGO 2 NO PUEDE SER SUPERIOR AL RANGO 1 ","")
B17: 6 | C17: BASE PARA ESTACAS | D17: Material Polietileno Base: 22 cm. Altura: 15 cm. Peso : 206 Gramos | E17: UNIDAD | F17: 200 | G17: 1 a 30 | H17: 0.19 | I17: =J17/1.19 -> 13613.445 | J17: 16200 | K17: 31 a 60 | L17: 0.19 | M17: =N17/1.19 -> 13227.731 | N17: =J17-459 -> 15741 | O17: =IF(J17<N17,"EL VALOR DEL RANGO 2 NO PUEDE SER SUPERIOR AL RANGO 1 ","")
B18: 7 | C18: ESTACAS | D18: Estaca Bastón de Coordinación de 1,80 Metros Fabricado con polietileno de alto impacto, Alta Resistencia. | E18: UNIDAD | F18: 200 | G18: 1 a 30 | H18: 0.19 | I18: =J18/1.19 -> 16336.134 | J18: 19440 | K18: 31 a 60 | L18: 0.19 | M18: =N18/1.19 -> 15950.42 | N18: =J18-459 -> 18981 | O18: =IF(J18<N18,"EL VALOR DEL RANGO 2 NO PUEDE SER SUPERIOR AL RANGO 1 ","")
B19: 8 | C19: UNIFORME PARA FÚTBOL Y FÚTBOL SALA | D19: Conformado por Camiseta: para uniforme en tela oriol 100% poliéster uniforme en transfer, Cuello en “V”, Mangas cortas con doble costura en el extremo de cada una. Estampado con Logotipos (Institucionales al frente a la altura del pecho) y Numeración correspondiente en la espalda. Pantaloneta: Pantaloneta para Uniforme en poliéster uniforme en transfer, largo a media rodilla (de acuerdo a la talla), pretina con elástico de 4 centímetros, alta densidad, cordón en la cintura, forrada en malla yugoslava, con estampado en transfer y con Bordado logotipos (Institucionales) y Numeración correspondiente al frente en la parte derecha. Medias: Par de medias en microfibra de nylon, doble malla, 8 pulgadas de altura y logos institucionales Diseño: masculino o femenino según se requiera. TALLAS 4, 6, 8 | E19: UNIDAD | F19: 200 | G19: 1 a 30 | H19: 0.19 | I19: =J19/1.19 -> 75327.731 | J19: 89640 | K19: 31 a 60 | L19: 0.19 | M19: =N19/1.19 -> 74942.017 | N19: =J19-459 -> 89181 | O19: =IF(J19<N19,"EL VALOR DEL RANGO 2 NO PUEDE SER SUPERIOR AL RANGO 1 ","")
B20: 9 | C20: UNIFORME PARA FÚTBOL Y FÚTBOL SALA | D20: Conformado por Camiseta: para uniforme en tela oriol 100% poliéster uniforme en transfer, Cuello en “V”, Mangas cortas con doble costura en el extremo de cada una. Estampado con Logotipos (Institucionales al frente a la altura del pecho) y Numeración correspondiente en la espalda. Pantaloneta: Pantaloneta para Uniforme en poliéster uniforme en transfer, largo a media rodilla (de acuerdo a la talla), pretina con elástico de 4 centímetros, alta densidad, cordón en la cintura, forrada en malla yugoslava, con estampado en transfer y con Bordado logotipos (Institucionales) y Numeración correspondiente al frente en la parte derecha. Medias: Par de medias en microfibra de nylon, doble malla, 8 pulgadas de altura y logos institucionales Diseño: masculino o femenino según se requiera. TALLA 10,12, 14, 16, S | E20: UNIDAD | F20: 200 | G20: 1 a 30 | H20: 0.19 | I20: =J20/1.19 -> 77142.857 | J20: 91800 | K20: 31 a 60 | L20: 0.19 | M20: =N20/1.19 -> 76757.143 | N20: =J20-459 -> 91341 | O20: =IF(J20<N20,"EL VALOR DEL RANGO 2 NO PUEDE SER SUPERIOR AL RANGO 1 ","")
B21: 10 | C21: UNIFORME PARA FÚTBOL Y FÚTBOL SALA | D21: Conformado por Camiseta: para uniforme en tela oriol 100% poliéster uniforme en transfer, Cuello en “V”, Mangas cortas con doble costura en el extremo de cada una. Estampado con Logotipos (Institucionales al frente a la altura del pecho) y Numeración correspondiente en la espalda. Pantaloneta: Pantaloneta para Uniforme en poliéster uniforme en transfer, largo a media rodilla (de acuerdo a la talla), pretina con elástico de 4 centímetros, alta densidad, cordón en la cintura, forrada en malla yugoslava, con estampado en transfer y con Bordado logotipos (Institucionales) y Numeración correspondiente al frente en la parte derecha. Medias: Par de medias en microfibra de nylon, doble malla, 8 pulgadas de altura y logos institucionales Diseño: masculino o femenino según se requiera. TALLAS M, L, XL, XXL | E21: UNIDAD | F21: 200 | G21: 1 a 30 | H21: 0.19 | I21: =J21/1.19 -> 78957.983 | J21: 93960 | K21: 31 a 60 | L21: 0.19 | M21: =N21/1.19 -> 78572.269 | N21: =J21-459 -> 93501 | O21: =IF(J21<N21,"EL VALOR DEL RANGO 2 NO PUEDE SER SUPERIOR AL RANGO 1 ","")
B22: 11 | C22: SUDADERA DEPORTIVA | D22: Sudadera deportiva en Poliéster tela Adidas, Monaco o tela Polar tipo impermeable compuesta de chaqueta y pantalón. Chaqueta con cierre de cremallera, bolsillos laterales y caucho elastico en los puños. Pantalón con bolsillos laterales y cauchos elasticos en el final del pantalón Chaqueta y pantalón con logotipos según parámetros de la alcaldía local. Diseño: masculino o femenino según se requiera. TALLA 4, 6, 8 | E22: UNIDAD | F22: 200 | G22: 1 a 30 | H22: 0.19 | I22: =J22/1.19 -> 100739.5 | J22: 119880 | K22: 31 a 60 | L22: 0.19 | M22: =N22/1.19 -> 100353.78 | N22: =J22-459 -> 119421 | O22: =IF(J22<N22,"EL VALOR DEL RANGO 2 NO PUEDE SER SUPERIOR AL RANGO 1 ","")
B23: 12 | C23: SUDADERA DEPORTIVA | D23: Sudadera deportiva en Poliéster tela Adidas, Monaco o tela Polar tipo impermeable compuesta de chaqueta y pantalón. Chaqueta con cierre de cremallera, bolsillos laterales y caucho elastico en los puños. Pantalón con bolsillos laterales y cauchos elasticos en el final del pantalón Chaqueta y pantalón con logotipos según parámetros de la alcaldía local. Diseño: masculino o femenino según se requiera. TALLAS 10, 12,14, 16, S | E23: UNIDAD | F23: 200 | G23: 1 a 30 | H23: 0.19 | I23: =J23/1.19 -> 102554.62 | J23: 122040 | K23: 31 a 60 | L23: 0.19 | M23: =N23/1.19 -> 102168.91 | N23: =J23-459 -> 121581 | O23: =IF(J23<N23,"EL VALOR DEL RANGO 2 NO PUEDE SER SUPERIOR AL RANGO 1 ","")
... B141: 130 | C141: JUEGO DE DOMINO | D141: Juego de Dominó de 28 Piezas en Caja, Juego de Mesa para Interiores, Cantidad de fichas: 28 piezas (Doble 6) o 55 piezas (Doble 9). Dimensiones de la caja: 5,3 cm de alto 6,5 cm de fondo y 18, 5 cm. de ancho. Dimensiones estándar de la ficha: 5.3 cm (largo) × 2.6 cm (ancho) × 1.0 cm (grosor). Materiales de fabricación: Polímeros de alta resistencia, acrílico, melanina o madera. Peso aproximado por set: Entre 600 g y 900 g (dependiendo del material y el estuche). Presentación y empaque: Cajas de madera, latas metálicas o estuches de cuero con broche. Capacidad de juego: Diseñado para 2 a 4 jugadores (partidas individuales o en parejas). | E141: UNIDAD | F141: 50 | G141: 1 a 30 | H141: 0.19 | I141: =J141/1.19 -> 38117.647 | J141: 45360 | K141: 31 a 60 | L141: 0.19 | M141: =N141/1.19 -> 37731.933 | N141: =J141-459 -> 44901 | O141: =IF(J141<N141,"EL VALOR DEL RANGO 2 NO PUEDE SER SUPERIOR AL RANGO 1 ","")
B142: 131 | C142: CUBO 40 CM X 40 CM | D142: Cantidad/Composición: Cubo de 40 cm x 40 cm en espuma Materiales: Espuma semi compacta de densidad 26, recubierta en lona de (6) seis colores con cremallera Especificaciones : Dimensión / Espesor / Capacidad: Dimensiones: Alto: 40 cm y Ancho 40 cm. Densidad de la espuma 26 Diseño: Cubos de 40 cm x 40 cm, en lona multicolor impermeable de fácil lavado y con cremallera cada lado del dado debe tener diferentes colores, relleno con espuma en forma cubica y densidad 26. | E142: UNIDAD | F142: #N/A | G142: 1 a 30 | H142: 0.19 | I142: =J142/1.19 -> 181512.61 | J142: 216000 | K142: 31 a 60 | L142: 0.19 | M142: =N142/1.19 -> 181126.89 | N142: =J142-459 -> 215541 | O142: =IF(J142<N142,"EL VALOR DEL RANGO 2 NO PUEDE SER SUPERIOR AL RANGO 1 ","")
B143: 132 | C143: KIT EQUIPO PSICOMOTOR | D143: Kit de equipo psico motor, conformado por: Cantidad / Composición: Equipo Psicomotor Materiales: PVC Especificaciones: Dimensión / Espesor / Capacidad: Elementos que deben estar incluidos como mínimo dentro del equipo psicomotor: 3 Tablas de equilibrio, 9 Bastones plásticos de 100 cm y 9 Bastones plásticos de 70 cm. 3 Pares de huellas de mano, 3 Pares de huellas de pies, 4 Flechas rectas plásticas, 4 Flechas curvas plásticas, 4 Aros ula ula 70cm, 4 Aros ula ula 50cm, 4 Aros poligonales de 70 cm, 4 Aros poligonales de 50 cm, 2 Barras plásticas para saltar, 4 Conos multi funcionales, 4 Conectores bastón a bastón, 18 Conectores hula a bastón y 5 Conectores hula a hula, 8 Ladrillos cuadrados, 1 balón PVC de 20 cms de diámetro. Las dimensiones pueden variar de acuerdo a la construcción elegida por el docente. El empaque debe ser una maleta y/o tula en material de lona con refuerzo en sus agarres. Diseño: Piezas con guía pedagógica y maleta y/o tula resistente para guardar todas las piezas | E143: KIT | F143: #N/A | G143: 1 a 30 | H143: 0.19 | I143: =J143/1.19 -> 1996638.7 | J143: 2376000 | K143: 31 a 60 | L143: 0.19 | M143: =N143/1.19 -> 1996252.9 | N143: =J143-459 -> 2375541 | O143: =IF(J143<N143,"EL VALOR DEL RANGO 2 NO PUEDE SER SUPERIOR AL RANGO 1 ","")
B144: 133 | C144: PELOTA DE LETRAS DE CAUCHO NO. 5 | D144: Cantidad/Composición: Pelotas de Letras Caucho N° 5 Materiales: Caucho y Látex en colores variados Especificaciones: Dimensión / Espesor / Capacidad: Diámetro de 12 cm Diseño: Pelota de letras en material de caucho y/o látex con diámetro de 12 cm en colores variados | E144: UNIDAD | F144: 100 | G144: 1 a 30 | H144: 0.19 | I144: =J144/1.19 -> 23596.639 | J144: 28080 | K144: 31 a 60 | L144: 0.19 | M144: =N144/1.19 -> 23210.924 | N144: =J144-459 -> 27621 | O144: =IF(J144<N144,"EL VALOR DEL RANGO 2 NO PUEDE SER SUPERIOR AL RANGO 1 ","")
B145: 134 | C145: ARO ULA ULA REDONDO | D145: Ula ula mg material ABS (Acrilonitrilo Butadieno Estireno), diseño tipo plano con una curvatura pronunciada, sin uniones, brindando durabilidad, Disponible en Rojo, Azul, Amarillo, Naranja y Verde, de 60cm de diámetro interno (+/-3cm) Aprox. Medidas aproximadas: ancho 2cm, grosor 5mm. Peso 123 gramos. Aproximadamente, de marca importada y reconocida en el mercado. | E145: UNIDAD | F145: 200 | G145: 1 a 30 | H145: 0.19 | I145: =J145/1.19 -> 20873.95 | J145: 24840 | K145: 31 a 60 | L145: 0.19 | M145: =N145/1.19 -> 20488.235 | N145: =J145-459 -> 24381 | O145: =IF(J145<N145,"EL VALOR DEL RANGO 2 NO PUEDE SER SUPERIOR AL RANGO 1 ","")
B146: 135 | C146: AROS ULA ULA HEXAGONALES | D146: Con su diseño hexagonal. Color: Naranja. Material: PVC de alta resistencia. Incluye: 6 anillos hexagonales y clips para ajuste. Medidas de cada anillo: Largo; 55 cm Ancho; 50 cm | E146: UNIDAD | F146: 200 | G146: 1 a 30 | H146: 0.19 | I146: =J146/1.19 -> 27226.891 | J146: 32400 | K146: 31 a 60 | L146: 0.19 | M146: =N146/1.19 -> 26841.176 | N146: =J146-459 -> 31941 | O146: =IF(J146<N146,"EL VALOR DEL RANGO 2 NO PUEDE SER SUPERIOR AL RANGO 1 ","")
B147: 136 | C147: BASE INESTABLE O BOSU | D147: Incluye: Dos elásticos tubulares con agarres, inflador, bases antideslizantes Material: PVS, ABS, TPT. Trabajo de propiocepción muscular. Pilates piso. Tonificador muscular. Activación de músculos estabilizadores Uso: Profesional Color: Negro Medidas: Diámetro: 60cm Altura: 21cm | E147: UNIDAD | F147: 100 | G147: 1 a 30 | H147: 0.19 | I147: =J147/1.19 -> 254117.65 | J147: 302400 | K147: 31 a 60 | L147: 0.19 | M147: =N147/1.19 -> 253731.93 | N147: =J147-459 -> 301941 | O147: =IF(J147<N147,"EL VALOR DEL RANGO 2 NO PUEDE SER SUPERIOR AL RANGO 1 ","")
B148: 137 | C148: MANCUERNAS 1 LIBRA | D148: Fabricadas con hierro y neopreno inyectado Material :Hierro y neopreno inyectado. Medidas: Profundidad: 3.5 cm. Ancho: 12 cm. Alto: 3.5 cm. Juego por dos unidades. | E148: PAR | F148: 20 | G148: 1 a 30 | H148: 0.19 | I148: =J148/1.19 -> 19966.387 | J148: 23760 | K148: 31 a 60 | L148: 0.19 | M148: =N148/1.19 -> 19580.672 | N148: =J148-459 -> 23301 | O148: =IF(J148<N148,"EL VALOR DEL RANGO 2 NO PUEDE SER SUPERIOR AL RANGO 1 ","")
B149: 138 | C149: MANCUERNAS 2 LIBRAS | D149: Fabricadas con hierro y neopreno inyectado Material :Hierro y neopreno inyectado. Medidas: Profundidad: 3.5 cm. Ancho: 12 cm. Alto: 3.5 cm. Juego por dos unidades. | E149: PAR | F149: 20 | G149: 1 a 30 | H149: 0.19 | I149: =J149/1.19 -> 22689.076 | J149: 27000 | K149: 31 a 60 | L149: 0.19 | M149: =N149/1.19 -> 22303.361 | N149: =J149-459 -> 26541 | O149: =IF(J149<N149,"EL VALOR DEL RANGO 2 NO PUEDE SER SUPERIOR AL RANGO 1 ","")
B150: 139 | C150: MANCUERNAS 3 LIBRAS | D150: Fabricadas con hierro y neopreno inyectado Material :Hierro y neopreno inyectado. Medidas: Profundidad: 3.5 cm. Ancho: 12 cm. Alto: 3.5 cm. Juego por dos unidades. | E150: PAR | F150: 20 | G150: 1 a 30 | H150: 0.19 | I150: =J150/1.19 -> 25411.765 | J150: 30240 | K150: 31 a 60 | L150: 0.19 | M150: =N150/1.19 -> 25026.05 | N150: =J150-459 -> 29781 | O150: =IF(J150<N150,"EL VALOR DEL RANGO 2 NO PUEDE SER SUPERIOR AL RANGO 1 ","")
B151: 140 | C151: MANCUERNAS 4 LIBRAS | D151: Fabricadas con hierro y neopreno inyectado Material :Hierro y neopreno inyectado. Medidas: Profundidad: 3.5 cm. Ancho: 12 cm. Alto: 3.5 cm. Juego por dos unidades. | E151: PAR | F151: 20 | G151: 1 a 30 | H151: 0.19 | I151: =J151/1.19 -> 28134.454 | J151: 33480 | K151: 31 a 60 | L151: 0.19 | M151: =N151/1.19 -> 27748.739 | N151: =J151-459 -> 33021 | O151: =IF(J151<N151,"EL VALOR DEL RANGO 2 NO PUEDE SER SUPERIOR AL RANGO 1 ","")
B152: 141 | C152: MANCUERNAS 5 LIBRAS | D152: Fabricadas con hierro y neopreno inyectado Material :Hierro y neopreno inyectado. Medidas: Profundidad: 3.5 cm. Ancho: 12 cm. Alto: 3.5 cm. Juego por dos unidades. | E152: PAR | F152: 20 | G152: 1 a 30 | H152: 0.19 | I152: =J152/1.19 -> 32672.269 | J152: 38880 | K152: 31 a 60 | L152: 0.19 | M152: =N152/1.19 -> 32286.555 | N152: =J152-459 -> 38421 | O152: =IF(J152<N152,"EL VALOR DEL RANGO 2 NO PUEDE SER SUPERIOR AL RANGO 1 ","")
B153: 142 | C153: MANCUERNAS 6 LIBRAS | D153: Fabricadas con hierro y neopreno inyectado Material :Hierro y neopreno inyectado. Medidas: Profundidad: 3.5 cm. Ancho: 12 cm. Alto: 3.5 cm. Juego por dos unidades. | E153: PAR | F153: 20 | G153: 1 a 30 | H153: 0.19 | I153: =J153/1.19 -> 34487.395 | J153: 41040 | K153: 31 a 60 | L153: 0.19 | M153: =N153/1.19 -> 34101.681 | N153: =J153-459 -> 40581 | O153: =IF(J153<N153,"EL VALOR DEL RANGO 2 NO PUEDE SER SUPERIOR AL RANGO 1 ","")
B154: 143 | C154: MANCUERNAS 8 LIBRAS | D154: Fabricadas con hierro y neopreno inyectado Material :Hierro y neopreno inyectado. Medidas: Profundidad: 3.5 cm. Ancho: 12 cm. Alto: 3.5 cm. Juego por dos unidades. | E154: PAR | F154: 20 | G154: 1 a 30 | H154: 0.19 | I154: =J154/1.19 -> 38117.647 | J154: 45360 | K154: 31 a 60 | L154: 0.19 | M154: =N154/1.19 -> 37731.933 | N154: =J154-459 -> 44901 | O154: =IF(J154<N154,"EL VALOR DEL RANGO 2 NO PUEDE SER SUPERIOR AL RANGO 1 ","")
B155: 144 | C155: MANCUERNAS 10 LIBRAS | D155: Fabricadas con hierro y neopreno inyectado Material :Hierro y neopreno inyectado. Medidas: Profundidad: 3.5 cm. Ancho: 12 cm. Alto: 3.5 cm. Juego por dos unidades. | E155: PAR | F155: 20 | G155: 1 a 30 | H155: 0.19 | I155: =J155/1.19 -> 41747.899 | J155: 49680 | K155: 31 a 60 | L155: 0.19 | M155: =N155/1.19 -> 41362.185 | N155: =J155-459 -> 49221 | O155: =IF(J155<N155,"EL VALOR DEL RANGO 2 NO PUEDE SER SUPERIOR AL RANGO 1 ","")
... B188: 177 | C188: TERMO PARA BEBIDAS | D188: Termo plástico para bebidas con logos distintivos de la Alcaldia Local de Kennedy ALK de acuerdo a manual de imagen institucional. Materiales de fabricación: Polímeros como Polietileno (PE) y Polipropileno (PP), libres de BPA y aptos para contacto con alimentos. Capacidades estándar: De 1000 ml, Retención térmica: Capacidad para mantener bebidas frias hasta por 8 horas. (según modelo). Características del diseño: Con tapa roscadas herméticas, válvula dosificadora, agarraderas ergonómicas reforzadas y tecnología de protección UV en exteriores. Elaborado con materiales reciclables, resistentes a impactos, que no conserven olores y fácil de limpiar. | E188: UNIDAD | F188: 200 | G188: 1 a 30 | H188: 0.19 | I188: =J188/1.19 -> 72605.042 | J188: 86400 | K188: 31 a 60 | L188: 0.19 | M188: =N188/1.19 -> 72219.328 | N188: =J188-459 -> 85941 | O188: =IF(J188<N188,"EL VALOR DEL RANGO 2 NO PUEDE SER SUPERIOR AL RANGO 1 ","")
B189: 178 | C189: OLLAS DE BARRO | D189: OLLAS DE BARRO Adquisición de ollas de barro elaboradas en arcilla cocida de alta resistencia, aptas para la preparación y cocción de alimentos. Las ollas deberán contar con acabado uniforme, estar libres de fisuras, grietas o imperfecciones que afecten su funcionalidad, y presentar resistencia al calor para su uso en estufas de gas, leña o superficies compatibles. | E189: UNIDAD | F189: #N/A | G189: 1 a 30 | H189: 0.19 | I189: =J189/1.19 -> 117983.19 | J189: 140400 | K189: 31 a 60 | L189: 0.19 | M189: =N189/1.19 -> 117597.48 | N189: =J189-459 -> 139941 | O189: =IF(J189<N189,"EL VALOR DEL RANGO 2 NO PUEDE SER SUPERIOR AL RANGO 1 ","")
B190: 179 | C190: KIT DE DARDOS DE CARBATANA | D190: Kit de dardos con cerbatana adquisición de juego de cerbatana con dardos, elaborado en materiales livianos y resistentes, diseñado para actividades recreativas y de destreza. El kit deberá incluir una (1) cerbatana y un mínimo de seis (6) dardos reutilizables con puntas de material seguro (espuma, goma o ventosa), aptos para el uso por población infantil, juvenil y adulta en actividades lúdicas dirigidas. | E190: KIT | F190: 50 | G190: 1 a 30 | H190: 0.19 | I190: =J190/1.19 -> 108907.56 | J190: 129600 | K190: 31 a 60 | L190: 0.19 | M190: =N190/1.19 -> 108521.85 | N190: =J190-459 -> 129141 | O190: =IF(J190<N190,"EL VALOR DEL RANGO 2 NO PUEDE SER SUPERIOR AL RANGO 1 ","")
B191: 180 | C191: BOLAS DE PIQUIS O MARAS | D191: PIQUIS O MARAS Adquisición de piquis o maras (canicas) elaboradas en vidrio macizo de alta resistencia, con superficie lisa, bordes redondeados y acabado uniforme. Las canicas deberán presentar colores y diseños variados, libres de fisuras, grietas o imperfecciones que afecten su uso. Juego por 24 unidades. | E191: JUEGO | F191: 50 | G191: 1 a 30 | H191: 0.19 | I191: =J191/1.19 -> 22689.076 | J191: 27000 | K191: 31 a 60 | L191: 0.19 | M191: =N191/1.19 -> 22303.361 | N191: =J191-459 -> 26541 | O191: =IF(J191<N191,"EL VALOR DEL RANGO 2 NO PUEDE SER SUPERIOR AL RANGO 1 ","")
B192: 181 | C192: DIPLOMA DE PARTICIPACIÓN | D192: Material: Papel o Cartulina Opalina. - gramaje, varía entre los 125 y 250 g/m2, una resistencia y rigidez óptima. Tamaño carta | E192: UNIDAD | F192: 1000 | G192: 1 a 30 | H192: 0.19 | I192: =J192/1.19 -> 9166.3866 | J192: 10908 | K192: 31 a 60 | L192: 0.19 | M192: =N192/1.19 -> 8780.6723 | N192: =J192-459 -> 10449 | O192: =IF(J192<N192,"EL VALOR DEL RANGO 2 NO PUEDE SER SUPERIOR AL RANGO 1 ","")
B193: 182 | C193: KIT DE SOUVENIR LGBTIQ+ | D193: Kit de Souvenir compuesto con pañoleta institucional, tula deportiva, toalla y botilito, los cuales deberán ser entregados en óptimas condiciones y contar con la imagen institucional y coleres y diseño establecido por la comunidad LGBTIQ+. | E193: KIT | F193: 50 | G193: 1 a 30 | H193: 0.19 | I193: =J193/1.19 -> 68067.227 | J193: 81000 | K193: 31 a 60 | L193: 0.19 | M193: =N193/1.19 -> 67681.513 | N193: =J193-459 -> 80541 | O193: =IF(J193<N193,"EL VALOR DEL RANGO 2 NO PUEDE SER SUPERIOR AL RANGO 1 ","")
B194: 183 | C194: KIT PARA DEPORTISTAS MULTIDEPORTIVO | D194: Kit para deportistas multideportivo, conformado por: Tula en poliéster, ligera y resistente. Material: Poliéster. Medidas: Alto: 41 cms Ancho: 31 cms Área de marca: 120, mm. con bolsillo externo de 31 cm de ancho por 20 cm de alto, con cremallera correas ajustables, con logos institucionales Técnica de marca: Screen o serigrafía. DTF mediano, full color máximo 22 x 14 cm. Botilito en PVC, tapa rosca con pestaña. Diseño ergonómico, Material: PVC. Medidas: 24.5, cm x 6.5 cm diámetro, Área de marca: 4 cm con logo institucional Técnica de marca: Tampografía, con logo institucional, incluye toalla deportiva (30 x 70 cm aprox.) | E194: KIT | F194: 50 | G194: 1 a 30 | H194: 0.19 | I194: =J194/1.19 -> 77142.857 | J194: 91800 | K194: 31 a 60 | L194: 0.19 | M194: =N194/1.19 -> 76757.143 | N194: =J194-459 -> 91341 | O194: =IF(J194<N194,"EL VALOR DEL RANGO 2 NO PUEDE SER SUPERIOR AL RANGO 1 ","")
B195: 184 | C195: CANCHA DE FÚTBOL | D195: Dimensiones interiores = 180 x 120 x 90 cm. Diámetro tubos: 38 mm. Peso producto = 6,7 kg. Tubos de acero: 1,0038 Red:100 % poliéster. Soporte de red: acero 1,0038. 3 fijaciones (estacas) para fijar la portería en la gramilla y limitar el desplazamiento de la portería debido a los golpes repetidos. | E195: UNIDAD | F195: 20 | G195: 1 a 30 | H195: 0.19 | I195: =J195/1.19 -> 390252.1 | J195: 464400 | K195: 31 a 60 | L195: 0.19 | M195: =N195/1.19 -> 389866.39 | N195: =J195-459 -> 463941 | O195: =IF(J195<N195,"EL VALOR DEL RANGO 2 NO PUEDE SER SUPERIOR AL RANGO 1 ","")
B196: 185 | C196: BOMBAS DE AIRE PARA INFLAR CON MANOMETRO DE CALIDAD PROFESIONAL | D196: Inflador para balon con salida de aire con ida y vuelta:Doble acción para facilitar el inflado, con dos racores flexibles, manometro simple, valvula de aguja de doble acción. Color: Negro Materiales: Aluminio Presión máxima: 2320.603 psi Incluye manómetro. Válvulas compatibles: schrader, presta. Accesorios incluidos: picos, un (1) adaptador para válvulas, una (1) aguja para balones. incluye estuche de almacenamiento en lona gruesa x cada unidad | E196: UNIDAD | F196: 30 | G196: 1 a 30 | H196: 0.19 | I196: =J196/1.19 -> 40840.336 | J196: 48600 | K196: 31 a 60 | L196: 0.19 | M196: =N196/1.19 -> 40454.622 | N196: =J196-459 -> 48141 | O196: =IF(J196<N196,"EL VALOR DEL RANGO 2 NO PUEDE SER SUPERIOR AL RANGO 1 ","")
B197: 186 | C197: VENDA PARA BOXEO | D197: Venda de mano para boxeo semi-elastica con velcro al extremo. 5 Metros de longitud. Color: negra o azul. Material: nylon/polyester. Ancho: 5-6cms. Color: azul. incluye estuche de almacenamiento en lona gruesa. | E197: PAR | F197: 20 | G197: 1 a 30 | H197: 0.19 | I197: =J197/1.19 -> 32672.269 | J197: 38880 | K197: 31 a 60 | L197: 0.19 | M197: =N197/1.19 -> 32286.555 | N197: =J197-459 -> 38421 | O197: =IF(J197<N197,"EL VALOR DEL RANGO 2 NO PUEDE SER SUPERIOR AL RANGO 1 ","")
B198: 187 | C198: PELOTAS ANTI ESTRÉS | D198: Pelotas antiestrés de 5 cm de diámetro, elaboradas en material flexible y resistente como espuma de poliuretano o gel con recubrimiento de goma suave, no tóxicas y aptas para manipulación continua. Deben ser ligeras, de textura agradable al tacto y con buena capacidad de recuperación de forma tras la presión. incluye estuche de almacenamiento en lona gruesa o tula en lona gruesa | E198: UNIDAD | F198: 20 | G198: 1 a 30 | H198: 0.19 | I198: =J198/1.19 -> 4991.5966 | J198: 5940 | K198: 31 a 60 | L198: 0.19 | M198: =N198/1.19 -> 4605.8824 | N198: =J198-459 -> 5481 | O198: =IF(J198<N198,"EL VALOR DEL RANGO 2 NO PUEDE SER SUPERIOR AL RANGO 1 ","")
B199: 188 | C199: BANCO SUECO GRANDE” | D199: LARGO: 2,8 MTS EN MADERA INMUNIZADA Y BARNIZADA. ANCHO: 28 CMS. ANCHO DE BASE 28 CMS. ALTURA DE 35 CMS. (MEDIDAS APROXIMADAS DE ACUERDO A MARCA) | E199: UNIDAD | F199: 1 | G199: 1 a 30 | H199: 0.19 | I199: =J199/1.19 -> 4537815.1 | J199: 5400000 | K199: 31 a 60 | L199: 0.19 | M199: =N199/1.19 -> 4537429.4 | N199: =J199-459 -> 5399541 | O199: =IF(J199<N199,"EL VALOR DEL RANGO 2 NO PUEDE SER SUPERIOR AL RANGO 1 ","")
B200: 189 | C200: “VIGA DE EQUILIBRIO” | D200: VIGA EN MADERA DE 3 MTS DE LARGO X 70 CMS A 100 CMS DE ALTO (MEDIDAS APROXIMADAS DE ACUERDO A MARCA) Y BASE METÁLICA GRADUABLE | E200: UNIDAD | F200: 1 | G200: 1 a 30 | H200: 0.19 | I200: =J200/1.19 -> 4447058.8 | J200: 5292000 | K200: 31 a 60 | L200: 0.19 | M200: =N200/1.19 -> 4446673.1 | N200: =J200-459 -> 5291541 | O200: =IF(J200<N200,"EL VALOR DEL RANGO 2 NO PUEDE SER SUPERIOR AL RANGO 1 ","")
B201: 190 | C201: “CANECA TUNEL MULTICOLOR” | D201: DIMENSIONES: LARGO 90 CM Y DIÁMETRO 60 CM. DENSIDAD DE LA ESPUMA 26 | E201: UNIDAD | F201: 5 | G201: 1 a 30 | H201: 0.19 | I201: =J201/1.19 -> 226890.76 | J201: 270000 | K201: 31 a 60 | L201: 0.19 | M201: =N201/1.19 -> 226505.04 | N201: =J201-459 -> 269541 | O201: =IF(J201<N201,"EL VALOR DEL RANGO 2 NO PUEDE SER SUPERIOR AL RANGO 1 ","")
C202: TOTAL | I202: =SUM(I12:I201) -> 37261271 | J202: =SUM(J12:J201) -> 44340912 | N202: =SUM(N12:N201) -> 44253702
A203: NOTA 1. No se aceptarán cotizaciones parciales ni que omitan alguno de los item solicitados.
A204: NOTA 2. El valor unitario debe incluir IVA y todos los costos directos e indirectos, impuestos, tasas y contribuciones a que haya lugar.
A205: NOTA 3. Se precisa que las cantidades totales presentadas por ítem son estimadas y podrán variar en su totalidad de acuerdo con las necesidades del fondo de desarrollo local de kennedy en la ejecución, sin sobrepasar el presupuesto total del contrato
A206: NOTA 4. Revisar todos los requerimientos que se relacionan en el documento "ANEXO TÉCNICO" y formular su cotización en concordancia con este, garantizando que el bien y/o servicio ofrecido cumpla en su totalidad con las especificaciones técnicas descritas.
A207: NOTA 5. El precio de la cotización debe ser expresado en PESOS COLOMBIANOS.
A208: NOTA 6. Los valores unitarios deberán aproximarse por exceso o por defecto al entero más cercano así: (i) Si es igual o superior a 50 centavos, se aproxima al entero siguiente; (ii) si es inferior a 50 centavos se baja al entero anterior.
A209: NOTA 7. No modificar, agregar o quitar ningún ítem o sub-ítem.
A210: NOTA 8. La cotización tiene una vigencia de 90 dias a partir de la fecha de diligenciamiento.
A211: NOTA 9. Se deben diligenciar los dos rangos de precios establecidos en la cotizacion

Sheet PUBLICIDAD MOVIL
E2: FONDO DE DESARROLLO LOCAL DE KENNEDY
C3: ESTUDIO DEL MERCADO
C4: OBJETO: SUMINISTRO, ADQUISICIÓN Y DISTRIBUCIÓN A MONTO AGOTABLE DE IMPLEMENTOS, ARTÍCULOS, ACCESORIOS Y BIENES DEPORTIVOS DESTINADOS A LOS COLECTIVOS U ORGANIZACIONES RECREO-DEPORTIVAS, PERSONAS BENEFICIADAS CON ACTIVIDADES RECREO-DEPORTIVAS COMUNITARIAS DE LA LOCALIDAD DE KENNEDY Y LAS UNIDADES OPERATIVAS PRIORIZADAS POR LA SECRETARÍA DE INTEGRACIÓN SOCIAL
C7: RAZÓN SOCIAL / NOMBRE: | E7: PUBLICIDAD MOVIL DE COLOMBIA SAS | H7: NIT / C.C.: | I7: 900978051-6
C8: CORREO ELECTRÓNICO: | E8: contabilidad@publimovildecolombia.com | H8: DIRECCIÓN: | I8: Cl. 10 # 12 - 70
C9: FECHA DE DILIGENCIAMIENTO | E9: 5 DE OCTUBRE DE 2026 | H9: TELÉFONO: | I9: 5240770
H13: RANGOS A COTIZAR 1 | L13: RANGO a COTIZAR 2
B14: No. | C14: ITEM | D14: CARACTERISTICAS | F14: UNIDAD DE MEDIDA | G14: UNIDADES ESTIMADAS | H14: UNIDADES | I14: VALOR UNITARIO ANTES DE IVA | J14: PORCENTAJE DE IVA | K14: VALOR TOTAL INCLUIDO IVA | L14: UNIDADES | M14: VALOR UNITARIO ANTES DE IVA | N14: PORCENTAJE DE IVA | O14: VALOR TOTAL INCLUIDO IVA | P14: VALIDADOR
B15: 1 | C15: BALON FUTBOL # 5 | D15: Materiales: Cubierta en material sintético laminado y/o cosido; Enmallado en Nailon de alta tenacidad y flexibilidad. Impermeable. Especificaciones : Dimensión / Espesor / Capacidad: Peso entre 0.5kg y 1kg, Tamaño: (L x P x A cm) 21x21x21 Rebote controlado entre 110 a 155 cm Bajo condiciones de temperatura de 20 grados. Alta resistencia al impacto y al desgaste absorción de humedad mínima, excelente calidad Aprobado y/o certificado bajo las normas establecidas oficiales. Aprobado y/o certificado por la federación nacional y/o internacional de la modalidad deportiva (FCF, DIMAYOR, FIFA), evidencia de lo cual será el sello sobre la superficie de cada balón. Diseño: El Balón debe mantener su peso original e impermeabilidad, para uso exterior e interior en diferentes superficies de juego. | F15: UNIDAD | G15: 500 | H15: 1 a 30 | I15: 203597 | J15: 0.19 | K15: =ROUND(I15*(1+J15),0) -> 242280 | L15: 31 a 60 | M15: 187420 | N15: 0.19 | O15: =ROUND(M15*(1+N15),0) -> 223030 | P15: =IF(K15<O15,"EL VALOR DEL RANGO 2 NO PUEDE SER SUPERIOR AL RANGO 1 ","")
B16: 2 | C16: BALON FUTBOL # 4 | D16: Materiales: Cubierta en material sintético laminado y/o cosido; Enmallado en Nailon de alta tenacidad y flexibilidad. Impermeable. Especificaciones : Dimensión / Espesor / Capacidad: Peso entre 350 a 410g, Circunferencia entre 63cm a 66cm, Rebote entre 110 a 155 cm Bajo condiciones de temperatura de 20 grados. Alta resistencia al impacto y al desgaste absorción de humedad mínima, excelente calidad Aprobado y/o certificado bajo las normas establecidas oficiales. Aprobado y/o certificado por la federación nacional y/o internacional de la modalidad deportiva (FCF, DIMAYOR, FIFA), Evidencia de lo cual será el sello sobre la superficie de cada balón. Diseño: El Balón debe mantener su peso original e impermeabilidad, para uso exterior e interior en diferentes superficies de juego. | F16: UNIDAD | G16: 300 | H16: 1 a 30 | I16: 191602 | J16: 0.19 | K16: =ROUND(I16*(1+J16),0) -> 228006 | L16: 31 a 60 | M16: 178858 | N16: 0.19 | O16: =ROUND(M16*(1+N16),0) -> 212841 | P16: =IF(K16<O16,"EL VALOR DEL RANGO 2 NO PUEDE SER SUPERIOR AL RANGO 1 ","")
B17: 3 | C17: BALON FUTBOL #3 | D17: Balón de marca reconocida laminado, con bomba en material butilo, balón No 3. Peso de 270 a 340 grs, circunferencia de 58 a 60 cm, rebote de 95 a 125 cm | F17: UNIDAD | G17: 200 | H17: 1 a 30 | I17: 181770 | J17: 0.19 | K17: =ROUND(I17*(1+J17),0) -> 216306 | L17: 31 a 60 | M17: 166452 | N17: 0.19 | O17: =ROUND(M17*(1+N17),0) -> 198078 | P17: =IF(K17<O17,"EL VALOR DEL RANGO 2 NO PUEDE SER SUPERIOR AL RANGO 1 ","")
B18: 4 | C18: BALON FUNDAMENTACION FUTBOL | D18: Pelota para fundamentación Inflable elaborada en material a base de PVC, sin cámara de Aire para Fútbol/voleibol con peso de 280 grs, soporta hasta 4 lb de presión de aire, diseño de 32 paneles con pentágonos en color negro e interior de color azul, roja, blanca o amarillo. de superficie Lisa, Diámetro de 21 cm aprox. Importada de marca reconocida en el mercado | F18: UNIDAD | G18: 200 | H18: 1 a 30 | I18: 51878 | J18: 0.19 | K18: =ROUND(I18*(1+J18),0) -> 61735 | L18: 31 a 60 | M18: 48717 | N18: 0.19 | O18: =ROUND(M18*(1+N18),0) -> 57973 | P18: =IF(K18<O18,"EL VALOR DEL RANGO 2 NO PUEDE SER SUPERIOR AL RANGO 1 ","")
B19: 5 | C19: TULA BALONERA | D19: Tula en lona, tipo morral, con refuerzo en la parte inferior, con capacidad para 15 balones, nylon reforzado de 65 cm de diámetro y 110 cm de altura ojales metálicos con pin metálico para candado y candado de seguridad mediano incluido, costura reforzada, correas en lona para carga. | F19: UNIDAD | G19: 100 | H19: 1 a 30 | I19: 122402 | J19: 0.19 | K19: =ROUND(I19*(1+J19),0) -> 145658 | L19: 31 a 60 | M19: 113355 | N19: 0.19 | O19: =ROUND(M19*(1+N19),0) -> 134892 | P19: =IF(K19<O19,"EL VALOR DEL RANGO 2 NO PUEDE SER SUPERIOR AL RANGO 1 ","")
B20: 6 | C20: BASE PARA ESTACAS | D20: Material Polietileno Base: 22 cm. Altura: 15 cm. Peso : 206 Gramos | F20: UNIDAD | G20: 200 | H20: 1 a 30 | I20: 16817 | J20: 0.19 | K20: =ROUND(I20*(1+J20),0) -> 20012 | L20: 31 a 60 | M20: 15901 | N20: 0.19 | O20: =ROUND(M20*(1+N20),0) -> 18922 | P20: =IF(K20<O20,"EL VALOR DEL RANGO 2 NO PUEDE SER SUPERIOR AL RANGO 1 ","")
B21: 7 | C21: ESTACAS | D21: Estaca Bastón de Coordinación de 1,80 Metros Fabricado con polietileno de alto impacto, Alta Resistencia. | F21: UNIDAD | G21: 200 | H21: 1 a 30 | I21: 21261 | J21: 0.19 | K21: =ROUND(I21*(1+J21),0) -> 25301 | L21: 31 a 60 | M21: 18894 | N21: 0.19 | O21: =ROUND(M21*(1+N21),0) -> 22484 | P21: =IF(K21<O21,"EL VALOR DEL RANGO 2 NO PUEDE SER SUPERIOR AL RANGO 1 ","")
B22: 8 | C22: UNIFORME PARA FÚTBOL Y FÚTBOL SALA | D22: Conformado por Camiseta: para uniforme en tela oriol 100% poliéster uniforme en transfer, Cuello en “V”, Mangas cortas con doble costura en el extremo de cada una. Estampado con Logotipos (Institucionales al frente a la altura del pecho) y Numeración correspondiente en la espalda. Pantaloneta: Pantaloneta para Uniforme en poliéster uniforme en transfer, largo a media rodilla (de acuerdo a la talla), pretina con elástico de 4 centímetros, alta densidad, cordón en la cintura, forrada en malla yugoslava, con estampado en transfer y con Bordado logotipos (Institucionales) y Numeración correspondiente al frente en la parte derecha. Medias: Par de medias en microfibra de nylon, doble malla, 8 pulgadas de altura y logos institucionales Diseño: masculino o femenino según se requiera. TALLAS 4, 6, 8 | F22: UNIDAD | G22: 200 | H22: 1 a 30 | I22: 95175 | J22: 0.19 | K22: =ROUND(I22*(1+J22),0) -> 113258 | L22: 31 a 60 | M22: 85702 | N22: 0.19 | O22: =ROUND(M22*(1+N22),0) -> 101985 | P22: =IF(K22<O22,"EL VALOR DEL RANGO 2 NO PUEDE SER SUPERIOR AL RANGO 1 ","")
B23: 9 | C23: UNIFORME PARA FÚTBOL Y FÚTBOL SALA | D23: Conformado por Camiseta: para uniforme en tela oriol 100% poliéster uniforme en transfer, Cuello en “V”, Mangas cortas con doble costura en el extremo de cada una. Estampado con Logotipos (Institucionales al frente a la altura del pecho) y Numeración correspondiente en la espalda. Pantaloneta: Pantaloneta para Uniforme en poliéster uniforme en transfer, largo a media rodilla (de acuerdo a la talla), pretina con elástico de 4 centímetros, alta densidad, cordón en la cintura, forrada en malla yugoslava, con estampado en transfer y con Bordado logotipos (Institucionales) y Numeración correspondiente al frente en la parte derecha. Medias: Par de medias en microfibra de nylon, doble malla, 8 pulgadas de altura y logos institucionales Diseño: masculino o femenino según se requiera. TALLA 10,12, 14, 16, S | F23: UNIDAD | G23: 200 | H23: 1 a 30 | I23: 94648 | J23: 0.19 | K23: =ROUND(I23*(1+J23),0) -> 112631 | L23: 31 a 60 | M23: 88005 | N23: 0.19 | O23: =ROUND(M23*(1+N23),0) -> 104726 | P23: =IF(K23<O23,"EL VALOR DEL RANGO 2 NO PUEDE SER SUPERIOR AL RANGO 1 ","")
B24: 10 | C24: UNIFORME PARA FÚTBOL Y FÚTBOL SALA | D24: Conformado por Camiseta: para uniforme en tela oriol 100% poliéster uniforme en transfer, Cuello en “V”, Mangas cortas con doble costura en el extremo de cada una. Estampado con Logotipos (Institucionales al frente a la altura del pecho) y Numeración correspondiente en la espalda. Pantaloneta: Pantaloneta para Uniforme en poliéster uniforme en transfer, largo a media rodilla (de acuerdo a la talla), pretina con elástico de 4 centímetros, alta densidad, cordón en la cintura, forrada en malla yugoslava, con estampado en transfer y con Bordado logotipos (Institucionales) y Numeración correspondiente al frente en la parte derecha. Medias: Par de medias en microfibra de nylon, doble malla, 8 pulgadas de altura y logos institucionales Diseño: masculino o femenino según se requiera. TALLAS M, L, XL, XXL | F24: UNIDAD | G24: 200 | H24: 1 a 30 | I24: 99210 | J24: 0.19 | K24: =ROUND(I24*(1+J24),0) -> 118060 | L24: 31 a 60 | M24: 90624 | N24: 0.19 | O24: =ROUND(M24*(1+N24),0) -> 107843 | P24: =IF(K24<O24,"EL VALOR DEL RANGO 2 NO PUEDE SER SUPERIOR AL RANGO 1 ","")
B25: 11 | C25: SUDADERA DEPORTIVA | D25: Sudadera deportiva en Poliéster tela Adidas, Monaco o tela Polar tipo impermeable compuesta de chaqueta y pantalón. Chaqueta con cierre de cremallera, bolsillos laterales y caucho elastico en los puños. Pantalón con bolsillos laterales y cauchos elasticos en el final del pantalón Chaqueta y pantalón con logotipos según parámetros de la alcaldía local. Diseño: masculino o femenino según se requiera. TALLA 4, 6, 8 | F25: UNIDAD | G25: 200 | H25: 1 a 30 | I25: 125332 | J25: 0.19 | K25: =ROUND(I25*(1+J25),0) -> 149145 | L25: 31 a 60 | M25: 117388 | N25: 0.19 | O25: =ROUND(M25*(1+N25),0) -> 139692 | P25: =IF(K25<O25,"EL VALOR DEL RANGO 2 NO PUEDE SER SUPERIOR AL RANGO 1 ","")
B26: 12 | C26: SUDADERA DEPORTIVA | D26: Sudadera deportiva en Poliéster tela Adidas, Monaco o tela Polar tipo impermeable compuesta de chaqueta y pantalón. Chaqueta con cierre de cremallera, bolsillos laterales y caucho elastico en los puños. Pantalón con bolsillos laterales y cauchos elasticos en el final del pantalón Chaqueta y pantalón con logotipos según parámetros de la alcaldía local. Diseño: masculino o femenino según se requiera. TALLAS 10, 12,14, 16, S | F26: UNIDAD | G26: 200 | H26: 1 a 30 | I26: 128824 | J26: 0.19 | K26: =ROUND(I26*(1+J26),0) -> 153301 | L26: 31 a 60 | M26: 116826 | N26: 0.19 | O26: =ROUND(M26*(1+N26),0) -> 139023 | P26: =IF(K26<O26,"EL VALOR DEL RANGO 2 NO PUEDE SER SUPERIOR AL RANGO 1 ","")
... B107: 93 | C107: LAZO SALTO DE 120 CM | D107: Materiales: Nylon, Cabuya o Algodón con mangos ergonómicos elaborados en Plástico Especificaciones: Dimensión / Espesor / Capacidad: Lazo de 120 cm x ½ pulgada de diámetro Diseño: Lazo de 120 cm x ½ pulgada de diámetro elaborados en nylon, cabuya o algodón con mangos ergonómicos elaborados en plástico. | F107: UNIDAD | G107: 100 | H107: 1 a 30 | I107: 24842 | J107: 0.19 | K107: =ROUND(I107*(1+J107),0) -> 29562 | L107: 31 a 60 | M107: 23495 | N107: 0.19 | O107: =ROUND(M107*(1+N107),0) -> 27959 | P107: =IF(K107<O107,"EL VALOR DEL RANGO 2 NO PUEDE SER SUPERIOR AL RANGO 1 ","")
B108: 94 | C108: LAZO SALTO DE 4 METROS | D108: Materiales: Nylon, Cabuya o Algodón con mangos ergonómicos elaborados en Plástico Especificaciones : Dimensión / Espesor / Capacidad: Lazo de 4 m x ½ pulgada de diámetro Diseño: Lazo de 4 m x ½ pulgada de diámetro elaborados en nylon, cabuya o algodón con mangos ergonómicos elaborados en plástico | F108: UNIDAD | G108: 50 | H108: 1 a 30 | I108: 29555 | J108: 0.19 | K108: =ROUND(I108*(1+J108),0) -> 35170 | L108: 31 a 60 | M108: 26713 | N108: 0.19 | O108: =ROUND(M108*(1+N108),0) -> 31788
B109: 95 | C109: LAZO SALTO DE 3 METROS | D109: Materiales: Nylon, Cabuya o Algodón con mangos ergonómicos elaborados en Plástico Especificaciones : Dimensión / Espesor / Capacidad: Lazo de 3 m x ½ pulgada de diámetro Diseño: Lazo de 3 m x ½ pulgada de diámetro elaborados en nylon, cabuya o algodón con mangos ergonómicos elaborados en plástico | F109: UNIDAD | G109: 50 | H109: 1 a 30 | I109: 25374 | J109: 0.19 | K109: =ROUND(I109*(1+J109),0) -> 30195 | L109: 31 a 60 | M109: 23811 | N109: 0.19 | O109: =ROUND(M109*(1+N109),0) -> 28335 | P109: =IF(K109<O109,"EL VALOR DEL RANGO 2 NO PUEDE SER SUPERIOR AL RANGO 1 ","")
B110: 96 | C110: BANDA ELASTICA CON AGARRE | D110: Cantidad/Composición: Banda elástica con agarre Materiales: Banda está hecha de látex de caucho natural de alta calidad y agarres en espuma acolchada y riata resistente Especificaciones : Dimensión / Espesor / Capacidad: Largo: 150 cm (Medida aproximada según marca) Diseño: Banda elástica con agarre, largo de 150 cm (Medida aproximada según marca), y agarres en espuma acolchada y riata resistente. Terminales selladas al calor y refuerzo de seguridad en los agarres y riata de seguridad. | F110: UNIDAD | G110: 100 | H110: 1 a 30 | I110: 20975 | J110: 0.19 | K110: =ROUND(I110*(1+J110),0) -> 24960 | L110: 31 a 60 | M110: 19074 | N110: 0.19 | O110: =ROUND(M110*(1+N110),0) -> 22698 | P110: =IF(K110<O110,"EL VALOR DEL RANGO 2 NO PUEDE SER SUPERIOR AL RANGO 1 ","")
B111: 97 | C111: BOLA PARA TENIS DE MESA | D111: Materiales: En PVC+ABS Especificaciones : Dimensión / Espesor / Capacidad: Cajas de bolas para tenis de mesa por 6 unidades blancas o naranjas de 40 mm de diámetro. Diseño: Diámetro de 40 mm, excelente desempeño al rebote Gran resistencia y durabilidad. Colores: naranja y blanco que son los autorizados por la ITTF (federación internacional de tenis de mesa) y en tono mate. | F111: UNIDAD | G111: 300 | H111: 1 a 30 | I111: 4025 | J111: 0.19 | K111: =ROUND(I111*(1+J111),0) -> 4790 | L111: 31 a 60 | M111: 3527 | N111: 0.19 | O111: =ROUND(M111*(1+N111),0) -> 4197 | P111: =IF(K111<O111,"EL VALOR DEL RANGO 2 NO PUEDE SER SUPERIOR AL RANGO 1 ","")
B112: 98 | C112: BATE DE BEISBOL | D112: Material en madera o aluminio peso aproximado de 450 gramos de dimensione 6.9 cm a 107 cm de longitud | F112: UNIDAD | G112: 10 | H112: 1 a 30 | I112: 74926 | J112: 0.19 | K112: =ROUND(I112*(1+J112),0) -> 89162 | L112: 31 a 60 | M112: 66378 | N112: 0.19 | O112: =ROUND(M112*(1+N112),0) -> 78990 | P112: =IF(K112<O112,"EL VALOR DEL RANGO 2 NO PUEDE SER SUPERIOR AL RANGO 1 ","")
B113: 99 | C113: GUANTE O MANILLA DE BEISBOL | D113: Guante o manilla de piel sintética de marca reconocida acolchado con secciones en cada uno de los dedos con medidas 12.5 diseño en malla con refuerzos y costuras | F113: UNIDAD | G113: 10 | H113: 1 a 30 | I113: 138993 | J113: 0.19 | K113: =ROUND(I113*(1+J113),0) -> 165402 | L113: 31 a 60 | M113: 126069 | N113: 0.19 | O113: =ROUND(M113*(1+N113),0) -> 150022 | P113: =IF(K113<O113,"EL VALOR DEL RANGO 2 NO PUEDE SER SUPERIOR AL RANGO 1 ","")
B114: 100 | C114: PELOTA PARA BEISBOL | D114: Bola con cubierta de dos piezas con costuras color rojo, dura en cuero sintético con circunferencia entre 22,5 y 24 cm de diámetro y 5 onzas (142 g) de peso | F114: UNIDAD | G114: 10 | H114: 1 a 30 | I114: 72351 | J114: 0.19 | K114: =ROUND(I114*(1+J114),0) -> 86098 | L114: 31 a 60 | M114: 64895 | N114: 0.19 | O114: =ROUND(M114*(1+N114),0) -> 77225 | P114: =IF(K114<O114,"EL VALOR DEL RANGO 2 NO PUEDE SER SUPERIOR AL RANGO 1 ","")
B115: 101 | C115: UNIFORME BEISBOL | D115: Camibuso de manga larga: En Tela en algodón 100% alta calidad y resistente, sin abertura frontal durable, cuello redondo deberán tener mangas largas con protección en espuma para codos Pantalón en tela 100% algodón, pretina con caucho cordón de 3 cm, sin bolsillos, con protección en espuma a los costados del pantalón y rodillas, (1) logotipo institucional al costado, De acuerdo con el manual de imagen institucional vigente para esta versión. Aprobados por la oficina de prensa. TALLAS 4, 6, 8 | F115: UNIDAD | G115: 10 | H115: 1 a 30 | I115: 110748 | J115: 0.19 | K115: =ROUND(I115*(1+J115),0) -> 131790 | L115: 31 a 60 | M115: 102098 | N115: 0.19 | O115: =ROUND(M115*(1+N115),0) -> 121497 | P115: =IF(K115<O115,"EL VALOR DEL RANGO 2 NO PUEDE SER SUPERIOR AL RANGO 1 ","")
B116: 102 | C116: UNIFORME BEISBOL | D116: Camibuso de manga larga: En Tela en algodón 100% alta calidad y resistente, sin abertura frontal durable, cuello redondo deberán tener mangas largas con protección en espuma para codos Pantalón en tela 100% algodón, pretina con caucho cordón de 3 cm, sin bolsillos, con protección en espuma a los costados del pantalón y rodillas, (1) logotipo institucional al costado, De acuerdo con el manual de imagen institucional vigente para esta versión. Aprobados por la oficina de prensa. TALLAS 10, 12, 14, 16, S | F116: UNIDAD | G116: 10 | H116: 1 a 30 | I116: 107375 | J116: 0.19 | K116: =ROUND(I116*(1+J116),0) -> 127776 | L116: 31 a 60 | M116: 101634 | N116: 0.19 | O116: =ROUND(M116*(1+N116),0) -> 120944 | P116: =IF(K116<O116,"EL VALOR DEL RANGO 2 NO PUEDE SER SUPERIOR AL RANGO 1 ","")
B117: 103 | C117: UNIFORME BEISBOL | D117: Camibuso de manga larga: En Tela en algodón 100% alta calidad y resistente, sin abertura frontal durable, cuello redondo deberán tener mangas largas con protección en espuma para codos Pantalón en tela 100% algodón, pretina con caucho cordón de 3 cm, sin bolsillos, con protección en espuma a los costados del pantalón y rodillas, (1) logotipo institucional al costado, De acuerdo con el manual de imagen institucional vigente para esta versión. Aprobados por la oficina de prensa. TALLAS M, L, XL, XXL | F117: UNIDAD | G117: 10 | H117: 1 a 30 | I117: 114209 | J117: 0.19 | K117: =ROUND(I117*(1+J117),0) -> 135909 | L117: 31 a 60 | M117: 104500 | N117: 0.19 | O117: =ROUND(M117*(1+N117),0) -> 124355 | P117: =IF(K117<O117,"EL VALOR DEL RANGO 2 NO PUEDE SER SUPERIOR AL RANGO 1 ","")
B118: 104 | C118: JUEGO DE AJEDREZ | D118: Juego completo de ajedrez profesional número 5. Cantidad/Composición: Juego completo de ajedrez profesional número 5 Materiales: Las piezas son en polietileno de alto impacto, de color negro y beige. El tablero es en Córdoba con base de algodón certificado con ISO 9001. El estuche es en lona morral de color negro con tela impermeable en la parte de adentro en color blanco. Especificaciones : Dimensión / Espesor / Capacidad: Las piezas son en polietileno de alto impacto, de color negro y beige. El tablero es en Córdoba con base de algodón certificado con ISO 9001. El estuche es en lona morral de color negro con tela impermeable en la parte de adentro en color blanco. Diseño: Las piezas son en polietileno de alto impacto, de color negro y beige. El tablero es en Córdoba con base de algodón certificado con ISO 9001. El estuche es en lona morral de color negro con tela impermeable en la parte de adentro en color blanco. | F118: UNIDAD | G118: 10 | H118: 1 a 30 | I118: 314295 | J118: 0.19 | K118: =ROUND(I118*(1+J118),0) -> 374011 | L118: 31 a 60 | M118: 278365 | N118: 0.19 | O118: =ROUND(M118*(1+N118),0) -> 331254 | P118: =IF(K118<O118,"EL VALOR DEL RANGO 2 NO PUEDE SER SUPERIOR AL RANGO 1 ","")
B119: 105 | C119: RELOJ DE AJEDREZ | D119: Compra de reloj para competencia de ajedrez Material: ABS Batería: 2 pilas AAA, Tamaño de pantalla: 103 * 23 mm/4,06 * 0,91 pulgadas Tamaño del artículo: 140 * 88 * 45 mm/5,51 * 3,46 * 1,77 pulgadas Peso del artículo: 105 g/3,70 onzas Tiempo de retraso y tiempo positivos. | F119: UNIDAD | G119: 10 | H119: 1 a 30 | I119: 199312 | J119: 0.19 | K119: =ROUND(I119*(1+J119),0) -> 237181 | L119: 31 a 60 | M119: 175684 | N119: 0.19 | O119: =ROUND(M119*(1+N119),0) -> 209064 | P119: =IF(K119<O119,"EL VALOR DEL RANGO 2 NO PUEDE SER SUPERIOR AL RANGO 1 ","")
B120: 106 | C120: UNIFORME LUCHA OLIMPICA | D120: Malla de Lucha Olímpica o Grecorromana sobria y elegante que se adapta perfectamente al cuerpo. Adecuada para todos los niveles. Fabricada en composición de nylon y elastano para un ajuste ceñido sin apretar.Incorpora tiras antideslizantes en los bajos de los camales para garantizar una fijación cómoda durante la lucha y logos institucionales TALLAS 4, 6, 8 | F120: UNIDAD | G120: 20 | H120: 1 a 30 | I120: 179075 | J120: 0.19 | K120: =ROUND(I120*(1+J120),0) -> 213099 | L120: 31 a 60 | M120: 165199 | N120: 0.19 | O120: =ROUND(M120*(1+N120),0) -> 196587 | P120: =IF(K120<O120,"EL VALOR DEL RANGO 2 NO PUEDE SER SUPERIOR AL RANGO 1 ","")
... B136: 122 | C136: BASTÓN DE ENTRENAMIENTO | D136: El Bastón de Coordinación de 1,50 Metros Fabricado con polietileno de alto impacto, Alta Resistencia | F136: UNIDAD | G136: 200 | H136: 1 a 30 | I136: 19646 | J136: 0.19 | K136: =ROUND(I136*(1+J136),0) -> 23379 | L136: 31 a 60 | M136: 18768 | N136: 0.19 | O136: =ROUND(M136*(1+N136),0) -> 22334 | P136: =IF(K136<O136,"EL VALOR DEL RANGO 2 NO PUEDE SER SUPERIOR AL RANGO 1 ","")
B137: 123 | C137: KIT PARA PERSONA MAYOR | D137: Kit para persona mayor, conformado por: Camiseta mínima un 35% algodón y resto en poliéster, o 100% algodón, en tejido de punto tipo jersey sencillo. Peso mínimo de 180 g/m2, redondo enterizo, tipo resortado con tejido rib 1x1 doble cuello, pisado en la parte interior en máquina recubridora con dos agujas, separación entre agujas mínimo 6 mm. El cuello interior debe ser igual que el exterior, así mismo el material empleado para el rib debe ser igual que el de la tela principal, con dos logos estampados en la parte frontal que lleven el logo de la Alcaldía y el nombre del proyecto. Estos diseños serán aprobados por la oficina de prensa de la Alcaldía Local, diferentes tallas desde la 14 hasta XXL. Gorra deportiva, material poliéster transpirable con malla talla única estándar ajustable de 50 a 60 cm aproximadamente estampada según los requerimientos del evento y con aprobación del equipo de prensa. Caramañola plástica de polietileno PE, no tóxico y seguro Antideslizante y diseño a prueba de fugas de capacidad 700 ml estampada según los requerimientos del evento y con aprobación del equipo de prensa | F137: KIT | G137: 100 | H137: 1 a 30 | I137: 94524 | J137: 0.19 | K137: =ROUND(I137*(1+J137),0) -> 112484 | L137: 31 a 60 | M137: 88015 | N137: 0.19 | O137: =ROUND(M137*(1+N137),0) -> 104738
B138: 124 | C138: PARQUÉS EN MADERA | D138: Hecho con madera de pino ciprés, incluye 16 fichas de madera torneadas a mano de 4 colores diferentes y 4 dados. (compra) | F138: UNIDAD | G138: 50 | H138: 1 a 30 | I138: 52321 | J138: 0.19 | K138: =ROUND(I138*(1+J138),0) -> 62262 | L138: 31 a 60 | M138: 49510 | N138: 0.19 | O138: =ROUND(M138*(1+N138),0) -> 58917 | P138: =IF(K138<O138,"EL VALOR DEL RANGO 2 NO PUEDE SER SUPERIOR AL RANGO 1 ","")
B139: 125 | C139: CANCHA MINI-TEJO | D139: Compra de juego de mini tejo en parejas (dos unidades), canchas tipo maleta para mini tejo con plastilina, con base metálica de 50 cm de frente x 55 cm de fondo y 70 cm de alto incluyendo 6 tejos metálicos en acero, pisón y paquete de mechas. Con recubierta antioxidante. Debe incluir dos mini tejo para lanzar con dimensiones y medidas de 50 cm x 30 cm x 5 cm. | F139: PAR | G139: 10 | H139: 1 a 30 | I139: 802381 | J139: 0.19 | K139: =ROUND(I139*(1+J139),0) -> 954833 | L139: 31 a 60 | M139: 758155 | N139: 0.19 | O139: =ROUND(M139*(1+N139),0) -> 902204 | P139: =IF(K139<O139,"EL VALOR DEL RANGO 2 NO PUEDE SER SUPERIOR AL RANGO 1 ","")
B140: 126 | C140: JUEGO DE BOLIRANA | D140: Boli rana portátil de alta calidad Bocel protector Doble sapo y latas Túnel de impacto Tubos protectores Rampla Base plegable Variedad de diseños Tapizados de tráfico Forro interno lateral DIMENSIONES 99 cm Alto 39 cm Ancho 98 cm Largo Incluye: tablero manual, balines | F140: PAR | G140: 10 | H140: 1 a 30 | I140: 1619568 | J140: 0.19 | K140: =ROUND(I140*(1+J140),0) -> 1927286 | L140: 31 a 60 | M140: 1485698 | N140: 0.19 | O140: =ROUND(M140*(1+N140),0) -> 1767981 | P140: =IF(K140<O140,"EL VALOR DEL RANGO 2 NO PUEDE SER SUPERIOR AL RANGO 1 ","")
B141: 127 | C141: JUEGO DE RANA | D141: Compra de rana de alta calidad El tablero contiene 9 perforaciones distribuidas estratégicamente, cada una con un elemento de dificultad. Materiales: Madera maciza tratada o MDF de alta densidad para soportar el impacto constante, con un tablero generalmente inclinado. Medidas estándar: 80 cm a 110 cm de altura frontal y una base de 50 cm de ancho por 50 cm de profundidad. Peso: Oscila entre 15 kg y 25 kg para garantizar estabilidad durante el impacto de las argollas. Acabado: Superficie laqueada y protegida contra impactos. Materiales: estructura en madera, madera de pino, ranas cromadas, tapiz de lujo con protector de caucho de alta resistencia. Accesorios: Seis (6) argollas en bronce y tablero de puntos Colores: variados | F141: PAR | G141: 10 | H141: 1 a 30 | I141: 459596 | J141: 0.19 | K141: =ROUND(I141*(1+J141),0) -> 546919 | L141: 31 a 60 | M141: 414536 | N141: 0.19 | O141: =ROUND(M141*(1+N141),0) -> 493298 | P141: =IF(K141<O141,"EL VALOR DEL RANGO 2 NO PUEDE SER SUPERIOR AL RANGO 1 ","")
B142: 128 | C142: KIT DEPORTIVO ESCUELAS | D142: Kit deportivo escuelas de formación, conformado por: *20 Lazo en nylon diferentes longitudes entre 1.8 mts hasta 2.5 mts (longitud que se puede controlar para cada lazo), mango ergonómico en plástico y recubierto en colores aleatorios,: *3 escalera de coordinación de 5 metros, en reata y con separadores en PVC, colores aleatorios, *30 conos en PVC de 30 a 40 cm de alto, con agujeros *40 platillos de demarcación en PVC blando, colores aleatorios, *25 banda elástica set de 5 bandas (caja) *10 aros Ula Ula *1 Tula en lona plastisol o material impermeable similar, de dimensiones mínima de 1.2 mts de alto por 60 cm de diámetro aproximado, con boca reforzada y ojáleles para permitir cerrar con lazo. Capacidad de 20 balones mínimo. | F142: KIT | G142: 50 | H142: 1 a 30 | I142: 2109037 | J142: 0.19 | K142: =ROUND(I142*(1+J142),0) -> 2509754 | L142: 31 a 60 | M142: 1919583 | N142: 0.19 | O142: =ROUND(M142*(1+N142),0) -> 2284304 | P142: =IF(K142<O142,"EL VALOR DEL RANGO 2 NO PUEDE SER SUPERIOR AL RANGO 1 ","")
B143: 129 | C143: BALÓN DE CAUCHO PARA PILATES. | D143: Balón de PVC para Pilates, yoga, estiramiento, elaborado en Material: PVC (Policloruro de Vinilo) para diferentes usos, tales como Gimnasio, Pilates, Yoga, Estiramiento, Ejercicios, pelota Anti estallido con Diámetro: 55 cm, • Incluye inflador | F143: UNIDAD | G143: 100 | H143: 1 a 30 | I143: 37524 | J143: 0.19 | K143: =ROUND(I143*(1+J143),0) -> 44654 | L143: 31 a 60 | M143: 35911 | N143: 0.19 | O143: =ROUND(M143*(1+N143),0) -> 42734 | P143: =IF(K143<O143,"EL VALOR DEL RANGO 2 NO PUEDE SER SUPERIOR AL RANGO 1 ","")
B144: 130 | C144: JUEGO DE DOMINO | D144: Juego de Dominó de 28 Piezas en Caja, Juego de Mesa para Interiores, Cantidad de fichas: 28 piezas (Doble 6) o 55 piezas (Doble 9). Dimensiones de la caja: 5,3 cm de alto 6,5 cm de fondo y 18, 5 cm. de ancho. Dimensiones estándar de la ficha: 5.3 cm (largo) × 2.6 cm (ancho) × 1.0 cm (grosor). Materiales de fabricación: Polímeros de alta resistencia, acrílico, melanina o madera. Peso aproximado por set: Entre 600 g y 900 g (dependiendo del material y el estuche). Presentación y empaque: Cajas de madera, latas metálicas o estuches de cuero con broche. Capacidad de juego: Diseñado para 2 a 4 jugadores (partidas individuales o en parejas). | F144: UNIDAD | G144: 50 | H144: 1 a 30 | I144: 50837 | J144: 0.19 | K144: =ROUND(I144*(1+J144),0) -> 60496 | L144: 31 a 60 | M144: 45889 | N144: 0.19 | O144: =ROUND(M144*(1+N144),0) -> 54608 | P144: =IF(K144<O144,"EL VALOR DEL RANGO 2 NO PUEDE SER SUPERIOR AL RANGO 1 ","")
B145: 131 | C145: CUBO 40 CM X 40 CM | D145: Cantidad/Composición: Cubo de 40 cm x 40 cm en espuma Materiales: Espuma semi compacta de densidad 26, recubierta en lona de (6) seis colores con cremallera Especificaciones : Dimensión / Espesor / Capacidad: Dimensiones: Alto: 40 cm y Ancho 40 cm. Densidad de la espuma 26 Diseño: Cubos de 40 cm x 40 cm, en lona multicolor impermeable de fácil lavado y con cremallera cada lado del dado debe tener diferentes colores, relleno con espuma en forma cubica y densidad 26. | F145: UNIDAD | G145: #N/A | H145: 1 a 30 | I145: 230200 | J145: 0.19 | K145: =ROUND(I145*(1+J145),0) -> 273938 | L145: 31 a 60 | M145: 211153 | N145: 0.19 | O145: =ROUND(M145*(1+N145),0) -> 251272 | P145: =IF(K145<O145,"EL VALOR DEL RANGO 2 NO PUEDE SER SUPERIOR AL RANGO 1 ","")
B146: 132 | C146: KIT EQUIPO PSICOMOTOR | D146: Kit de equipo psico motor, conformado por: Cantidad / Composición: Equipo Psicomotor Materiales: PVC Especificaciones: Dimensión / Espesor / Capacidad: Elementos que deben estar incluidos como mínimo dentro del equipo psicomotor: 3 Tablas de equilibrio, 9 Bastones plásticos de 100 cm y 9 Bastones plásticos de 70 cm. 3 Pares de huellas de mano, 3 Pares de huellas de pies, 4 Flechas rectas plásticas, 4 Flechas curvas plásticas, 4 Aros ula ula 70cm, 4 Aros ula ula 50cm, 4 Aros poligonales de 70 cm, 4 Aros poligonales de 50 cm, 2 Barras plásticas para saltar, 4 Conos multi funcionales, 4 Conectores bastón a bastón, 18 Conectores hula a bastón y 5 Conectores hula a hula, 8 Ladrillos cuadrados, 1 balón PVC de 20 cms de diámetro. Las dimensiones pueden variar de acuerdo a la construcción elegida por el docente. El empaque debe ser una maleta y/o tula en material de lona con refuerzo en sus agarres. Diseño: Piezas con guía pedagógica y maleta y/o tula resistente para guardar todas las piezas | F146: KIT | G146: #N/A | H146: 1 a 30 | I146: 2508680 | J146: 0.19 | K146: =ROUND(I146*(1+J146),0) -> 2985329 | L146: 31 a 60 | M146: 2312067 | N146: 0.19 | O146: =ROUND(M146*(1+N146),0) -> 2751360 | P146: =IF(K146<O146,"EL VALOR DEL RANGO 2 NO PUEDE SER SUPERIOR AL RANGO 1 ","")
B147: 133 | C147: PELOTA DE LETRAS DE CAUCHO NO. 5 | D147: Cantidad/Composición: Pelotas de Letras Caucho N° 5 Materiales: Caucho y Látex en colores variados Especificaciones: Dimensión / Espesor / Capacidad: Diámetro de 12 cm Diseño: Pelota de letras en material de caucho y/o látex con diámetro de 12 cm en colores variados | F147: UNIDAD | G147: 100 | H147: 1 a 30 | I147: 29447 | J147: 0.19 | K147: =ROUND(I147*(1+J147),0) -> 35042 | L147: 31 a 60 | M147: 27990 | N147: 0.19 | O147: =ROUND(M147*(1+N147),0) -> 33308 | P147: =IF(K147<O147,"EL VALOR DEL RANGO 2 NO PUEDE SER SUPERIOR AL RANGO 1 ","")
B148: 134 | C148: ARO ULA ULA REDONDO | D148: Ula ula mg material ABS (Acrilonitrilo Butadieno Estireno), diseño tipo plano con una curvatura pronunciada, sin uniones, brindando durabilidad, Disponible en Rojo, Azul, Amarillo, Naranja y Verde, de 60cm de diámetro interno (+/-3cm) Aprox. Medidas aproximadas: ancho 2cm, grosor 5mm. Peso 123 gramos. Aproximadamente, de marca importada y reconocida en el mercado. | F148: UNIDAD | G148: 200 | H148: 1 a 30 | I148: 25815 | J148: 0.19 | K148: =ROUND(I148*(1+J148),0) -> 30720 | L148: 31 a 60 | M148: 24163 | N148: 0.19 | O148: =ROUND(M148*(1+N148),0) -> 28754 | P148: =IF(K148<O148,"EL VALOR DEL RANGO 2 NO PUEDE SER SUPERIOR AL RANGO 1 ","")
B149: 135 | C149: AROS ULA ULA HEXAGONALES | D149: Con su diseño hexagonal. Color: Naranja. Material: PVC de alta resistencia. Incluye: 6 anillos hexagonales y clips para ajuste. Medidas de cada anillo: Largo; 55 cm Ancho; 50 cm | F149: UNIDAD | G149: 200 | H149: 1 a 30 | I149: 35915 | J149: 0.19 | K149: =ROUND(I149*(1+J149),0) -> 42739 | L149: 31 a 60 | M149: 32818 | N149: 0.19 | O149: =ROUND(M149*(1+N149),0) -> 39053 | P149: =IF(K149<O149,"EL VALOR DEL RANGO 2 NO PUEDE SER SUPERIOR AL RANGO 1 ","")
B150: 136 | C150: BASE INESTABLE O BOSU | D150: Incluye: Dos elásticos tubulares con agarres, inflador, bases antideslizantes Material: PVS, ABS, TPT. Trabajo de propiocepción muscular. Pilates piso. Tonificador muscular. Activación de músculos estabilizadores Uso: Profesional Color: Negro Medidas: Diámetro: 60cm Altura: 21cm | F150: UNIDAD | G150: 100 | H150: 1 a 30 | I150: 328198 | J150: 0.19 | K150: =ROUND(I150*(1+J150),0) -> 390556 | L150: 31 a 60 | M150: 288240 | N150: 0.19 | O150: =ROUND(M150*(1+N150),0) -> 343006 | P150: =IF(K150<O150,"EL VALOR DEL RANGO 2 NO PUEDE SER SUPERIOR AL RANGO 1 ","")
B151: 137 | C151: MANCUERNAS 1 LIBRA | D151: Fabricadas con hierro y neopreno inyectado Material :Hierro y neopreno inyectado. Medidas: Profundidad: 3.5 cm. Ancho: 12 cm. Alto: 3.5 cm. Juego por dos unidades. | F151: PAR | G151: 20 | H151: 1 a 30 | I151: 25407 | J151: 0.19 | K151: =ROUND(I151*(1+J151),0) -> 30234 | L151: 31 a 60 | M151: 23825 | N151: 0.19 | O151: =ROUND(M151*(1+N151),0) -> 28352 | P151: =IF(K151<O151,"EL VALOR DEL RANGO 2 NO PUEDE SER SUPERIOR AL RANGO 1 ","")
B152: 138 | C152: MANCUERNAS 2 LIBRAS | D152: Fabricadas con hierro y neopreno inyectado Material :Hierro y neopreno inyectado. Medidas: Profundidad: 3.5 cm. Ancho: 12 cm. Alto: 3.5 cm. Juego por dos unidades. | F152: PAR | G152: 20 | H152: 1 a 30 | I152: 27959 | J152: 0.19 | K152: =ROUND(I152*(1+J152),0) -> 33271 | L152: 31 a 60 | M152: 26829 | N152: 0.19 | O152: =ROUND(M152*(1+N152),0) -> 31927 | P152: =IF(K152<O152,"EL VALOR DEL RANGO 2 NO PUEDE SER SUPERIOR AL RANGO 1 ","")
B153: 139 | C153: MANCUERNAS 3 LIBRAS | D153: Fabricadas con hierro y neopreno inyectado Material :Hierro y neopreno inyectado. Medidas: Profundidad: 3.5 cm. Ancho: 12 cm. Alto: 3.5 cm. Juego por dos unidades. | F153: PAR | G153: 20 | H153: 1 a 30 | I153: 31957 | J153: 0.19 | K153: =ROUND(I153*(1+J153),0) -> 38029 | L153: 31 a 60 | M153: 30466 | N153: 0.19 | O153: =ROUND(M153*(1+N153),0) -> 36255 | P153: =IF(K153<O153,"EL VALOR DEL RANGO 2 NO PUEDE SER SUPERIOR AL RANGO 1 ","")
B154: 140 | C154: MANCUERNAS 4 LIBRAS | D154: Fabricadas con hierro y neopreno inyectado Material :Hierro y neopreno inyectado. Medidas: Profundidad: 3.5 cm. Ancho: 12 cm. Alto: 3.5 cm. Juego por dos unidades. | F154: PAR | G154: 20 | H154: 1 a 30 | I154: 35400 | J154: 0.19 | K154: =ROUND(I154*(1+J154),0) -> 42126 | L154: 31 a 60 | M154: 33759 | N154: 0.19 | O154: =ROUND(M154*(1+N154),0) -> 40173 | P154: =IF(K154<O154,"EL VALOR DEL RANGO 2 NO PUEDE SER SUPERIOR AL RANGO 1 ","")
B155: 141 | C155: MANCUERNAS 5 LIBRAS | D155: Fabricadas con hierro y neopreno inyectado Material :Hierro y neopreno inyectado. Medidas: Profundidad: 3.5 cm. Ancho: 12 cm. Alto: 3.5 cm. Juego por dos unidades. | F155: PAR | G155: 20 | H155: 1 a 30 | I155: 40758 | J155: 0.19 | K155: =ROUND(I155*(1+J155),0) -> 48502 | L155: 31 a 60 | M155: 38736 | N155: 0.19 | O155: =ROUND(M155*(1+N155),0) -> 46096 | P155: =IF(K155<O155,"EL VALOR DEL RANGO 2 NO PUEDE SER SUPERIOR AL RANGO 1 ","")
B156: 142 | C156: MANCUERNAS 6 LIBRAS | D156: Fabricadas con hierro y neopreno inyectado Material :Hierro y neopreno inyectado. Medidas: Profundidad: 3.5 cm. Ancho: 12 cm. Alto: 3.5 cm. Juego por dos unidades. | F156: PAR | G156: 20 | H156: 1 a 30 | I156: 42970 | J156: 0.19 | K156: =ROUND(I156*(1+J156),0) -> 51134 | L156: 31 a 60 | M156: 41115 | N156: 0.19 | O156: =ROUND(M156*(1+N156),0) -> 48927 | P156: =IF(K156<O156,"EL VALOR DEL RANGO 2 NO PUEDE SER SUPERIOR AL RANGO 1 ","")
B157: 143 | C157: MANCUERNAS 8 LIBRAS | D157: Fabricadas con hierro y neopreno inyectado Material :Hierro y neopreno inyectado. Medidas: Profundidad: 3.5 cm. Ancho: 12 cm. Alto: 3.5 cm. Juego por dos unidades. | F157: PAR | G157: 20 | H157: 1 a 30 | I157: 49838 | J157: 0.19 | K157: =ROUND(I157*(1+J157),0) -> 59307 | L157: 31 a 60 | M157: 46266 | N157: 0.19 | O157: =ROUND(M157*(1+N157),0) -> 55057 | P157: =IF(K157<O157,"EL VALOR DEL RANGO 2 NO PUEDE SER SUPERIOR AL RANGO 1 ","")
B158: 144 | C158: MANCUERNAS 10 LIBRAS | D158: Fabricadas con hierro y neopreno inyectado Material :Hierro y neopreno inyectado. Medidas: Profundidad: 3.5 cm. Ancho: 12 cm. Alto: 3.5 cm. Juego por dos unidades. | F158: PAR | G158: 20 | H158: 1 a 30 | I158: 55005 | J158: 0.19 | K158: =ROUND(I158*(1+J158),0) -> 65456 | L158: 31 a 60 | M158: 50584 | N158: 0.19 | O158: =ROUND(M158*(1+N158),0) -> 60195 | P158: =IF(K158<O158,"EL VALOR DEL RANGO 2 NO PUEDE SER SUPERIOR AL RANGO 1 ","")
... B191: 177 | C191: TERMO PARA BEBIDAS | D191: Termo plástico para bebidas con logos distintivos de la Alcaldia Local de Kennedy ALK de acuerdo a manual de imagen institucional. Materiales de fabricación: Polímeros como Polietileno (PE) y Polipropileno (PP), libres de BPA y aptos para contacto con alimentos. Capacidades estándar: De 1000 ml, Retención térmica: Capacidad para mantener bebidas frias hasta por 8 horas. (según modelo). Características del diseño: Con tapa roscadas herméticas, válvula dosificadora, agarraderas ergonómicas reforzadas y tecnología de protección UV en exteriores. Elaborado con materiales reciclables, resistentes a impactos, que no conserven olores y fácil de limpiar. | F191: UNIDAD | G191: 200 | H191: 1 a 30 | I191: 91416 | J191: 0.19 | K191: =ROUND(I191*(1+J191),0) -> 108785 | L191: 31 a 60 | M191: 84267 | N191: 0.19 | O191: =ROUND(M191*(1+N191),0) -> 100278 | P191: =IF(K191<O191,"EL VALOR DEL RANGO 2 NO PUEDE SER SUPERIOR AL RANGO 1 ","")
B192: 178 | C192: OLLAS DE BARRO | D192: OLLAS DE BARRO Adquisición de ollas de barro elaboradas en arcilla cocida de alta resistencia, aptas para la preparación y cocción de alimentos. Las ollas deberán contar con acabado uniforme, estar libres de fisuras, grietas o imperfecciones que afecten su funcionalidad, y presentar resistencia al calor para su uso en estufas de gas, leña o superficies compatibles. | F192: UNIDAD | G192: #N/A | H192: 1 a 30 | I192: 151401 | J192: 0.19 | K192: =ROUND(I192*(1+J192),0) -> 180167 | L192: 31 a 60 | M192: 136267 | N192: 0.19 | O192: =ROUND(M192*(1+N192),0) -> 162158 | P192: =IF(K192<O192,"EL VALOR DEL RANGO 2 NO PUEDE SER SUPERIOR AL RANGO 1 ","")
B193: 179 | C193: KIT DE DARDOS DE CARBATANA | D193: Kit de dardos con cerbatana adquisición de juego de cerbatana con dardos, elaborado en materiales livianos y resistentes, diseñado para actividades recreativas y de destreza. El kit deberá incluir una (1) cerbatana y un mínimo de seis (6) dardos reutilizables con puntas de material seguro (espuma, goma o ventosa), aptos para el uso por población infantil, juvenil y adulta en actividades lúdicas dirigidas. | F193: KIT | G193: 50 | H193: 1 a 30 | I193: 135610 | J193: 0.19 | K193: =ROUND(I193*(1+J193),0) -> 161376 | L193: 31 a 60 | M193: 126406 | N193: 0.19 | O193: =ROUND(M193*(1+N193),0) -> 150423 | P193: =IF(K193<O193,"EL VALOR DEL RANGO 2 NO PUEDE SER SUPERIOR AL RANGO 1 ","")
B194: 180 | C194: BOLAS DE PIQUIS O MARAS | D194: PIQUIS O MARAS Adquisición de piquis o maras (canicas) elaboradas en vidrio macizo de alta resistencia, con superficie lisa, bordes redondeados y acabado uniforme. Las canicas deberán presentar colores y diseños variados, libres de fisuras, grietas o imperfecciones que afecten su uso. Juego por 24 unidades. | F194: JUEGO | G194: 50 | H194: 1 a 30 | I194: 28305 | J194: 0.19 | K194: =ROUND(I194*(1+J194),0) -> 33683 | L194: 31 a 60 | M194: 27090 | N194: 0.19 | O194: =ROUND(M194*(1+N194),0) -> 32237 | P194: =IF(K194<O194,"EL VALOR DEL RANGO 2 NO PUEDE SER SUPERIOR AL RANGO 1 ","")
B195: 181 | C195: DIPLOMA DE PARTICIPACIÓN | D195: Material: Papel o Cartulina Opalina. - gramaje, varía entre los 125 y 250 g/m2, una resistencia y rigidez óptima. Tamaño carta | F195: UNIDAD | G195: 1000 | H195: 1 a 30 | I195: 10603 | J195: 0.19 | K195: =ROUND(I195*(1+J195),0) -> 12618 | L195: 31 a 60 | M195: 10257 | N195: 0.19 | O195: =ROUND(M195*(1+N195),0) -> 12206 | P195: =IF(K195<O195,"EL VALOR DEL RANGO 2 NO PUEDE SER SUPERIOR AL RANGO 1 ","")
B196: 182 | C196: KIT DE SOUVENIR LGBTIQ+ | D196: Kit de Souvenir compuesto con pañoleta institucional, tula deportiva, toalla y botilito, los cuales deberán ser entregados en óptimas condiciones y contar con la imagen institucional y coleres y diseño establecido por la comunidad LGBTIQ+. | F196: KIT | G196: 50 | H196: 1 a 30 | I196: 82475 | J196: 0.19 | K196: =ROUND(I196*(1+J196),0) -> 98145 | L196: 31 a 60 | M196: 77513 | N196: 0.19 | O196: =ROUND(M196*(1+N196),0) -> 92240 | P196: =IF(K196<O196,"EL VALOR DEL RANGO 2 NO PUEDE SER SUPERIOR AL RANGO 1 ","")
B197: 183 | C197: KIT PARA DEPORTISTAS MULTIDEPORTIVO | D197: Kit para deportistas multideportivo, conformado por: Tula en poliéster, ligera y resistente. Material: Poliéster. Medidas: Alto: 41 cms Ancho: 31 cms Área de marca: 120, mm. con bolsillo externo de 31 cm de ancho por 20 cm de alto, con cremallera correas ajustables, con logos institucionales Técnica de marca: Screen o serigrafía. DTF mediano, full color máximo 22 x 14 cm. Botilito en PVC, tapa rosca con pestaña. Diseño ergonómico, Material: PVC. Medidas: 24.5, cm x 6.5 cm diámetro, Área de marca: 4 cm con logo institucional Técnica de marca: Tampografía, con logo institucional, incluye toalla deportiva (30 x 70 cm aprox.) | F197: KIT | G197: 50 | H197: 1 a 30 | I197: 97945 | J197: 0.19 | K197: =ROUND(I197*(1+J197),0) -> 116555 | L197: 31 a 60 | M197: 88223 | N197: 0.19 | O197: =ROUND(M197*(1+N197),0) -> 104985 | P197: =IF(K197<O197,"EL VALOR DEL RANGO 2 NO PUEDE SER SUPERIOR AL RANGO 1 ","")
B198: 184 | C198: CANCHA DE FÚTBOL | D198: Dimensiones interiores = 180 x 120 x 90 cm. Diámetro tubos: 38 mm. Peso producto = 6,7 kg. Tubos de acero: 1,0038 Red:100 % poliéster. Soporte de red: acero 1,0038. 3 fijaciones (estacas) para fijar la portería en la gramilla y limitar el desplazamiento de la portería debido a los golpes repetidos. | F198: UNIDAD | G198: 20 | H198: 1 a 30 | I198: 481137 | J198: 0.19 | K198: =ROUND(I198*(1+J198),0) -> 572553 | L198: 31 a 60 | M198: 459263 | N198: 0.19 | O198: =ROUND(M198*(1+N198),0) -> 546523 | P198: =IF(K198<O198,"EL VALOR DEL RANGO 2 NO PUEDE SER SUPERIOR AL RANGO 1 ","")
